Workbook

Sheet Общее 
AA1: Приложение 2
A2: Исполнение плановых назначений по доходам местных бюджетов проверенных муниципальных районов за 2021 год
A3: тыс. рублей
A4: Наименование показателя | D4: Кавалеровский МР | I4: Дальнереченский МР | N4: Красноармейский МР | S4: Спасский МР | X4: Черниговский МР
D5: Утвержденный бюджет 2021 года | E5: Исполнено за 2021 год | J5: Исполнено за 2021 год | N5: Утвержденный бюджет 2021 года | O5: Исполнено за 2021 год | S5: Утвержденный бюджет 2021 года | T5: Исполнено за 2021 год | X5: Утвержденный бюджет 2021 года | Y5: Исполнено за 2021 год
C6: Код дохода | E6: Сумма | F6: % | G6: Отклонение от плана | H6: Уд. вес в группе доходов | I6: Утвержденный бюджет 2021 года | J6: Сумма | K6: % | L6: Отклонение от плана | M6: Уд. вес в группе доходов | O6: Сумма | P6: % | Q6: Отклонение от плана | R6: Уд. вес в группе доходов | T6: Сумма | U6: % | V6: Отклонение от плана | W6: Уд. вес в группе доходов | Y6: Сумма | Z6: % | AA6: Отклонение от плана | AB6: Уд. вес в группе доходов
A7: НАЛОГОВЫЕ И НЕНАЛОГОВЫЕ ДОХОДЫ | C7: 000 1 00 00000 00 0000 000 | D7: 276306 | E7: 280957.84 | F7: =E7/D7*100 -> 101.68358 | G7: =E7-D7 -> 4651.8443 | H7: =E7/$E$7*100 -> 100 | I7: =VLOOKUP(A7,Дальнереч!$B$5:$E$71,3,0) -> 123206.71 | J7: =VLOOKUP(A7,Дальнереч!$B$5:$E$71,4,0) -> 137803.94 | K7: =J7/I7*100 -> 111.84776 | L7: =J7-I7 -> 14597.232 | M7: =J7/$J$7*100 -> 100 | N7: =VLOOKUP(C7,Красноармейский!A5:F79,4,0) -> 111377 | O7: =VLOOKUP(C7,Красноармейский!$A$5:$E$79,5,0) -> 118138.74 | P7: =O7/N7*100 -> 106.07104 | Q7: =O7-N7 -> 6761.7372 | R7: =O7/$O$7*100 -> 100 | S7: =VLOOKUP(C7,Спасский!$J$9:$M$160,2,0) -> 236198.05 | T7: =VLOOKUP(C7,Спасский!$J$9:$L$160,3,0) -> 265569.62 | U7: =T7/S7*100 -> 112.43514 | V7: =T7-S7 -> 29371.568 | W7: =T7/$T$7*100 -> 100 | X7: =VLOOKUP(C7,Черниговский!$C$7:$F$97,2,0) -> 402812.56 | Y7: =VLOOKUP(C7,Черниговский!$C$7:$F$97,3,0) -> 405399.13 | Z7: =Y7/X7*100 -> 100.64213 | AA7: =Y7-X7 -> 2586.57 | AB7: =Y7/$Y$7*100 -> 100
A8: НАЛОГИ НА ПРИБЫЛЬ, ДОХОДЫ | C8: 000 1 01 00000 00 0000 000 | D8: 248494 | E8: 250619.78 | F8: =E8/D8*100 -> 100.85547 | G8: =E8-D8 -> 2125.7826 | H8: =E8/$E$7*100 -> 89.201917 | I8: =VLOOKUP(A8,Дальнереч!$B$5:$E$71,3,0) -> 99862 | J8: =VLOOKUP(A8,Дальнереч!$B$5:$E$71,4,0) -> 112544.42 | K8: =J8/I8*100 -> 112.69995 | L8: =J8-I8 -> 12682.421 | M8: =J8/$J$7*100 -> 81.669957 | N8: =VLOOKUP(C8,Красноармейский!A6:F80,4,0) -> 29685 | O8: =VLOOKUP(C8,Красноармейский!$A$5:$E$79,5,0) -> 31042.142 | P8: =O8/N8*100 -> 104.57181 | Q8: =O8-N8 -> 1357.1423 | R8: =O8/$O$7*100 -> 26.276007 | S8: =VLOOKUP(C8,Спасский!$J$9:$M$160,2,0) -> 175960.31 | T8: =VLOOKUP(C8,Спасский!$J$9:$L$160,3,0) -> 200499.97 | U8: =T8/S8*100 -> 113.94614 | V8: =T8-S8 -> 24539.664 | W8: =T8/$T$7*100 -> 75.498084 | X8: =VLOOKUP(C8,Черниговский!$C$7:$F$97,2,0) -> 355686 | Y8: =VLOOKUP(C8,Черниговский!$C$7:$F$97,3,0) -> 354250.45 | Z8: =Y8/X8*100 -> 99.5964 | AA8: =Y8-X8 -> -1435.55 | AB8: =Y8/$Y$7*100 -> 87.38313
A9: Налог на доходы физических лиц | C9: 000 1 01 02000 01 0000 110 | D9: 248494 | E9: 250619.78 | F9: =E9/D9*100 -> 100.85547 | G9: =E9-D9 -> 2125.7826 | H9: =E9/$E$7*100 -> 89.201917 | I9: =VLOOKUP(A9,Дальнереч!$B$5:$E$71,3,0) -> 99862 | J9: =VLOOKUP(A9,Дальнереч!$B$5:$E$71,4,0) -> 112544.42 | K9: =J9/I9*100 -> 112.69995 | L9: =J9-I9 -> 12682.421 | M9: =J9/$J$7*100 -> 81.669957 | N9: =VLOOKUP(C9,Красноармейский!A7:F81,4,0) -> 29685 | O9: =VLOOKUP(C9,Красноармейский!$A$5:$E$79,5,0) -> 31042.142 | P9: =O9/N9*100 -> 104.57181 | Q9: =O9-N9 -> 1357.1423 | R9: =O9/$O$7*100 -> 26.276007 | S9: =VLOOKUP(C9,Спасский!$J$9:$M$160,2,0) -> 175960.31 | T9: =VLOOKUP(C9,Спасский!$J$9:$L$160,3,0) -> 200499.97 | U9: =T9/S9*100 -> 113.94614 | V9: =T9-S9 -> 24539.664 | W9: =T9/$T$7*100 -> 75.498084 | X9: =VLOOKUP(C9,Черниговский!$C$7:$F$97,2,0) -> 355686 | Y9: =VLOOKUP(C9,Черниговский!$C$7:$F$97,3,0) -> 354250.45 | Z9: =Y9/X9*100 -> 99.5964 | AA9: =Y9-X9 -> -1435.55 | AB9: =Y9/$Y$7*100 -> 87.38313
A10: НАЛОГИ НА ТОВАРЫ (РАБОТЫ, УСЛУГИ), РЕАЛИЗУЕМЫЕ НА ТЕРРИТОРИИ РОССИЙСКОЙ ФЕДЕРАЦИИ | C10: 000 1 03 00000 00 0000 000 | D10: 2000 | E10: 2826.6311 | F10: =E10/D10*100 -> 141.33155 | G10: =E10-D10 -> 826.63107 | H10: =E10/$E$7*100 -> 1.0060695 | I10: =I11 -> 10891.51 | J10: =J11 -> 11100.889 | K10: =J10/I10*100 -> 101.9224 | L10: =J10-I10 -> 209.37868 | M10: =J10/$J$7*100 -> 8.0555669 | N10: =VLOOKUP(C10,Красноармейский!A8:F82,4,0) -> 46509 | O10: =VLOOKUP(C10,Красноармейский!$A$5:$E$79,5,0) -> 48893.153 | P10: =O10/N10*100 -> 105.12622 | Q10: =O10-N10 -> 2384.1527 | R10: =O10/$O$7*100 -> 41.386216 | S10: =VLOOKUP(C10,Спасский!$J$9:$M$160,2,0) -> 22000 | T10: =VLOOKUP(C10,Спасский!$J$9:$L$160,3,0) -> 24730.615 | U10: =T10/S10*100 -> 112.41189 | V10: =T10-S10 -> 2730.6149 | W10: =T10/$T$7*100 -> 9.3122907 | X10: =VLOOKUP(C10,Черниговский!$C$7:$F$97,2,0) -> 13122 | Y10: =VLOOKUP(C10,Черниговский!$C$7:$F$97,3,0) -> 14446.08 | Z10: =Y10/X10*100 -> 110.09053 | AA10: =Y10-X10 -> 1324.08 | AB10: =Y10/$Y$7*100 -> 3.5634216
A11: Акцизы по подакцизным товарам (продукции), производимым на территории Российской Федерации | C11: 000 1 03 02000 01 0000 110 | D11: 2000 | E11: 2826.6311 | F11: =E11/D11*100 -> 141.33155 | G11: =E11-D11 -> 826.63107 | H11: =E11/$E$7*100 -> 1.0060695 | I11: =VLOOKUP(A11,Дальнереч!$B$5:$E$71,3,0) -> 10891.51 | J11: =VLOOKUP(A11,Дальнереч!$B$5:$E$71,4,0) -> 11100.889 | K11: =J11/I11*100 -> 101.9224 | L11: =J11-I11 -> 209.37868 | M11: =J11/$J$7*100 -> 8.0555669 | N11: =VLOOKUP(C11,Красноармейский!A9:F83,4,0) -> 46509 | O11: =VLOOKUP(C11,Красноармейский!$A$5:$E$79,5,0) -> 48893.153 | P11: =O11/N11*100 -> 105.12622 | Q11: =O11-N11 -> 2384.1527 | R11: =O11/$O$7*100 -> 41.386216 | S11: =VLOOKUP(C11,Спасский!$J$9:$M$160,2,0) -> 22000 | T11: =VLOOKUP(C11,Спасский!$J$9:$L$160,3,0) -> 24730.615 | U11: =T11/S11*100 -> 112.41189 | V11: =T11-S11 -> 2730.6149 | W11: =T11/$T$7*100 -> 9.3122907 | X11: =VLOOKUP(C11,Черниговский!$C$7:$F$97,2,0) -> 13122 | Y11: =VLOOKUP(C11,Черниговский!$C$7:$F$97,3,0) -> 14446.08 | Z11: =Y11/X11*100 -> 110.09053 | AA11: =Y11-X11 -> 1324.08 | AB11: =Y11/$Y$7*100 -> 3.5634216
A12: НАЛОГИ НА СОВОКУПНЫЙ ДОХОД | C12: 000 1 05 00000 00 0000 000 | D12: 9984 | E12: 11626.487 | F12: =E12/D12*100 -> 116.4512 | G12: =E12-D12 -> 1642.4874 | H12: =E12/$E$7*100 -> 4.1381608 | I12: =VLOOKUP(A12,Дальнереч!$B$5:$E$71,3,0) -> 2393.3263 | J12: =VLOOKUP(A12,Дальнереч!$B$5:$E$71,4,0) -> 2792.3728 | K12: =J12/I12*100 -> 116.6733 | L12: =J12-I12 -> 399.04653 | M12: =J12/$J$7*100 -> 2.0263374 | N12: =VLOOKUP(C12,Красноармейский!A10:F84,4,0) -> 5396 | O12: =VLOOKUP(C12,Красноармейский!$A$5:$E$79,5,0) -> 6335.8474 | P12: =O12/N12*100 -> 117.41748 | Q12: =O12-N12 -> 939.84742 | R12: =O12/$O$7*100 -> 5.3630567 | S12: =VLOOKUP(C12,Спасский!$J$9:$M$160,2,0) -> 7550 | T12: =VLOOKUP(C12,Спасский!$J$9:$L$160,3,0) -> 8330.3695 | U12: =T12/S12*100 -> 110.33602 | V12: =T12-S12 -> 780.36945 | W12: =T12/$T$7*100 -> 3.1367931 | X12: =VLOOKUP(C12,Черниговский!$C$7:$F$97,2,0) -> 14626.7 | Y12: =VLOOKUP(C12,Черниговский!$C$7:$F$97,3,0) -> 15905.48 | Z12: =Y12/X12*100 -> 108.74278 | AA12: =Y12-X12 -> 1278.78 | AB12: =Y12/$Y$7*100 -> 3.9234125
A13: Налог, взимаемый в связи с применением упрощенной системы налогообложения | C13: 000 1 05 01000 00 0000 000 | D13: 1480 | E13: 1469.9512 | F13: =E13/D13*100 -> 99.321026 | G13: =E13-D13 -> -10.04882 | H13: =E13/$E$7*100 -> 0.52319279 | I13: =VLOOKUP(A13,Дальнереч!$B$5:$E$71,3,0) -> 168 | J13: =VLOOKUP(A13,Дальнереч!$B$5:$E$71,4,0) -> 209.19958 | K13: =J13/I13*100 -> 124.52356 | L13: =J13-I13 -> 41.19958 | M13: =J13/$J$7*100 -> 0.15180958 | N13: 680 | O13: 703 | P13: =O13/N13*100 -> 103.38235 | Q13: =O13-N13 -> 23 | R13: =O13/$O$7*100 -> 0.59506307 | S13: 450 | T13: 462.1 | U13: =T13/S13*100 -> 102.68889 | V13: =T13-S13 -> 12.1 | W13: =T13/$T$7*100 -> 0.17400334 | X13: 870 | Y13: 910.58 | Z13: =Y13/X13*100 -> 104.66437 | AA13: =Y13-X13 -> 40.58 | AB13: =Y13/$Y$7*100 -> 0.22461321
A14: Единый налог на вмененный доход для отдельных видов деятельности | C14: 000 1 05 02000 00 0000 110 | D14: 3256 | E14: 3220.843 | F14: =E14/D14*100 -> 98.92024 | G14: =E14-D14 -> -35.15699 | H14: =E14/$E$7*100 -> 1.1463795 | I14: =VLOOKUP(A14,Дальнереч!$B$5:$E$71,3,0) -> 458.82609 | J14: =VLOOKUP(A14,Дальнереч!$B$5:$E$71,4,0) -> 461.61866 | K14: =J14/I14*100 -> 100.60863 | L14: =J14-I14 -> 2.79257 | M14: =J14/$J$7*100 -> 0.33498219 | N14: 1718 | O14: 1783.6 | P14: =O14/N14*100 -> 103.81839 | Q14: =O14-N14 -> 65.6 | R14: =O14/$O$7*100 -> 1.5097504 | S14: 1350 | T14: 1337.07 | U14: =T14/S14*100 -> 99.042222 | V14: =T14-S14 -> -12.93 | W14: =T14/$T$7*100 -> 0.5034725 | X14: 3900 | Y14: 3836.92 | Z14: =Y14/X14*100 -> 98.382564 | AA14: =Y14-X14 -> -63.08 | AB14: =Y14/$Y$7*100 -> 0.94645492
A15: Единый сельскохозяйственный налог | C15: 000 1 05 03000 01 0000 110 | D15: 8 | E15: 6.75242 | F15: =E15/D15*100 -> 84.40525 | G15: =E15-D15 -> -1.24758 | H15: =E15/$E$7*100 -> 0.002403357 | I15: =VLOOKUP(A15,Дальнереч!$B$5:$E$71,3,0) -> 890.30021 | J15: =VLOOKUP(A15,Дальнереч!$B$5:$E$71,4,0) -> 890.34695 | K15: =J15/I15*100 -> 100.00525 | L15: =J15-I15 -> 0.04674 | M15: =J15/$J$7*100 -> 0.64609687 | N15: =VLOOKUP(C15,Красноармейский!A13:F87,4,0) -> 118 | O15: =VLOOKUP(C15,Красноармейский!$A$5:$E$79,5,0) -> 118.3194 | P15: =O15/N15*100 -> 100.27068 | Q15: =O15-N15 -> 0.3194 | R15: =O15/$O$7*100 -> 0.10015292 | S15: =VLOOKUP(C15,Спасский!$J$9:$M$160,2,0) -> 1150 | T15: =VLOOKUP(C15,Спасский!$J$9:$L$160,3,0) -> 1167.8358 | U15: =T15/S15*100 -> 101.55094 | V15: =T15-S15 -> 17.83583 | W15: =T15/$T$7*100 -> 0.43974753 | X15: =VLOOKUP(C15,Черниговский!$C$7:$F$97,2,0) -> 1400 | Y15: =VLOOKUP(C15,Черниговский!$C$7:$F$97,3,0) -> 1449.91 | Z15: =Y15/X15*100 -> 103.565 | AA15: =Y15-X15 -> 49.91 | AB15: =Y15/$Y$7*100 -> 0.35765
A16: Налог, взимаемый в связи с применением патентной системы налогообложения | C16: 000 1 05 04000 02 0000 110 | D16: 5240 | E16: 6928.9408 | F16: =E16/D16*100 -> 132.23169 | G16: =E16-D16 -> 1688.9408 | H16: =E16/$E$7*100 -> 2.4661852 | I16: 876.2 | J16: =VLOOKUP(A16,Дальнереч!$B$5:$E$71,4,0) -> 1231.2076 | K16: =J16/I16*100 -> 140.51674 | L16: =J16-I16 -> 355.00764 | M16: =J16/$J$7*100 -> 0.89344878 | N16: 2880 | O16: 3730.92 | P16: =O16/N16*100 -> 129.54583 | Q16: =O16-N16 -> 850.92 | R16: =O16/$O$7*100 -> 3.1580835 | S16: =VLOOKUP(C16,Спасский!$J$9:$M$160,2,0) -> 4600 | T16: =VLOOKUP(C16,Спасский!$J$9:$L$160,3,0) -> 5363.3698 | U16: =T16/S16*100 -> 116.595 | V16: =T16-S16 -> 763.36981 | W16: =T16/$T$7*100 -> 2.0195721 | X16: =VLOOKUP(C16,Черниговский!$C$7:$F$97,2,0) -> 8456.7 | Y16: =VLOOKUP(C16,Черниговский!$C$7:$F$97,3,0) -> 9708.07 | Z16: =Y16/X16*100 -> 114.79738 | AA16: =Y16-X16 -> 1251.37 | AB16: =Y16/$Y$7*100 -> 2.3946943
A17: НАЛОГИ НА ИМУЩЕСТВО | C17: 000 1 06 00000 00 0000 000 | I17: 5 | J17: -18.68 | K17: =J17/I17*100 -> -373.6 | L17: =J17-I17 -> -23.68 | M17: =J17/$J$7*100 -> -0.01355549 | Y17: =VLOOKUP(C17,Черниговский!$C$7:$F$97,3,0) -> -3.9 | AA17: =Y17-X17 -> -3.9 | AB17: =Y17/$Y$7*100 -> -0.00096201489
A18: Налог на имущество физических лиц | C18: 000 1 06 01000 00 0000 110 | I18: =I19 -> 0 | J18: =J19 -> -16.14546 | L18: =J18-I18 -> -16.14546 | M18: =J18/$J$7*100 -> -0.011716254 | Y18: =VLOOKUP(C18,Черниговский!$C$7:$F$97,3,0) -> -0.33 | AA18: =Y18-X18 -> -0.33 | AB18: =Y18/$Y$7*100 -> -8.140126e-05
A19: Налог на имущество физических лиц, взимаемый по ставкам, применяемым к объектам налогообложения, расположенным в границах межселенных территорий | C19: 000 1 06 01030 05 0000 110 | I19: =VLOOKUP(A19,Дальнереч!$B$5:$E$71,3,0) -> 0 | J19: =VLOOKUP(A19,Дальнереч!$B$5:$E$71,4,0) -> -16.14546 | L19: =J19-I19 -> -16.14546 | M19: =J19/$J$7*100 -> -0.011716254
A20: Земельный налог | C20: 000 1 06 06000 00 0000 110 | I20: =VLOOKUP(A20,Дальнереч!$B$5:$E$71,3,0) -> 5 | J20: =VLOOKUP(A20,Дальнереч!$B$5:$E$71,4,0) -> -2.53798 | K20: =J20/I20*100 -> -50.7596 | L20: =J20-I20 -> -7.53798 | M20: =J20/$J$7*100 -> -0.0018417325 | Y20: =VLOOKUP(C20,Черниговский!$C$7:$F$97,3,0) -> -3.57 | AA20: =Y20-X20 -> -3.57 | AB20: =Y20/$Y$7*100 -> -0.00088061363
A21: Земельный налог с организаций | C21: 000 1 06 06030 00 0000 110 | Y21: =VLOOKUP(C21,Черниговский!$C$7:$F$97,3,0) -> -3.98 | AA21: =Y21-X21 -> -3.98 | AB21: =Y21/$Y$7*100 -> -0.00098174853
A22: Земельный налог с организаций, обладающих земельным участком, расположенным в границах межселенных территорий | C22: 000 1 06 06033 05 0000 110
A23: Земельный налог с физических лиц | C23: 000 1 06 06040 00 0000 110 | I23: 5 | J23: -2.54 | K23: =J23/I23*100 -> -50.8 | L23: =J23-I23 -> -7.54 | M23: =J23/$J$7*100 -> -0.0018431984 | Y23: =VLOOKUP(C23,Черниговский!$C$7:$F$97,3,0) -> 0.41 | AA23: =Y23-X23 -> 0.41 | AB23: =Y23/$Y$7*100 -> 0.0001011349
A24: Земельный налог с физических лиц, обладающих земельным участком, расположенным в границах межселенных территорий | C24: 000 1 06 06043 05 0000 110 | I24: 5 | J24: -2.54 | K24: =J24/I24*100 -> -50.8 | L24: =J24-I24 -> -7.54 | M24: =J24/$J$7*100 -> -0.0018431984
A25: ГОСУДАРСТВЕННАЯ ПОШЛИНА | C25: 000 1 08 00000 00 0000 000 | D25: 3709 | E25: 3677.1667 | F25: =E25/D25*100 -> 99.141729 | G25: =E25-D25 -> -31.83328 | H25: =E25/$E$7*100 -> 1.3087966 | I25: =VLOOKUP(A25,Дальнереч!$B$5:$E$71,3,0) -> 200 | J25: =VLOOKUP(A25,Дальнереч!$B$5:$E$71,4,0) -> 323.77686 | K25: =J25/I25*100 -> 161.88843 | L25: =J25-I25 -> 123.77686 | M25: =J25/$J$7*100 -> 0.23495472 | N25: =VLOOKUP(C25,Красноармейский!$A$5:$E$79,4,0) -> 1600 | O25: =VLOOKUP(C25,Красноармейский!$A$5:$E$79,5,0) -> 1691.0471 | P25: =O25/N25*100 -> 105.69045 | Q25: =O25-N25 -> 91.04714 | R25: =O25/$O$7*100 -> 1.4314078 | S25: =VLOOKUP(C25,Спасский!$J$9:$M$160,2,0) -> 4500 | T25: =VLOOKUP(C25,Спасский!$J$9:$L$160,3,0) -> 4386.6345 | U25: =T25/S25*100 -> 97.480766 | V25: =T25-S25 -> -113.36552 | W25: =T25/$T$7*100 -> 1.6517833 | X25: =VLOOKUP(C25,Черниговский!$C$7:$F$97,2,0) -> 3970 | Y25: =VLOOKUP(C25,Черниговский!$C$7:$F$97,3,0) -> 3956.87 | Z25: =Y25/X25*100 -> 99.66927 | AA25: =Y25-X25 -> -13.13 | AB25: =Y25/$Y$7*100 -> 0.97604304
A26: Государственная пошлина по делам, рассматриваемым в судах общей юрисдикции, мировыми судьями | C26: 000 1 08 03000 01 0000 110 | D26: 3709 | E26: 3677.1667 | F26: =E26/D26*100 -> 99.141729 | G26: =E26-D26 -> -31.83328 | H26: =E26/$E$7*100 -> 1.3087966 | I26: 200 | J26: 323.78 | K26: =J26/I26*100 -> 161.89 | L26: =J26-I26 -> 123.78 | M26: =J26/$J$7*100 -> 0.23495699 | N26: =N25 -> 1600 | O26: =O25 -> 1691.0471 | P26: =O26/N26*100 -> 105.69045 | Q26: =O26-N26 -> 91.04714 | R26: =O26/$O$7*100 -> 1.4314078 | S26: =VLOOKUP(C26,Спасский!$J$9:$M$160,2,0) -> 4500 | T26: =VLOOKUP(C26,Спасский!$J$9:$L$160,3,0) -> 4386.6345 | U26: =T26/S26*100 -> 97.480766 | V26: =T26-S26 -> -113.36552 | W26: =T26/$T$7*100 -> 1.6517833 | X26: =VLOOKUP(C26,Черниговский!$C$7:$F$97,2,0) -> 3955 | Y26: =VLOOKUP(C26,Черниговский!$C$7:$F$97,3,0) -> 3941.87 | Z26: =Y26/X26*100 -> 99.668015 | AA26: =Y26-X26 -> -13.13 | AB26: =Y26/$Y$7*100 -> 0.97234298
A27: Государственная пошлина за государственную регистрацию, а также за совершение прочих юридически значимых действий | C27: 000 1 08 07000 01 0000 110 | X27: 15 | Y27: 15 | AA27: =Y27-X27 -> 0 | AB27: =Y27/$Y$7*100 -> 0.0037000573
A28: ЗАДОЛЖЕННОСТЬ И ПЕРЕРАСЧЕТЫ ПО ОТМЕНЕННЫМ НАЛОГАМ, СБОРАМ И ИНЫМ ОБЯЗАТЕЛЬНЫМ ПЛАТЕЖАМ | C28: 000 1 09 00000 00 0000 110 | D28: 0 | E28: 0.0864 | G28: =E28-D28 -> 0.0864 | H28: =E28/$E$7*100 -> 3.0751944e-05 | I28: =VLOOKUP(A28,Дальнереч!$B$5:$E$71,3,0) -> 0 | J28: -41.99 | L28: =J28-I28 -> -41.99 | M28: =J28/$J$7*100 -> -0.030470826 | O28: 0.07 | Q28: =O28-N28 -> 0.07 | R28: =O28/$O$7*100 -> 5.9252369e-05
A29: ДОХОДЫ ОТ ИСПОЛЬЗОВАНИЯ ИМУЩЕСТВА, НАХОДЯЩЕГОСЯ В ГОСУДАРСТВЕННОЙ И МУНИЦИПАЛЬНОЙ СОБСТВЕННОСТИ | C29: 000 1 11 00000 00 0000 000 | D29: 6168 | E29: 6393.0288 | F29: =E29/D29*100 -> 103.64833 | G29: =E29-D29 -> 225.02882 | H29: =E29/$E$7*100 -> 2.2754406 | I29: =VLOOKUP(A29,Дальнереч!$B$5:$E$71,3,0) -> 8573.818 | J29: =VLOOKUP(A29,Дальнереч!$B$5:$E$71,4,0) -> 9039.0985 | K29: =J29/I29*100 -> 105.42676 | L29: =J29-I29 -> 465.28047 | M29: =J29/$J$7*100 -> 6.5593903 | N29: =VLOOKUP(C29,Красноармейский!$A$5:$E$79,4,0) -> 8503 | O29: =VLOOKUP(C29,Красноармейский!$A$5:$E$79,5,0) -> 8850.6922 | P29: =O29/N29*100 -> 104.08905 | Q29: =O29-N29 -> 347.69215 | R29: =O29/$O$7*100 -> 7.4917782 | S29: =VLOOKUP(C29,Спасский!$J$9:$M$160,2,0) -> 16601.24 | T29: =VLOOKUP(C29,Спасский!$J$9:$L$160,3,0) -> 14492.948 | U29: =T29/S29*100 -> 87.300393 | V29: =T29-S29 -> -2108.2922 | W29: =T29/$T$7*100 -> 5.4573064 | X29: =VLOOKUP(C29,Черниговский!$C$7:$F$97,2,0) -> 9915 | Y29: =VLOOKUP(C29,Черниговский!$C$7:$F$97,3,0) -> 11141.48 | Z29: =Y29/X29*100 -> 112.36994 | AA29: =Y29-X29 -> 1226.48 | AB29: =Y29/$Y$7*100 -> 2.7482743
A30: Доходы, получаемые в виде арендной либо иной платы за передачу в возмездное пользование государственного и муниципального имущества (за исключением имущества бюджетных и автономных учреждений, а также имущества государственных и муниципальных унитарных предприятий, в том числе казенных) | C30: 000 1 11 05000 00 0000 120 | D30: =D31+D32+D33+D34+D35 -> 5870 | E30: =E31+E32+E33+E34+E35 -> 6075.4563 | F30: =E30/D30*100 -> 103.50011 | G30: =E30-D30 -> 205.45628 | H30: =E30/$E$7*100 -> 2.1624085 | I30: =I31+I32+I33+I34+I35 -> 8089.818 | J30: =J31+J32+J33+J34+J35 -> 8489.462 | K30: =J30/I30*100 -> 104.94009 | L30: =J30-I30 -> 399.644 | M30: =J30/$J$7*100 -> 6.1605364 | N30: =N31+N32+N33+N34+N35 -> 8503 | O30: =O31+O32+O33+O34+O35 -> 8783.2023 | P30: =O30/N30*100 -> 103.29533 | Q30: =O30-N30 -> 280.20225 | R30: =O30/$O$7*100 -> 7.4346505 | S30: =VLOOKUP(C30,Спасский!$J$9:$M$160,2,0) -> 14601.24 | T30: =VLOOKUP(C30,Спасский!$J$9:$L$160,3,0) -> 12907.433 | U30: =T30/S30*100 -> 88.399565 | V30: =T30-S30 -> -1693.8074 | W30: =T30/$T$7*100 -> 4.8602821 | X30: =VLOOKUP(C30,Черниговский!$C$7:$F$97,2,0) -> 8814.72 | Y30: =VLOOKUP(C30,Черниговский!$C$7:$F$97,3,0) -> 9999.1 | Z30: =Y30/X30*100 -> 113.43639 | AA30: =Y30-X30 -> 1184.38 | AB30: =Y30/$Y$7*100 -> 2.4664828
A31: Доходы, получаемые в виде арендной платы за земельные участки, государственная собственность на которые не разграничена и которые расположены в границах сельских поселений и межселенных территорий муниципальных районов, а также средства от продажи права на заключение договоров аренды указанных земельных участков | C31: 000 1 11 05013 05 0000 120 | D31: 85 | E31: 88.23759 | F31: =E31/D31*100 -> 103.80893 | G31: =E31-D31 -> 3.23759 | H31: =E31/$E$7*100 -> 0.031405989 | I31: 6908 | J31: 7272.62 | K31: =J31/I31*100 -> 105.27823 | L31: =J31-I31 -> 364.62 | M31: =J31/$J$7*100 -> 5.2775123 | N31: =VLOOKUP(C31,Красноармейский!$A$5:$E$79,4,0) -> 6926 | O31: =VLOOKUP(C31,Красноармейский!$A$5:$E$79,5,0) -> 7219.7762 | P31: =O31/N31*100 -> 104.24164 | Q31: =O31-N31 -> 293.77621 | R31: =O31/$O$7*100 -> 6.1112692 | S31: =VLOOKUP(C31,Спасский!$J$9:$M$160,2,0) -> 13379.16 | T31: =VLOOKUP(C31,Спасский!$J$9:$L$160,3,0) -> 11841.211 | U31: =T31/S31*100 -> 88.504894 | V31: =T31-S31 -> -1537.9486 | W31: =T31/$T$7*100 -> 4.4587975 | X31: 6199.72 | Y31: 6906.33 | Z31: =Y31/X31*100 -> 111.39745 | AA31: =Y31-X31 -> 706.61 | AB31: =Y31/$Y$7*100 -> 1.7035878
A32: Доходы, получаемые в виде арендной платы за земельные участки, государственная собственность на которые не разграничена и которые расположены в границах городских поселений, а также средства от продажи права на заключение договоров аренды указанных земельных участков | C32: 000 1 11 05013 13 0000 120 | D32: 2132 | E32: 2170.4628 | F32: =E32/D32*100 -> 101.80407 | G32: =E32-D32 -> 38.46282 | H32: =E32/$E$7*100 -> 0.77252259 | N32: =VLOOKUP(C32,Красноармейский!$A$5:$E$79,4,0) -> 780 | O32: =VLOOKUP(C32,Красноармейский!$A$5:$E$79,5,0) -> 784.39431 | P32: =O32/N32*100 -> 100.56337 | Q32: =O32-N32 -> 4.39431 | R32: =O32/$O$7*100 -> 0.6639603
A33: Доходы, получаемые в виде арендной платы, а также средства за продажи права за земельные участки, находящиеся в собственности муниципальных районов (за исключением земельных участков муниципальных бюджетных и автономных учреждений) | C33: 000 1 11 05025 05 0000 120 | D33: 2046 | E33: 2086.3091 | F33: =E33/D33*100 -> 101.97014 | G33: =E33-D33 -> 40.3091 | H33: =E33/$E$7*100 -> 0.74257015
A34: Доходы от сдачи в аренду имущества, находящегося в оперативном управлении органов управления муниципальных районов и созданных ими учреждений (за исключением имущества муниципальных бюджетных и автономных учреждений) | C34: 000 1 11 05035 05 0000 120 | E34: -20 | G34: =E34-D34 -> -20 | I34: =VLOOKUP(A34,Дальнереч!$B$5:$E$71,3,0) -> 366.618 | J34: =VLOOKUP(A34,Дальнереч!$B$5:$E$71,4,0) -> 357.802 | K34: =J34/I34*100 -> 97.595317 | L34: =J34-I34 -> -8.816 | M34: =J34/$J$7*100 -> 0.25964569 | S34: =VLOOKUP(C34,Спасский!$J$9:$M$160,2,0) -> 657.93 | T34: =VLOOKUP(C34,Спасский!$J$9:$L$160,3,0) -> 565.19235 | U34: =T34/S34*100 -> 85.904633 | V34: =T34-S34 -> -92.73765 | W34: =T34/$T$7*100 -> 0.21282267
A35: Доходы от сдачи в аренду имущества, составляющего казну муниципальных районов (за исключением земельных участков) | C35: 000 1 11 05075 05 0000 120 | D35: 1607 | E35: 1750.4468 | F35: =E35/D35*100 -> 108.92637 | G35: =E35-D35 -> 143.44677 | H35: =E35/$E$7*100 -> 0.62302826 | I35: 815.2 | J35: 859.04 | K35: =J35/I35*100 -> 105.37782 | L35: =J35-I35 -> 43.84 | M35: =J35/$J$7*100 -> 0.62337839 | N35: =VLOOKUP(C35,Красноармейский!$A$5:$E$79,4,0) -> 797 | O35: =VLOOKUP(C35,Красноармейский!$A$5:$E$79,5,0) -> 779.03173 | P35: =O35/N35*100 -> 97.745512 | Q35: =O35-N35 -> -17.96827 | R35: =O35/$O$7*100 -> 0.65942107 | S35: =VLOOKUP(C35,Спасский!$J$9:$M$160,2,0) -> 564.15 | T35: =VLOOKUP(C35,Спасский!$J$9:$L$160,3,0) -> 501.0289 | U35: =T35/S35*100 -> 88.811291 | V35: =T35-S35 -> -63.1211 | W35: =T35/$T$7*100 -> 0.18866198 | X35: 2615 | Y35: 3092.77 | Z35: =Y35/X35*100 -> 118.27036 | AA35: =Y35-X35 -> 477.77 | AB35: =Y35/$Y$7*100 -> 0.76289508
A36: Плата по соглашениям об установлении сервитута в отношении земельных участков, находящихся в государственной или муниципальной собственности | C36: 000 1 11 05300 00 0000 120 | X36: 0.28 | Y36: 0.28 | AA36: =Y36-X36 -> 0 | AB36: =Y36/$Y$7*100 -> 6.9067736e-05
A37: Плата по соглашениям об установлении сервитута в отношении земельных участков, государственная собственность на которые не разграничена | C37: 000 1 11 05310 00 0000 120 | X37: 0.28 | Y37: 0.28 | AA37: =Y37-X37 -> 0 | AB37: =Y37/$Y$7*100 -> 6.9067736e-05
A38: Прочие доходы от использования имущества и прав, находящихся в государственной и муниципальной собственности (за исключением имущества бюджетных и автономных учреждений, а также имущества государственных и муниципальных унитарных предприятий, в том числе казенных) | C38: 000 1 11 09000 00 0000 120 | D38: =D39 -> 298 | E38: =E39 -> 317.57254 | F38: =E38/D38*100 -> 106.56797 | G38: =E38-D38 -> 19.57254 | H38: =E38/$E$7*100 -> 0.1130321 | I38: =I39 -> 484 | J38: =J39 -> 549.64 | K38: =J38/I38*100 -> 113.56198 | L38: =J38-I38 -> 65.64 | M38: =J38/$J$7*100 -> 0.39885651 | N38: =N39 -> 0 | O38: =O39 -> 67.4899 | Q38: =O38-N38 -> 67.4899 | R38: =O38/$O$7*100 -> 0.057127663 | S38: =VLOOKUP(C38,Спасский!$J$9:$M$160,2,0) -> 2000 | T38: =VLOOKUP(C38,Спасский!$J$9:$L$160,3,0) -> 1585.5091 | U38: =T38/S38*100 -> 79.275454 | V38: =T38-S38 -> -414.49092 | W38: =T38/$T$7*100 -> 0.59702201 | X38: =VLOOKUP(C38,Черниговский!$C$7:$F$97,2,0) -> 1100 | Y38: =VLOOKUP(C38,Черниговский!$C$7:$F$97,3,0) -> 1142.1 | Z38: =Y38/X38*100 -> 103.82727 | AA38: =Y38-X38 -> 42.1 | AB38: =Y38/$Y$7*100 -> 0.28172236
A39: Прочие поступления от использования имущества, находящегося в собственности муниципальных районов (за исключением имущества муниципальных бюджетных и автономных учреждений, а также имущества муниципальных унитарных предприятий, в том числе казенных ) | C39: 000 1 11 09045 05 0000 120 | D39: 298 | E39: 317.57254 | F39: =E39/D39*100 -> 106.56797 | G39: =E39-D39 -> 19.57254 | H39: =E39/$E$7*100 -> 0.1130321 | I39: 484 | J39: 549.64 | K39: =J39/I39*100 -> 113.56198 | L39: =J39-I39 -> 65.64 | M39: =J39/$J$7*100 -> 0.39885651 | N39: =VLOOKUP(C39,Красноармейский!$A$5:$E$79,4,0) -> 0 | O39: =VLOOKUP(C39,Красноармейский!$A$5:$E$79,5,0) -> 67.4899 | Q39: =O39-N39 -> 67.4899 | R39: =O39/$O$7*100 -> 0.057127663 | S39: =VLOOKUP(C39,Спасский!$J$9:$M$160,2,0) -> 2000 | T39: =VLOOKUP(C39,Спасский!$J$9:$L$160,3,0) -> 1585.5091 | U39: =T39/S39*100 -> 79.275454 | V39: =T39-S39 -> -414.49092 | W39: =T39/$T$7*100 -> 0.59702201 | X39: 1100 | Y39: 1142.1 | Z39: =Y39/X39*100 -> 103.82727 | AA39: =Y39-X39 -> 42.1 | AB39: =Y39/$Y$7*100 -> 0.28172236
A40: ПЛАТЕЖИ ПРИ ПОЛЬЗОВАНИИ ПРИРОДНЫМИ РЕСУРСАМИ | C40: 000 1 12 00000 00 0000 000 | D40: 380 | E40: 370.95158 | F40: =E40/D40*100 -> 97.618837 | G40: =E40-D40 -> -9.04842 | H40: =E40/$E$7*100 -> 0.13203105 | I40: =VLOOKUP(A40,Дальнереч!$B$5:$E$71,3,0) -> 53.74686 | J40: =VLOOKUP(A40,Дальнереч!$B$5:$E$71,4,0) -> 53.74686 | K40: =J40/I40*100 -> 100 | L40: =J40-I40 -> 0 | M40: =J40/$J$7*100 -> 0.039002411 | N40: =VLOOKUP(C40,Красноармейский!$A$5:$E$79,4,0) -> 770 | O40: =VLOOKUP(C40,Красноармейский!$A$5:$E$79,5,0) -> 777.01486 | P40: =O40/N40*100 -> 100.91102 | Q40: =O40-N40 -> 7.01486 | R40: =O40/$O$7*100 -> 0.65771387 | S40: =VLOOKUP(C40,Спасский!$J$9:$M$160,2,0) -> 5400 | T40: =VLOOKUP(C40,Спасский!$J$9:$L$160,3,0) -> 8257.3119 | U40: =T40/S40*100 -> 152.91318 | V40: =T40-S40 -> 2857.3119 | W40: =T40/$T$7*100 -> 3.1092833 | X40: =VLOOKUP(C40,Черниговский!$C$7:$F$97,2,0) -> 1098.36 | Y40: =VLOOKUP(C40,Черниговский!$C$7:$F$97,3,0) -> 1110.74 | Z40: =Y40/X40*100 -> 101.12714 | AA40: =Y40-X40 -> 12.38 | AB40: =Y40/$Y$7*100 -> 0.27398677
A41: Плата за негативное воздействие на окружающую среду | C41: 000 1 12 01000 01 0000 120 | D41: =SUM(D42:D45) -> 380 | E41: =SUM(E42:E45) -> 370.95158 | F41: =E41/D41*100 -> 97.618837 | G41: =E41-D41 -> -9.04842 | H41: =E41/$E$7*100 -> 0.13203105 | I41: 53.74686 | J41: 53.74686 | K41: =J41/I41*100 -> 100 | L41: =J41-I41 -> 0 | M41: =J41/$J$7*100 -> 0.039002411 | N41: =VLOOKUP(C41,Красноармейский!$A$5:$E$79,4,0) -> 770 | O41: =VLOOKUP(C41,Красноармейский!$A$5:$E$79,5,0) -> 777.01486 | P41: =O41/N41*100 -> 100.91102 | Q41: =O41-N41 -> 7.01486 | R41: =O41/$O$7*100 -> 0.65771387 | S41: =VLOOKUP(C41,Спасский!$J$9:$M$160,2,0) -> 5400 | T41: =VLOOKUP(C41,Спасский!$J$9:$L$160,3,0) -> 8257.3119 | U41: =T41/S41*100 -> 152.91318 | V41: =T41-S41 -> 2857.3119 | W41: =T41/$T$7*100 -> 3.1092833 | X41: =VLOOKUP(C41,Черниговский!$C$7:$F$97,2,0) -> 1090 | Y41: =VLOOKUP(C41,Черниговский!$C$7:$F$97,3,0) -> 1102.38 | Z41: =Y41/X41*100 -> 101.13578 | AA41: =Y41-X41 -> 12.38 | AB41: =Y41/$Y$7*100 -> 0.27192461
A42: Плата за выбросы загрязняющих веществ в атмосферный воздух стационарными объектами | C42: 000 1 12 01010 01 0000 120 | D42: 100 | E42: 96.96164 | F42: =E42/D42*100 -> 96.96164 | G42: =E42-D42 -> -3.03836 | H42: =E42/$E$7*100 -> 0.034511099 | I42: 38.16 | J42: 38.16 | K42: =J42/I42*100 -> 100 | L42: =J42-I42 -> 0 | M42: =J42/$J$7*100 -> 0.027691516 | N42: 140 | O42: 143.97 | P42: =O42/N42*100 -> 102.83571 | Q42: =O42-N42 -> 3.97 | R42: =O42/$O$7*100 -> 0.12186519 | S42: =VLOOKUP(C42,Спасский!$J$9:$M$160,2,0) -> 90 | T42: =VLOOKUP(C42,Спасский!$J$9:$L$160,3,0) -> 183.24075 | U42: =T42/S42*100 -> 203.60083 | V42: =T42-S42 -> 93.24075 | W42: =T42/$T$7*100 -> 0.068999139
A43: Плата за сбросы загрязняющих веществ в водные объекты | C43: 000 1 12 01030 01 0000 120 | D43: 162 | E43: 154.93384 | F43: =E43/D43*100 -> 95.638173 | G43: =E43-D43 -> -7.06616 | H43: =E43/$E$7*100 -> 0.055144871 | I43: 0.66 | J43: 0.66 | K43: =J43/I43*100 -> 100 | L43: =J43-I43 -> 0 | M43: =J43/$J$7*100 -> 0.00047894131 | N43: 35 | O43: 36.26 | P43: =O43/N43*100 -> 103.6 | Q43: =O43-N43 -> 1.26 | R43: =O43/$O$7*100 -> 0.030692727 | S43: =VLOOKUP(C43,Спасский!$J$9:$M$160,2,0) -> 3490 | T43: =VLOOKUP(C43,Спасский!$J$9:$L$160,3,0) -> 5405.3313 | U43: =T43/S43*100 -> 154.88055 | V43: =T43-S43 -> 1915.3313 | W43: =T43/$T$7*100 -> 2.0353726
A44: Плата за размещение отходов производства и потребления | C44: 000 1 12 01041 01 0000 120 | D44: 116 | E44: 116.85552 | F44: =E44/D44*100 -> 100.73752 | G44: =E44-D44 -> 0.85552 | H44: =E44/$E$7*100 -> 0.041591834 | I44: 14.93 | J44: 14.93 | K44: =J44/I44*100 -> 100 | L44: =J44-I44 -> 0 | M44: =J44/$J$7*100 -> 0.010834233 | N44: 595 | O44: 595.39 | P44: =O44/N44*100 -> 100.06555 | Q44: =O44-N44 -> 0.39 | R44: =O44/$O$7*100 -> 0.50397525 | S44: =VLOOKUP(C44,Спасский!$J$9:$M$160,2,0) -> 1175 | T44: =VLOOKUP(C44,Спасский!$J$9:$L$160,3,0) -> 2020.3134 | U44: =T44/S44*100 -> 171.94157 | V44: =T44-S44 -> 845.31345 | W44: =T44/$T$7*100 -> 0.76074721 | X44: 35 | Y44: 47.74 | Z44: =Y44/X44*100 -> 136.4 | AA44: =Y44-X44 -> 12.74 | AB44: =Y44/$Y$7*100 -> 0.011776049
A45: Плата за размещение твердых коммунальных отходов | C45: 000 1 12 01042 01 0000 120 | D45: 2 | E45: 2.20058 | F45: =E45/D45*100 -> 110.029 | G45: =E45-D45 -> 0.20058 | H45: =E45/$E$7*100 -> 0.00078324206 | O45: 1.39 | Q45: =O45-N45 -> 1.39 | R45: =O45/$O$7*100 -> 0.0011765827 | S45: =VLOOKUP(C45,Спасский!$J$9:$M$160,2,0) -> 645 | T45: =VLOOKUP(C45,Спасский!$J$9:$L$160,3,0) -> 648.42643 | U45: =T45/S45*100 -> 100.53123 | V45: =T45-S45 -> 3.42643 | W45: =T45/$T$7*100 -> 0.24416439
A46: Плата за пользование водными объектами | C46: 000 1 12 05000 00 0000 120 | X46: 8.36 | Y46: 8.36 | AA46: =Y46-X46 -> 0 | AB46: =Y46/$Y$7*100 -> 0.0020621653
A47: ДОХОДЫ ОТ ОКАЗАНИЯ ПЛАТНЫХ УСЛУГ (РАБОТ) И КОМПЕНСАЦИИ ЗАТРАТ ГОСУДАРСТВА | C47: 000 1 13 00000 00 0000 000 | D47: 1950 | E47: 1749.0816 | F47: =E47/D47*100 -> 89.696493 | G47: =E47-D47 -> -200.91838 | H47: =E47/$E$7*100 -> 0.62254237 | I47: =VLOOKUP(A47,Дальнереч!$B$5:$E$71,3,0) -> 90 | J47: =VLOOKUP(A47,Дальнереч!$B$5:$E$71,4,0) -> 408.1282 | K47: =J47/I47*100 -> 453.47578 | L47: =J47-I47 -> 318.1282 | M47: =J47/$J$7*100 -> 0.29616584 | N47: =VLOOKUP(C47,Красноармейский!$A$5:$E$79,4,0) -> 13204 | O47: =VLOOKUP(C47,Красноармейский!$A$5:$E$79,5,0) -> 14607.802 | P47: =O47/N47*100 -> 110.63164 | Q47: =O47-N47 -> 1403.8022 | R47: =O47/$O$7*100 -> 12.364955 | S47: =VLOOKUP(C47,Спасский!$J$9:$M$160,2,0) -> 2320 | T47: =VLOOKUP(C47,Спасский!$J$9:$L$160,3,0) -> 2032.423 | U47: =T47/S47*100 -> 87.604438 | V47: =T47-S47 -> -287.57704 | W47: =T47/$T$7*100 -> 0.76530703 | X47: =VLOOKUP(C47,Черниговский!$C$7:$F$97,2,0) -> 671 | Y47: =VLOOKUP(C47,Черниговский!$C$7:$F$97,3,0) -> 677.89 | Z47: =Y47/X47*100 -> 101.02683 | AA47: =Y47-X47 -> 6.89 | AB47: =Y47/$Y$7*100 -> 0.16721546
A48: Доходы от оказания платных услуг (работ) | C48: 000 1 13 01000 00 0000 130 | D48: 979 | E48: 870.7277 | F48: =E48/D48*100 -> 88.940521 | G48: =E48-D48 -> -108.2723 | H48: =E48/$E$7*100 -> 0.309914 | I48: 15 | J48: 15 | K48: =J48/I48*100 -> 100 | L48: =J48-I48 -> 0 | M48: =J48/$J$7*100 -> 0.01088503 | N48: =N49 -> 12634 | O48: =O49 -> 13988.302 | P48: =O48/N48*100 -> 110.7195 | Q48: =O48-N48 -> 1354.3021 | R48: =O48/$O$7*100 -> 11.840572 | X48: =VLOOKUP(C48,Черниговский!$C$7:$F$97,2,0) -> 384 | Y48: =VLOOKUP(C48,Черниговский!$C$7:$F$97,3,0) -> 390.48 | Z48: =Y48/X48*100 -> 101.6875 | AA48: =Y48-X48 -> 6.48 | AB48: =Y48/$Y$7*100 -> 0.096319891
A49: Прочие доходы от оказания платных услуг (работ) получателями средств бюджетов муниципальных районов | C49: 000 1 13 01995 05 0000 130 | D49: 979 | E49: 870.7277 | F49: =E49/D49*100 -> 88.940521 | G49: =E49-D49 -> -108.2723 | H49: =E49/$E$7*100 -> 0.309914 | I49: 15 | J49: 15.5 | K49: =J49/I49*100 -> 103.33333 | L49: =J49-I49 -> 0.5 | M49: =J49/$J$7*100 -> 0.011247864 | N49: =VLOOKUP(C49,Красноармейский!$A$5:$E$79,4,0) -> 12634 | O49: =VLOOKUP(C49,Красноармейский!$A$5:$E$79,5,0) -> 13988.302 | P49: =O49/N49*100 -> 110.7195 | Q49: =O49-N49 -> 1354.3021 | R49: =O49/$O$7*100 -> 11.840572 | X49: 384 | Y49: 390.48 | Z49: =Y49/X49*100 -> 101.6875 | AA49: =Y49-X49 -> 6.48 | AB49: =Y49/$Y$7*100 -> 0.096319891
A50: Доходы от компенсации затрат государства | C50: 000 1 13 02000 00 0000 130 | D50: 971 | E50: 878.35392 | F50: =E50/D50*100 -> 90.458694 | G50: =E50-D50 -> -92.64608 | H50: =E50/$E$7*100 -> 0.31262837 | I50: 75 | J50: 392.63 | K50: =J50/I50*100 -> 523.50667 | L50: =J50-I50 -> 317.63 | M50: =J50/$J$7*100 -> 0.28491928 | N50: =N51+N52 -> 570 | O50: =O51+O52 -> 619.50014 | P50: =O50/N50*100 -> 108.68424 | Q50: =O50-N50 -> 49.50014 | R50: =O50/$O$7*100 -> 0.52438358 | S50: =VLOOKUP(C50,Спасский!$J$9:$M$160,2,0) -> 2320 | T50: =VLOOKUP(C50,Спасский!$J$9:$L$160,3,0) -> 2032.423 | U50: =T50/S50*100 -> 87.604438 | V50: =T50-S50 -> -287.57704 | W50: =T50/$T$7*100 -> 0.76530703 | X50: =VLOOKUP(C50,Черниговский!$C$7:$F$97,2,0) -> 287 | Y50: =VLOOKUP(C50,Черниговский!$C$7:$F$97,3,0) -> 287.42 | Z50: =Y50/X50*100 -> 100.14634 | AA50: =Y50-X50 -> 0.42 | AB50: =Y50/$Y$7*100 -> 0.070898031
A51: Доходы, поступающие в порядке возмещения расходов, понесенных в связи с эксплуатацией имущества муниципального района | C51: 000 1 13 02065 05 0000 130 | N51: =VLOOKUP(C51,Красноармейский!$A$5:$E$79,4,0) -> 230 | O51: =VLOOKUP(C51,Красноармейский!$A$5:$E$79,5,0) -> 274.02688 | P51: =O51/N51*100 -> 119.14212 | Q51: =O51-N51 -> 44.02688 | R51: =O51/$O$7*100 -> 0.23195345
A52: Прочие доходы от компенсации затрат бюджетов муниципальных районов | C52: 000 1 13 02995 05 0000 130 | D52: =D50 -> 971 | E52: =E50 -> 878.35392 | F52: =E52/D52*100 -> 90.458694 | G52: =E52-D52 -> -92.64608 | H52: =E52/$E$7*100 -> 0.31262837 | I52: 75 | J52: 392.63 | K52: =J52/I52*100 -> 523.50667 | L52: =J52-I52 -> 317.63 | M52: =J52/$J$7*100 -> 0.28491928 | N52: =VLOOKUP(C52,Красноармейский!$A$5:$E$79,4,0) -> 340 | O52: =VLOOKUP(C52,Красноармейский!$A$5:$E$79,5,0) -> 345.47326 | P52: =O52/N52*100 -> 101.60978 | Q52: =O52-N52 -> 5.47326 | R52: =O52/$O$7*100 -> 0.29243013 | S52: =VLOOKUP(C52,Спасский!$J$9:$M$160,2,0) -> 2320 | T52: =VLOOKUP(C52,Спасский!$J$9:$L$160,3,0) -> 2032.423 | U52: =T52/S52*100 -> 87.604438 | V52: =T52-S52 -> -287.57704 | W52: =T52/$T$7*100 -> 0.76530703 | X52: 287 | Y52: 287.42 | Z52: =Y52/X52*100 -> 100.14634 | AA52: =Y52-X52 -> 0.42 | AB52: =Y52/$Y$7*100 -> 0.070898031
A53: ДОХОДЫ ОТ ПРОДАЖИ МАТЕРИАЛЬНЫХ И НЕМАТЕРИАЛЬНЫХ АКТИВОВ | C53: 000 1 14 00000 00 0000 000 | D53: 495 | E53: 488.52392 | F53: =E53/D53*100 -> 98.691701 | G53: =E53-D53 -> -6.47608 | H53: =E53/$E$7*100 -> 0.17387801 | I53: =VLOOKUP(A53,Дальнереч!$B$5:$E$71,3,0) -> 453.67493 | J53: =VLOOKUP(A53,Дальнереч!$B$5:$E$71,4,0) -> 469.13393 | K53: =J53/I53*100 -> 103.40751 | L53: =J53-I53 -> 15.459 | M53: =J53/$J$7*100 -> 0.34043578 | N53: =VLOOKUP(C53,Красноармейский!$A$5:$E$79,4,0) -> 3010 | O53: =VLOOKUP(C53,Красноармейский!$A$5:$E$79,5,0) -> 3093.6236 | P53: =O53/N53*100 -> 102.77819 | Q53: =O53-N53 -> 83.62356 | R53: =O53/$O$7*100 -> 2.618636 | S53: =VLOOKUP(C53,Спасский!$J$9:$M$160,2,0) -> 1550 | T53: =VLOOKUP(C53,Спасский!$J$9:$L$160,3,0) -> 2484.6685 | U53: =T53/S53*100 -> 160.30119 | V53: =T53-S53 -> 934.66845 | W53: =T53/$T$7*100 -> 0.93559966 | X53: =VLOOKUP(C53,Черниговский!$C$7:$F$97,2,0) -> 1779 | Y53: =VLOOKUP(C53,Черниговский!$C$7:$F$97,3,0) -> 1894.84 | Z53: =Y53/X53*100 -> 106.51152 | AA53: =Y53-X53 -> 115.84 | AB53: =Y53/$Y$7*100 -> 0.4674011
A54: Доходы от реализации имущества, находящегося в собственности муниципальных районов (за исключением движимого имущества муниципальных бюджетных и автономных учреждений, а также имущества муниципальных унитарных предприятий, в том числе казенных), в части реализации основных средств по указанному имуществу | C54: 000 1 14 02000 00 0000 000 | D54: 119 | E54: 118.738 | F54: =E54/D54*100 -> 99.779832 | G54: =E54-D54 -> -0.262 | H54: =E54/$E$7*100 -> 0.042261856 | N54: =N55 -> 330 | O54: =O55 -> 403.19 | P54: =O54/N54*100 -> 122.17879 | Q54: =O54-N54 -> 73.19 | R54: =O54/$O$7*100 -> 0.34128518 | S54: =VLOOKUP(C54,Спасский!$J$9:$M$160,2,0) -> 100 | T54: =VLOOKUP(C54,Спасский!$J$9:$L$160,3,0) -> 51.15 | U54: =T54/S54*100 -> 51.15 | V54: =T54-S54 -> -48.85 | W54: =T54/$T$7*100 -> 0.019260486 | X54: =VLOOKUP(C54,Черниговский!$C$7:$F$97,2,0) -> 1432 | Y54: =VLOOKUP(C54,Черниговский!$C$7:$F$97,3,0) -> 1538.98 | Z54: =Y54/X54*100 -> 107.47067 | AA54: =Y54-X54 -> 106.98 | AB54: =Y54/$Y$7*100 -> 0.37962094
A55: Доходы от реализации иного имущества, находящегося в собственности муниципальных районов (за исключением имущества муниципальных бюджетных и автономных учреждений, а также имущества , муниципальных унитарных предприятий, в том числе казенных), в части реализации основных средств по указанному имуществу | C55: 000 1 14 02053 05 0000 410 | D55: 119 | E55: 118.738 | F55: =E55/D55*100 -> 99.779832 | G55: =E55-D55 -> -0.262 | H55: =E55/$E$7*100 -> 0.042261856 | N55: 330 | O55: 403.19 | P55: =O55/N55*100 -> 122.17879 | Q55: =O55-N55 -> 73.19 | R55: =O55/$O$7*100 -> 0.34128518 | S55: =VLOOKUP(C55,Спасский!$J$9:$M$160,2,0) -> 100 | T55: =VLOOKUP(C55,Спасский!$J$9:$L$160,3,0) -> 51.15 | U55: =T55/S55*100 -> 51.15 | V55: =T55-S55 -> -48.85 | W55: =T55/$T$7*100 -> 0.019260486 | X55: 1432 | Y55: 1538.98 | Z55: =Y55/X55*100 -> 107.47067 | AA55: =Y55-X55 -> 106.98 | AB55: =Y55/$Y$7*100 -> 0.37962094
A56: Доходы от продажи земельных участков, находящихся в государственной и муниципальной собственности | C56: 000 1 14 06000 00 0000 430 | D56: 157 | E56: 150.27718 | F56: =E56/D56*100 -> 95.717949 | G56: =E56-D56 -> -6.72282 | H56: =E56/$E$7*100 -> 0.053487448 | I56: 453.67 | J56: 469.13 | K56: =J56/I56*100 -> 103.40776 | L56: =J56-I56 -> 15.46 | M56: =J56/$J$7*100 -> 0.34043293 | N56: =N57+N58 -> 2680 | O56: =O57+O58 -> 2690.4288 | P56: =O56/N56*100 -> 100.38913 | Q56: =O56-N56 -> 10.42881 | R56: =O56/$O$7*100 -> 2.2773469 | S56: =VLOOKUP(C56,Спасский!$J$9:$M$160,2,0) -> 1200 | T56: =VLOOKUP(C56,Спасский!$J$9:$L$160,3,0) -> 2134.8892 | U56: =T56/S56*100 -> 177.90744 | V56: =T56-S56 -> 934.88923 | W56: =T56/$T$7*100 -> 0.80389061 | X56: =VLOOKUP(C56,Черниговский!$C$7:$F$97,2,0) -> 347 | Y56: =VLOOKUP(C56,Черниговский!$C$7:$F$97,3,0) -> 355.87 | Z56: =Y56/X56*100 -> 102.5562 | AA56: =Y56-X56 -> 8.87 | AB56: =Y56/$Y$7*100 -> 0.087782625
A57: Доходы от продажи земельных участков, государственная собственность на которые не разграничена и которые расположены в границах сельских поселений | C57: 000 1 14 06013 05 0000 430 | N57: =VLOOKUP(C57,Красноармейский!$A$5:$E$79,4,0) -> 2680 | O57: =VLOOKUP(C57,Красноармейский!$A$5:$E$79,5,0) -> 2685.1486 | P57: =O57/N57*100 -> 100.19211 | Q57: =O57-N57 -> 5.14862 | R57: =O57/$O$7*100 -> 2.2728774 | S57: =VLOOKUP(C57,Спасский!$J$9:$M$160,2,0) -> 1200 | T57: =VLOOKUP(C57,Спасский!$J$9:$L$160,3,0) -> 2134.8892 | U57: =T57/S57*100 -> 177.90744 | V57: =T57-S57 -> 934.88923 | W57: =T57/$T$7*100 -> 0.80389061 | X57: 347 | Y57: 355.87 | Z57: =Y57/X57*100 -> 102.5562 | AA57: =Y57-X57 -> 8.87 | AB57: =Y57/$Y$7*100 -> 0.087782625
A58: Доходы от продажи земельных участков, государственная собственность на которые не разграничена и которые расположены в границах городских поселений | C58: 000 1 14 06013 13 0000 430 | D58: 157 | E58: 150.27718 | F58: =E58/D58*100 -> 95.717949 | G58: =E58-D58 -> -6.72282 | H58: =E58/$E$7*100 -> 0.053487448 | I58: 453.67 | J58: 469.13 | K58: =J58/I58*100 -> 103.40776 | L58: =J58-I58 -> 15.46 | M58: =J58/$J$7*100 -> 0.34043293 | N58: =VLOOKUP(C58,Красноармейский!$A$5:$E$79,4,0) -> 0 | O58: =VLOOKUP(C58,Красноармейский!$A$5:$E$79,5,0) -> 5.28019 | Q58: =O58-N58 -> 5.28019 | R58: =O58/$O$7*100 -> 0.0044694823
A59: Плата за увеличение площади земельных участков, находящихся в частной собственности, в результате перераспределение таких земельных участков и земель (или) земельных участков, находящихся в государственной или муниципальной собственности | C59: 000 1 14 06300 00 0000 430 | D59: 219 | E59: 219.50874 | F59: =E59/D59*100 -> 100.2323 | G59: =E59-D59 -> 0.50874 | H59: =E59/$E$7*100 -> 0.07812871 | S59: =VLOOKUP(C59,Спасский!$J$9:$M$160,2,0) -> 250 | T59: =VLOOKUP(C59,Спасский!$J$9:$L$160,3,0) -> 298.62922 | U59: =T59/S59*100 -> 119.45169 | V59: =T59-S59 -> 48.62922 | W59: =T59/$T$7*100 -> 0.11244856
A60: Плата за увеличение площади земельных участков, находящихся в частной собственности, в результате перераспределения таких земельных участков и земель (или) земельных участков, государственная собственность на которые не разграничена и которые расположены в границах сельских поселений и межселенных территорий муниципальных районов | C60: 000 1 14 06313 05 0000 430 | S60: =VLOOKUP(C60,Спасский!$J$9:$M$160,2,0) -> 250 | T60: =VLOOKUP(C60,Спасский!$J$9:$L$160,3,0) -> 298.62922 | U60: =T60/S60*100 -> 119.45169 | V60: =T60-S60 -> 48.62922 | W60: =T60/$T$7*100 -> 0.11244856
A61: Плата за увеличение площади земельных участков, находящихся в частной собственности, в результате перераспределение таких земельных участков и земель (или) земельных участков, государственная собственность на которые не разграничена и которые расположены в границах городских поселений | C61: 000 1 14 06313 13 0000 430 | D61: 219 | E61: 219.50874 | F61: =E61/D61*100 -> 100.2323 | G61: =E61-D61 -> 0.50874 | H61: =E61/$E$7*100 -> 0.07812871
A62: ШТРАФЫ, САНКЦИИ, ВОЗМЕЩЕНИЕ УЩЕРБА | C62: 000 1 16 00000 00 0000 000 | D62: 2073 | E62: 2152.7574 | F62: =E62/D62*100 -> 103.84744 | G62: =E62-D62 -> 79.75737 | H62: =E62/$E$7*100 -> 0.76622077 | I62: =VLOOKUP(A62,Дальнереч!$B$5:$E$71,3,0) -> 683.63391 | J62: =VLOOKUP(A62,Дальнереч!$B$5:$E$71,4,0) -> 1130.6127 | K62: =J62/I62*100 -> 165.38276 | L62: =J62-I62 -> 446.97875 | M62: =J62/$J$7*100 -> 0.82045016 | N62: =VLOOKUP(C62,Красноармейский!$A$5:$E$79,4,0) -> 2700 | O62: =VLOOKUP(C62,Красноармейский!$A$5:$E$79,5,0) -> 2847.5714 | P62: =O62/N62*100 -> 105.46561 | Q62: =O62-N62 -> 147.57137 | R62: =O62/$O$7*100 -> 2.4103621 | S62: =VLOOKUP(C62,Спасский!$J$9:$M$160,2,0) -> 316.5 | T62: =VLOOKUP(C62,Спасский!$J$9:$L$160,3,0) -> 336.96093 | U62: =T62/S62*100 -> 106.46475 | V62: =T62-S62 -> 20.46093 | W62: =T62/$T$7*100 -> 0.12688233 | X62: =VLOOKUP(C62,Черниговский!$C$7:$F$97,2,0) -> 1944.5 | Y62: =VLOOKUP(C62,Черниговский!$C$7:$F$97,3,0) -> 2020.19 | Z62: =Y62/X62*100 -> 103.89252 | AA62: =Y62-X62 -> 75.69 | AB62: =Y62/$Y$7*100 -> 0.49832125
A63: Административные штрафы, установленные Кодексом Российской Федерации об административных правонарушениях | C63: 000 1 16 01000 01 0000 140 | D63: 700 | E63: 718.90413 | F63: =E63/D63*100 -> 102.70059 | G63: =E63-D63 -> 18.90413 | H63: =E63/$E$7*100 -> 0.25587616 | I63: 395.44 | J63: 395.44 | K63: =J63/I63*100 -> 100 | L63: =J63-I63 -> 0 | M63: =J63/$J$7*100 -> 0.28695841 | O63: 439.47 | Q63: =O63-N63 -> 439.47 | R63: =O63/$O$7*100 -> 0.37199483 | S63: =VLOOKUP(C63,Спасский!$J$9:$M$160,2,0) -> 114 | T63: =VLOOKUP(C63,Спасский!$J$9:$L$160,3,0) -> 122.58215 | U63: =T63/S63*100 -> 107.5282 | V63: =T63-S63 -> 8.58215 | W63: =T63/$T$7*100 -> 0.046158198 | X63: =VLOOKUP(C63,Черниговский!$C$7:$F$97,2,0) -> 1002.5 | Y63: =VLOOKUP(C63,Черниговский!$C$7:$F$97,3,0) -> 1032.32 | Z63: =Y63/X63*100 -> 102.97456 | AA63: =Y63-X63 -> 29.82 | AB63: =Y63/$Y$7*100 -> 0.25464288
A64: Административные штрафы, установленные законами субъектов Российской Федерации об административных правонарушениях | C64: 000 1 16 02000 02 0000 140 | T64: -1.72373 | V64: =T64-S64 -> -1.72373 | W64: =T64/$T$7*100 -> -0.00064906898
A65: Платежи в целях возмещения причиненного ущерба (убытков) | C65: 000 1 16 10000 00 0000 140 | D65: 120 | E65: 177.33925 | F65: =E65/D65*100 -> 147.78271 | G65: =E65-D65 -> 57.33925 | H65: =E65/$E$7*100 -> 0.063119523 | I65: 183.23 | J65: 185.97 | K65: =J65/I65*100 -> 101.49539 | L65: =J65-I65 -> 2.74 | M65: =J65/$J$7*100 -> 0.1349526 | N65: 2700 | O65: 1264.57 | P65: =O65/N65*100 -> 46.835926 | Q65: =O65-N65 -> -1435.43 | R65: =O65/$O$7*100 -> 1.070411 | S65: 132.5 | T65: 138.37 | U65: =T65/S65*100 -> 104.43019 | V65: =T65-S65 -> 5.87 | W65: =T65/$T$7*100 -> 0.052103099 | X65: =VLOOKUP(C65,Черниговский!$C$7:$F$97,2,0) -> 728 | Y65: =VLOOKUP(C65,Черниговский!$C$7:$F$97,3,0) -> 739.21 | Z65: =Y65/X65*100 -> 101.53984 | AA65: =Y65-X65 -> 11.21 | AB65: =Y65/$Y$7*100 -> 0.18234129
A66: Платежи, уплачиваемые в целях возмещения вреда | C66: 000 1 16 11000 01 0000 140 | D66: 1110 | E66: 1110.5933 | F66: =E66/D66*100 -> 100.05345 | G66: =E66-D66 -> 0.5933 | H66: =E66/$E$7*100 -> 0.39528823 | I66: 63.53 | J66: 219.8 | K66: =J66/I66*100 -> 345.97828 | L66: =J66-I66 -> 156.27 | M66: =J66/$J$7*100 -> 0.15950197 | O66: 485.98 | Q66: =O66-N66 -> 485.98 | R66: =O66/$O$7*100 -> 0.4113638 | S66: 36 | T66: 39.61 | U66: =T66/S66*100 -> 110.02778 | V66: =T66-S66 -> 3.61 | W66: =T66/$T$7*100 -> 0.01491511 | X66: =VLOOKUP(C66,Черниговский!$C$7:$F$97,2,0) -> 88 | Y66: =VLOOKUP(C66,Черниговский!$C$7:$F$97,3,0) -> 86.79 | Z66: =Y66/X66*100 -> 98.625 | AA66: =Y66-X66 -> -1.21 | AB66: =Y66/$Y$7*100 -> 0.021408531
A67: Штрафы, неустойки, пени, уплаченные в соответствии с законом или договором в случае неисполнения или ненадлежащего исполнения обязательств перед государственным (муниципальным) органом, органом управления государственным внебюджетным фондом, казенным учреждением, Центральным банком Российской Федерации, иной организацией, действующей от имени Российской Федерации | C67: 000 1 16 07000 00 0000 140 | D67: 143 | E67: 145.92069 | F67: =E67/D67*100 -> 102.04244 | G67: =E67-D67 -> 2.92069 | H67: =E67/$E$7*100 -> 0.051936863 | I67: 41.44 | J67: 329.4 | K67: =J67/I67*100 -> 794.88417 | L67: =J67-I67 -> 287.96 | M67: =J67/$J$7*100 -> 0.23903525 | N67: 0 | O67: 657.56 | Q67: =O67-N67 -> 657.56 | R67: =O67/$O$7*100 -> 0.55659982 | S67: 34 | T67: 38.12 | U67: =T67/S67*100 -> 112.11765 | V67: =T67-S67 -> 4.12 | W67: =T67/$T$7*100 -> 0.014354052 | X67: =VLOOKUP(C67,Черниговский!$C$7:$F$97,2,0) -> 126 | Y67: =VLOOKUP(C67,Черниговский!$C$7:$F$97,3,0) -> 161.88 | Z67: =Y67/X67*100 -> 128.47619 | AA67: =Y67-X67 -> 35.88 | AB67: =Y67/$Y$7*100 -> 0.039931018
A68: ПРОЧИЕ НЕНАЛОГОВЫЕ ДОХОДЫ | C68: 000 1 17 00000 00 0000 000 | D68: 1053 | E68: 1053.3469 | F68: =E68/D68*100 -> 100.03294 | G68: =E68-D68 -> 0.3469 | H68: =E68/$E$7*100 -> 0.37491279 | I68: =VLOOKUP(A68,Дальнереч!$B$5:$E$71,3,0) -> 0 | J68: =VLOOKUP(A68,Дальнереч!$B$5:$E$71,4,0) -> 2.43804 | L68: =J68-I68 -> 2.43804 | M68: =J68/$J$7*100 -> 0.0017692092 | N68: =VLOOKUP(C68,Красноармейский!$A$5:$E$79,4,0) -> 0 | O68: =VLOOKUP(C68,Красноармейский!$A$5:$E$79,5,0) -> -0.22981 | Q68: =O68-N68 -> -0.22981 | R68: =O68/$O$7*100 -> -0.00019452553 | T68: =VLOOKUP(C68,Спасский!$J$9:$L$160,3,0) -> 17.71384 | V68: =T68-S68 -> 17.71384 | W68: =T68/$T$7*100 -> 0.0066701305 | Y68: =VLOOKUP(C68,Черниговский!$C$7:$F$97,3,0) -> -0.99 | AA68: =Y68-X68 -> -0.99 | AB68: =Y68/$Y$7*100 -> -0.00024420378
A69: Невыясненные поступления , зачисляемые в бюджеты муниципальных районов | C69: 000 1 17 01050 05 0000 180 | D69: 0 | E69: -2.95517 | G69: =E69-D69 -> -2.95517 | I69: 0 | J69: 2.44 | L69: =J69-I69 -> 2.44 | M69: =J69/$J$7*100 -> 0.0017706315 | O69: -0.23 | Q69: =O69-N69 -> -0.23 | R69: =O69/$O$7*100 -> -0.00019468635 | T69: =VLOOKUP(C69,Спасский!$J$9:$L$160,3,0) -> 15.91084 | V69: =T69-S69 -> 15.91084 | W69: =T69/$T$7*100 -> 0.0059912125 | Y69: -0.99 | AA69: =Y69-X69 -> -0.99 | AB69: =Y69/$Y$7*100 -> -0.00024420378
A70: Прочие неналоговые доходы бюджетов муниципальных районов | C70: 000 1 17 05050 05 0000 180 | D70: 1053 | E70: 1056.3021 | F70: =E70/D70*100 -> 100.31359 | G70: =E70-D70 -> 3.30207 | H70: =E70/$E$7*100 -> 0.37596461 | T70: =VLOOKUP(C70,Спасский!$J$9:$L$160,3,0) -> 1.803 | V70: =T70-S70 -> 1.803 | W70: =T70/$T$7*100 -> 0.00067891802 | AA70: =Y70-X70 -> 0 | AB70: =Y70/$Y$7*100 -> 0
A71: БЕЗВОЗМЕЗДНЫЕ ПОСТУПЛЕНИЯ | C71: 000 2 00 00000 00 0000 000 | D71: 619673.47 | E71: 585280.92 | F71: =E71/D71*100 -> 94.449891 | G71: =E71-D71 -> -34392.554 | H71: =E71/$E$71*100 -> 100 | I71: =VLOOKUP(A71,Дальнереч!$B$5:$E$71,3,0) -> 381176.67 | J71: =VLOOKUP(A71,Дальнереч!$B$5:$E$71,4,0) -> 374777.43 | K71: =J71/I71*100 -> 98.321188 | L71: =J71-I71 -> -6399.2412 | M71: =J71/$J$71*100 -> 100 | N71: =VLOOKUP(C71,Красноармейский!$A$5:$E$79,4,0) -> 1212705.5 | O71: =VLOOKUP(C71,Красноармейский!$A$5:$E$79,5,0) -> 1130657.1 | P71: =O71/N71*100 -> 93.234274 | Q71: =O71-N71 -> -82048.333 | R71: =O71/$O$71*100 -> 100 | S71: =VLOOKUP(C71,Спасский!$J$9:$M$160,2,0) -> 804225.99 | T71: =VLOOKUP(C71,Спасский!$J$9:$L$160,3,0) -> 792051.43 | U71: =T71/S71*100 -> 98.486177 | V71: =T71-S71 -> -12174.56 | W71: =T71/$T$71*100 -> 100 | X71: =VLOOKUP(C71,Черниговский!$C$7:$F$97,2,0) -> 728188.06 | Y71: =VLOOKUP(C71,Черниговский!$C$7:$F$97,3,0) -> 705094.07 | Z71: =Y71/X71*100 -> 96.828568 | AA71: =Y71-X71 -> -23093.99 | AB71: =Y71/$Y$71*100 -> 100
A72: БЕЗВОЗМЕЗДНЫЕ ПОСТУПЛЕНИЯ ОТ ДРУГИХ БЮДЖЕТОВ БЮДЖЕТНОЙ СИСТЕМЫ РОССИЙСКОЙ ФЕДЕРАЦИИ | C72: 000 2 02 00000 00 0000 000 | D72: 619673.47 | E72: 585280.6 | F72: =E72/D72*100 -> 94.449838 | G72: =E72-D72 -> -34392.88 | H72: =E72/$E$71*100 -> 99.999944 | I72: =VLOOKUP(A72,Дальнереч!$B$5:$E$71,3,0) -> 381176.67 | J72: =VLOOKUP(A72,Дальнереч!$B$5:$E$71,4,0) -> 375095.98 | K72: =J72/I72*100 -> 98.404757 | L72: =J72-I72 -> -6080.6926 | M72: =J72/$J$71*100 -> 100.085 | N72: =VLOOKUP(C72,Красноармейский!$A$5:$E$79,4,0) -> 1210205.5 | O72: =VLOOKUP(C72,Красноармейский!$A$5:$E$79,5,0) -> 1128176.4 | P72: =O72/N72*100 -> 93.221892 | Q72: =O72-N72 -> -82029.037 | R72: =O72/$O$71*100 -> 99.780596 | S72: =VLOOKUP(C72,Спасский!$J$9:$M$160,2,0) -> 804225.99 | T72: =VLOOKUP(C72,Спасский!$J$9:$L$160,3,0) -> 791866.51 | U72: =T72/S72*100 -> 98.463183 | V72: =T72-S72 -> -12359.479 | W72: =T72/$T$71*100 -> 99.976653 | X72: =VLOOKUP(C72,Черниговский!$C$7:$F$97,2,0) -> 728188.06 | Y72: =VLOOKUP(C72,Черниговский!$C$7:$F$97,3,0) -> 705094.07 | Z72: =Y72/X72*100 -> 96.828568 | AA72: =Y72-X72 -> -23093.99 | AB72: =Y72/$Y$71*100 -> 100
A73: Дотации бюджетам субъектов Российской Федерации и муниципальных образований | C73: 000 2 02 10000 00 0000 150 | D73: 137318.66 | E73: 137318.66 | F73: =E73/D73*100 -> 100 | G73: =E73-D73 -> 0 | H73: =E73/$E$71*100 -> 23.462008 | I73: =I74+I75 -> 161965.46 | J73: =J74+J75 -> 161965.46 | K73: =J73/I73*100 -> 100 | L73: =J73-I73 -> 0 | M73: =J73/$J$71*100 -> 43.21644 | N73: =VLOOKUP(C73,Красноармейский!$A$5:$E$79,4,0) -> 382462.89 | O73: =VLOOKUP(C73,Красноармейский!$A$5:$E$79,5,0) -> 382462.89 | P73: =O73/N73*100 -> 100 | Q73: =O73-N73 -> 0 | R73: =O73/$O$71*100 -> 33.826602 | S73: =VLOOKUP(C73,Спасский!$J$9:$M$160,2,0) -> 161930.45 | T73: =VLOOKUP(C73,Спасский!$J$9:$L$160,3,0) -> 161930.45 | U73: =T73/S73*100 -> 100 | V73: =T73-S73 -> 0 | W73: =T73/$T$71*100 -> 20.444437 | X73: =VLOOKUP(C73,Черниговский!$C$7:$F$97,2,0) -> 40941.47 | Y73: =VLOOKUP(C73,Черниговский!$C$7:$F$97,3,0) -> 40941.47 | Z73: =Y73/X73*100 -> 100 | AA73: =Y73-X73 -> 0 | AB73: =Y73/$Y$71*100 -> 5.8065259
A74: Дотации бюджетам муниципальных районов на выравнивание бюджетной обеспеченности | C74: 000 2 02 15001 05 0000 150 | D74: 106484.18 | E74: 106484.18 | F74: =E74/D74*100 -> 100 | G74: =E74-D74 -> 0 | H74: =E74/$E$71*100 -> 18.193687 | I74: =VLOOKUP(A73,Дальнереч!$B$5:$E$71,3,0) -> 141625.72 | J74: =VLOOKUP(A73,Дальнереч!$B$5:$E$71,4,0) -> 141625.72 | K74: =J74/I74*100 -> 100 | L74: =J74-I74 -> 0 | M74: =J74/$J$71*100 -> 37.789288 | N74: =VLOOKUP(C74,Красноармейский!$A$5:$E$79,4,0) -> 349034.13 | O74: =VLOOKUP(C74,Красноармейский!$A$5:$E$79,5,0) -> 349034.13 | P74: =O74/N74*100 -> 100 | Q74: =O74-N74 -> 0 | R74: =O74/$O$71*100 -> 30.870024 | S74: =VLOOKUP(C74,Спасский!$J$9:$M$160,2,0) -> 133794.52 | T74: =VLOOKUP(C74,Спасский!$J$9:$L$160,3,0) -> 133794.52 | U74: =T74/S74*100 -> 100 | V74: =T74-S74 -> 0 | W74: =T74/$T$71*100 -> 16.892151
A75: Дотации бюджетам муниципальных районов на поддержку мер по обеспечению сбалансированности бюджетов | C75: 000 2 02 15002 05 0000 150 | D75: 30834.48 | E75: 30834.48 | F75: =E75/D75*100 -> 100 | G75: =E75-D75 -> 0 | H75: =E75/$E$71*100 -> 5.2683214 | I75: =VLOOKUP(A75,Дальнереч!$B$5:$E$71,3,0) -> 20339.74 | J75: =VLOOKUP(A75,Дальнереч!$B$5:$E$71,4,0) -> 20339.74 | K75: =J75/I75*100 -> 100 | L75: =J75-I75 -> 0 | M75: =J75/$J$71*100 -> 5.4271518 | N75: =VLOOKUP(C75,Красноармейский!$A$5:$E$79,4,0) -> 23428.76 | O75: =VLOOKUP(C75,Красноармейский!$A$5:$E$79,5,0) -> 23428.76 | P75: =O75/N75*100 -> 100 | Q75: =O75-N75 -> 0 | R75: =O75/$O$71*100 -> 2.0721366 | S75: =VLOOKUP(C75,Спасский!$J$9:$M$160,2,0) -> 28135.93 | T75: =VLOOKUP(C75,Спасский!$J$9:$L$160,3,0) -> 28135.93 | U75: =T75/S75*100 -> 100 | V75: =T75-S75 -> 0 | W75: =T75/$T$71*100 -> 3.5522858 | X75: 40941.47 | Y75: 40941.47 | Z75: =Y75/X75*100 -> 100 | AA75: =Y75-X75 -> 0 | AB75: =Y75/$Y$71*100 -> 5.8065259
A76: Субсидии бюджетам бюджетной системы Российской Федерации (межбюджетные субсидии) | C76: 000 2 02 20000 00 0000 150 | D76: 44518.484 | E76: 43242.73 | F76: =E76/D76*100 -> 97.134328 | G76: =E76-D76 -> -1275.7537 | H76: =E76/$E$71*100 -> 7.3883718 | I76: =VLOOKUP(A76,Дальнереч!$B$5:$E$71,3,0) -> 19601.179 | J76: =VLOOKUP(A76,Дальнереч!$B$5:$E$71,4,0) -> 19599.523 | K76: =J76/I76*100 -> 99.991551 | L76: =J76-I76 -> -1.65611 | M76: =J76/$J$71*100 -> 5.2296434 | N76: =VLOOKUP(C76,Красноармейский!$A$5:$E$79,4,0) -> 456677.29 | O76: =VLOOKUP(C76,Красноармейский!$A$5:$E$79,5,0) -> 409089.52 | P76: =O76/N76*100 -> 89.579562 | Q76: =O76-N76 -> -47587.776 | R76: =O76/$O$71*100 -> 36.181571 | S76: =VLOOKUP(C76,Спасский!$J$9:$M$160,2,0) -> 213025.7 | T76: =VLOOKUP(C76,Спасский!$J$9:$L$160,3,0) -> 209735.11 | U76: =T76/S76*100 -> 98.45531 | V76: =T76-S76 -> -3290.5876 | W76: =T76/$T$71*100 -> 26.479987 | X76: =VLOOKUP(C76,Черниговский!$C$7:$F$97,2,0) -> 77423.68 | Y76: =VLOOKUP(C76,Черниговский!$C$7:$F$97,3,0) -> 77285.08 | Z76: =Y76/X76*100 -> 99.820985 | AA76: =Y76-X76 -> -138.6 | AB76: =Y76/$Y$71*100 -> 10.96096
A77: Субсидии бюджетам муниципальных районов на оснащение объектов спортивной инфраструктуры спортивно-технологическим оборудованием | C77: 000 2 02 25228 05 0000 150 | D77: 20408.164 | E77: 20408.164 | F77: =E77/D77*100 -> 100 | G77: =E77-D77 -> 0 | H77: =E77/$E$71*100 -> 3.4869006
A78: Субсидии бюджетам муниципальных районов на обеспечение развития и укрепления материально-технической базы домов культуры в населенных пунктах с числом жителей до 50 тысяч человек | C78: 000 2 02 25467 05 0000 150 | D78: 346.244 | E78: 346.244 | F78: =E78/D78*100 -> 100 | G78: =E78-D78 -> 0 | H78: =E78/$E$71*100 -> 0.0591586
A79: Субсидии бюджетам на создание в общеобразовательных организациях, расположенных в сельской местности, условий для занятий физической культурой и спортом | C79: 000 2 02 25097 05 0000 150 | D79: 2152.769 | E79: 2152.769 | F79: =E79/D79*100 -> 100 | G79: =E79-D79 -> 0 | H79: =E79/$E$71*100 -> 0.36781807 | X79: 1215.79 | Y79: 1215.79 | Z79: =Y79/X79*100 -> 100 | AA79: =Y79-X79 -> 0 | AB79: =Y79/$Y$71*100 -> 0.17242947
A80: Субсидии бюджетам на реализацию мероприятий по обеспечению жильем молодых семей | C80: 000 2 02 25497 00 0000 150 | X80: 812.75 | Y80: 812.75 | Z80: =Y80/X80*100 -> 100 | AA80: =Y80-X80 -> 0 | AB80: =Y80/$Y$71*100 -> 0.11526831
A81: Субсидии на поддержку экономического и социального развития коренных малочисленных народов Севера, Сибири и Дальнего Востока | C81: 000 2 02 25515 05 0000 150 | N81: =VLOOKUP(C81,Красноармейский!$A$5:$E$79,4,0) -> 483.46591 | O81: =VLOOKUP(C81,Красноармейский!$A$5:$E$79,5,0) -> 483.46591 | P81: =O81/N81*100 -> 100 | Q81: =O81-N81 -> 0 | R81: =O81/$O$71*100 -> 0.042759728
A82: Субсидии бюджетам муниципальных районов на поддержку отрасли культуры | C82: 000 2 02 25519 05 0000 150 | D82: 90.909 | E82: 90.9091 | F82: =E82/D82*100 -> 100.00011 | G82: =E82-D82 -> 0.0001 | H82: =E82/$E$71*100 -> 0.015532558 | X82: 33436.76 | Y82: 33436.76 | Z82: =Y82/X82*100 -> 100 | AA82: =Y82-X82 -> 0 | AB82: =Y82/$Y$71*100 -> 4.7421701
A83: Прочие субсидии бюджетам муниципальных районов | C83: 000 2 02 29999 05 0000 150 | D83: 21520.398 | E83: 20244.644 | F83: =E83/D83*100 -> 94.071887 | G83: =E83-D83 -> -1275.7535 | H83: =E83/$E$71*100 -> 3.458962 | I83: =VLOOKUP(A83,Дальнереч!$B$5:$E$71,3,0) -> 19601.179 | J83: =VLOOKUP(A83,Дальнереч!$B$5:$E$71,4,0) -> 19599.523 | K83: =J83/I83*100 -> 99.991551 | L83: =J83-I83 -> -1.65611 | M83: =J83/$J$71*100 -> 5.2296434 | N83: =VLOOKUP(C83,Красноармейский!$A$5:$E$79,4,0) -> 422281.06 | O83: =VLOOKUP(C83,Красноармейский!$A$5:$E$79,5,0) -> 378218.37 | P83: =O83/N83*100 -> 89.565554 | Q83: =O83-N83 -> -44062.689 | R83: =O83/$O$71*100 -> 33.451199 | S83: =VLOOKUP(C83,Спасский!$J$9:$M$160,2,0) -> 213025.7 | T83: =VLOOKUP(C83,Спасский!$J$9:$L$160,3,0) -> 209735.11 | U83: =T83/S83*100 -> 98.45531 | V83: =T83-S83 -> -3290.5876 | W83: =T83/$T$71*100 -> 26.479987 | X83: 41958.38 | Y83: 41819.78 | Z83: =Y83/X83*100 -> 99.669673 | AA83: =Y83-X83 -> -138.6 | AB83: =Y83/$Y$71*100 -> 5.9310923
A84: Субсидии бюджетам муниципальных образований на капитальный ремонт зданий муниципальных общеобразовательных организаций | N84: 5199.9944 | O84: 5199.9944 | P84: =O84/N84*100 -> 100 | Q84: =O84-N84 -> 0 | R84: =O84/$O$71*100 -> 0.45990905
A85: Субсидии бюжетам муниципальных образований на капитальный ремонт зданий и благоустройство территорий муниципальных образовательных организаций, оказывающие услуги дошкольного образования | N85: 4690.1823 | O85: 4690.1823 | P85: =O85/N85*100 -> 100 | Q85: =O85-N85 -> 0 | R85: =O85/$O$71*100 -> 0.41481915
A86: Субсидии бюджетам муниципальных образований на комплектование книжных фондов и обеспечение информационно-техническим оборудованием библиотек | N86: 226.44289 | O86: 226.4427 | P86: =O86/N86*100 -> 99.999916 | Q86: =O86-N86 -> -0.00019 | R86: =O86/$O$71*100 -> 0.02002753
A87: Субсидии бюджетам муниципальных образований на обеспечение граждан твердым топливом | N87: 3445.1882 | O87: 2733.8848 | P87: =O87/N87*100 -> 79.353715 | Q87: =O87-N87 -> -711.30339 | R87: =O87/$O$71*100 -> 0.2417961
A88: Субсидии бюджетам муниципальных образований в целях софинансирования муниципальных программ (подпрограмм муниципальных программ) в области использования и охраны водных объектов | N88: 6638.5462 | O88: 6638.5462 | P88: =O88/N88*100 -> 100 | Q88: =O88-N88 -> 0 | R88: =O88/$O$71*100 -> 0.58714052
A89: Субсидии бюджетам муниципальных образований на капитальный ремонт и ремонт автомобильных дорог общего пользования населенных пунктов за счет дорожного фонда Приморского края | N89: 10000 | O89: 10000 | P89: =O89/N89*100 -> 100 | Q89: =O89-N89 -> 0 | R89: =O89/$O$71*100 -> 0.88444142
A90: Резервный фонд Правительства Приморского края по ликвидации чрезвычайных ситуаций природного и техногенного характера | N90: 3712.4124 | O90: 898.62895 | P90: =O90/N90*100 -> 24.206065 | Q90: =O90-N90 -> -2813.7834 | R90: =O90/$O$71*100 -> 0.079478467
A91: Субвенции бюджетам субъектов Российской Федерации и муниципальных образований | C91: 000 2 02 30000 00 0000 150 | D91: 384691.66 | E91: 362226.22 | F91: =E91/D91*100 -> 94.160145 | G91: =E91-D91 -> -22465.437 | H91: =E91/$E$71*100 -> 61.889292 | I91: =VLOOKUP(A91,Дальнереч!$B$5:$E$71,3,0) -> 185947.16 | J91: =VLOOKUP(A91,Дальнереч!$B$5:$E$71,4,0) -> 182765.15 | K91: =J91/I91*100 -> 98.288757 | L91: =J91-I91 -> -3182.008 | M91: =J91/$J$71*100 -> 48.766318 | N91: =VLOOKUP(C91,Красноармейский!$A$5:$E$79,4,0) -> 347324.99 | O91: =VLOOKUP(C91,Красноармейский!$A$5:$E$79,5,0) -> 317963.96 | P91: =O91/N91*100 -> 91.546526 | Q91: =O91-N91 -> -29361.027 | R91: =O91/$O$71*100 -> 28.12205 | S91: =VLOOKUP(C91,Спасский!$J$9:$M$160,2,0) -> 403827.1 | T91: =VLOOKUP(C91,Спасский!$J$9:$L$160,3,0) -> 397133.99 | U91: =T91/S91*100 -> 98.342582 | V91: =T91-S91 -> -6693.1039 | W91: =T91/$T$71*100 -> 50.139925 | X91: =VLOOKUP(C91,Черниговский!$C$7:$F$97,2,0) -> 581274.91 | Y91: =VLOOKUP(C91,Черниговский!$C$7:$F$97,3,0) -> 561877.08 | Z91: =Y91/X91*100 -> 96.662882 | AA91: =Y91-X91 -> -19397.83 | AB91: =Y91/$Y$71*100 -> 79.688244
A92: Субвенции бюджетам муниципальных районов на выполнение передаваемых полномочий субъектов Российской Федерации | C92: 000 2 02 30024 05 0000 150 | D92: 350890.8 | E92: 332745.3 | F92: =E92/D92*100 -> 94.828733 | G92: =E92-D92 -> -18145.501 | H92: =E92/$E$71*100 -> 56.852238 | I92: =VLOOKUP(A92,Дальнереч!$B$5:$E$71,3,0) -> 175800.49 | J92: =VLOOKUP(A92,Дальнереч!$B$5:$E$71,4,0) -> 173737.14 | K92: =J92/I92*100 -> 98.82631 | L92: =J92-I92 -> -2063.3533 | M92: =J92/$J$71*100 -> 46.357418 | N92: =VLOOKUP(C92,Красноармейский!$A$5:$E$79,4,0) -> 330600.1 | O92: =VLOOKUP(C92,Красноармейский!$A$5:$E$79,5,0) -> 302897.79 | P92: =O92/N92*100 -> 91.6206 | Q92: =O92-N92 -> -27702.304 | R92: =O92/$O$71*100 -> 26.789535 | S92: =VLOOKUP(C92,Спасский!$J$9:$M$160,2,0) -> 381599.79 | T92: =VLOOKUP(C92,Спасский!$J$9:$L$160,3,0) -> 376304.87 | U92: =T92/S92*100 -> 98.612442 | V92: =T92-S92 -> -5294.9194 | W92: =T92/$T$71*100 -> 47.510156 | X92: 536942.4 | Y92: 520811.21 | Z92: =Y92/X92*100 -> 96.995732 | AA92: =Y92-X92 -> -16131.19 | AB92: =Y92/$Y$71*100 -> 73.864075
A93: Субвенции бюджетам муниципальных районов на компенсацию части платы, взимаемой с родителей (законных представителей) за присмотр и уход за детьми, посещающими образовательные организации, реализующие образовательные программы дошкольного образования | C93: 000 2 02 30029 05 0000 150 | D93: 5458.426 | E93: 5193.5132 | F93: =E93/D93*100 -> 95.146718 | G93: =E93-D93 -> -264.9128 | H93: =E93/$E$71*100 -> 0.88735392 | I93: =VLOOKUP(A93,Дальнереч!$B$5:$E$71,3,0) -> 1655.029 | J93: =VLOOKUP(A93,Дальнереч!$B$5:$E$71,4,0) -> 1589.4674 | K93: =J93/I93*100 -> 96.038646 | L93: =J93-I93 -> -65.56155 | M93: =J93/$J$71*100 -> 0.42410971 | N93: =VLOOKUP(C93,Красноармейский!$A$5:$E$79,4,0) -> 3801.427 | O93: =VLOOKUP(C93,Красноармейский!$A$5:$E$79,5,0) -> 3801.427 | P93: =O93/N93*100 -> 100 | Q93: =O93-N93 -> 0 | R93: =O93/$O$71*100 -> 0.33621395 | S93: =VLOOKUP(C93,Спасский!$J$9:$M$160,2,0) -> 4800.339 | T93: =VLOOKUP(C93,Спасский!$J$9:$L$160,3,0) -> 4455.0392 | U93: =T93/S93*100 -> 92.806763 | V93: =T93-S93 -> -345.29977 | W93: =T93/$T$71*100 -> 0.56246843 | X93: 7061.74 | Y93: 6818.04 | Z93: =Y93/X93*100 -> 96.549009 | AA93: =Y93-X93 -> -243.7 | AB93: =Y93/$Y$71*100 -> 0.96696885
A94: Субвенции бюджетам муниципальных районов на предоставление жилых помещений детям-сиротам и детям, оставшимся без попечения родителей, лицам из их числа по договорам найма специализированных жилых помещений | C94: 000 2 02 35082 05 0000 150 | D94: 10000 | E94: 9907.4675 | F94: =E94/D94*100 -> 99.074675 | G94: =E94-D94 -> -92.53246 | H94: =E94/$E$71*100 -> 1.6927713 | X94: 12720.14 | Y94: 11001.88 | Z94: =Y94/X94*100 -> 86.491815 | AA94: =Y94-X94 -> -1718.26 | AB94: =Y94/$Y$71*100 -> 1.5603422
A95: Субвенции бюджетам муниципальных районов на осуществление полномочий по составлению (изменению) списков кандидатов в присяжные заседатели федеральных судов общей юрисдикции в Российской Федерации | C95: 000 2 02 35120 05 0000 150 | D95: 34.999 | E95: 34.99904 | F95: =E95/D95*100 -> 100.00011 | G95: =E95-D95 -> 4e-05 | H95: =E95/$E$71*100 -> 0.0059798703 | I95: =VLOOKUP(A95,Дальнереч!$B$5:$E$71,3,0) -> 13.47936 | J95: =VLOOKUP(A95,Дальнереч!$B$5:$E$71,4,0) -> 13.47936 | K95: =J95/I95*100 -> 100 | L95: =J95-I95 -> 0 | M95: =J95/$J$71*100 -> 0.0035966307 | N95: =VLOOKUP(C95,Красноармейский!$A$5:$E$79,4,0) -> 23.29328 | O95: =VLOOKUP(C95,Красноармейский!$A$5:$E$79,5,0) -> 23.29328 | P95: =O95/N95*100 -> 100 | Q95: =O95-N95 -> 0 | R95: =O95/$O$71*100 -> 0.0020601542 | S95: =VLOOKUP(C95,Спасский!$J$9:$M$160,2,0) -> 42.32992 | T95: =VLOOKUP(C95,Спасский!$J$9:$L$160,3,0) -> 13.471 | U95: =T95/S95*100 -> 31.823826 | V95: =T95-S95 -> -28.85892 | W95: =T95/$T$71*100 -> 0.0017007734 | X95: 49.31 | Z95: =Y95/X95*100 -> 0 | AA95: =Y95-X95 -> -49.31 | AB95: =Y95/$Y$71*100 -> 0
A96: Субвенции бюджетам муниципальных районов на выплату единовременного пособия при всех формах устройства детей, лишенных родительского попечения, в семью | C96: 000 2 02 35260 05 0000 150 | D96: 621.79 | E96: 614.79252 | F96: =E96/D96*100 -> 98.874623 | G96: =E96-D96 -> -6.99748 | H96: =E96/$E$71*100 -> 0.1050423 | I96: 214.09 | J96: 116.04 | K96: =J96/I96*100 -> 54.201504 | L96: =J96-I96 -> -98.05 | M96: =J96/$J$71*100 -> 0.030962377 | S96: 989.91 | T96: 932.89 | U96: =T96/S96*100 -> 94.23988 | V96: =T96-S96 -> -57.02 | W96: =T96/$T$71*100 -> 0.11778149 | X96: 637.39 | Y96: 543.93 | Z96: =Y96/X96*100 -> 85.337078 | AA96: =Y96-X96 -> -93.46 | AB96: =Y96/$Y$71*100 -> 0.077142898
A97: Субвенции бюджетам муниципальных районов на организацию бесплатного горячего питания обучающихся, получающих начальное общее образование в государственных и муниципальных образовательных организациях | C97: 000 2 02 35304 05 0000 150 | D97: 13078.1 | E97: 9285.2511 | F97: =E97/D97*100 -> 70.998471 | G97: =E97-D97 -> -3792.8489 | H97: =E97/$E$71*100 -> 1.5864606 | I97: 4890.9 | J97: 4011.87 | K97: =J97/I97*100 -> 82.027234 | L97: =J97-I97 -> -879.03 | M97: =J97/$J$71*100 -> 1.0704674 | N97: 9531.9 | O97: 7964.83 | P97: =O97/N97*100 -> 83.559731 | Q97: =O97-N97 -> -1567.07 | R97: =O97/$O$71*100 -> 0.70444256 | S97: 12352.2 | T97: 11424.43 | U97: =T97/S97*100 -> 92.48903 | V97: =T97-S97 -> -927.77 | W97: =T97/$T$71*100 -> 1.4423849 | X97: 18885.3 | Y97: 17951.42 | Z97: =Y97/X97*100 -> 95.05499 | AA97: =Y97-X97 -> -933.88 | AB97: =Y97/$Y$71*100 -> 2.545961
A98: Субвенции бюджетам муниципальных районов на проведение Всероссийской переписи населения 2020 года | C98: 000 2 02 35469 05 0000 150 | D98: 358.344 | E98: 195.7001 | F98: =E98/D98*100 -> 54.612356 | G98: =E98-D98 -> -162.6439 | H98: =E98/$E$71*100 -> 0.033436952 | I98: 153.58 | J98: 77.56 | K98: =J98/I98*100 -> 50.501367 | L98: =J98-I98 -> -76.02 | M98: =J98/$J$71*100 -> 0.02069495 | N98: 255.96 | O98: 164.3 | P98: =O98/N98*100 -> 64.189717 | Q98: =O98-N98 -> -91.66 | R98: =O98/$O$71*100 -> 0.014531373 | S98: 358.34 | T98: 319.12 | U98: =T98/S98*100 -> 89.055087 | V98: =T98-S98 -> -39.22 | W98: =T98/$T$71*100 -> 0.040290313 | X98: 460.73 | Y98: 232.69 | Z98: =Y98/X98*100 -> 50.504634 | AA98: =Y98-X98 -> -228.04 | AB98: =Y98/$Y$71*100 -> 0.03300127
A99: Субвенции бюджетам муниципальных районов на государственную регистрацию актов гражданского состояния | C99: 000 2 02 35930 05 0000 150 | D99: 1539.878 | E99: 1539.878 | F99: =E99/D99*100 -> 100 | G99: =E99-D99 -> 0 | H99: =E99/$E$71*100 -> 0.26310067 | I99: =VLOOKUP(A99,Дальнереч!$B$5:$E$71,3,0) -> 1046.394 | J99: =VLOOKUP(A99,Дальнереч!$B$5:$E$71,4,0) -> 1046.394 | K99: =J99/I99*100 -> 100 | L99: =J99-I99 -> 0 | M99: =J99/$J$71*100 -> 0.27920412 | N99: 1143.28 | O99: 1143.28 | P99: =O99/N99*100 -> 100 | Q99: =O99-N99 -> 0 | R99: =O99/$O$71*100 -> 0.10111642 | S99: 1395.19 | T99: 1395.13 | U99: =T99/S99*100 -> 99.9957 | V99: =T99-S99 -> -0.06 | W99: =T99/$T$71*100 -> 0.17614134 | X99: 2092.79 | Y99: 2092.79 | Z99: =Y99/X99*100 -> 100 | AA99: =Y99-X99 -> 0 | AB99: =Y99/$Y$71*100 -> 0.29681004
A100: Единая субвенция бюджетам муниципальных районов из бюджета субъекта Российской Федерации | C100: 000 2 02 36900 05 0000 150 | D100: 2408.852 | E100: 2408.852 | F100: =E100/D100*100 -> 100 | G100: =E100-D100 -> 0 | H100: =E100/$E$71*100 -> 0.41157193 | I100: 1969.03 | J100: 1969.03 | K100: =J100/I100*100 -> 100 | L100: =J100-I100 -> 0 | M100: =J100/$J$71*100 -> 0.5253865 | N100: 1969.03 | O100: 1969.03 | P100: =O100/N100*100 -> 100 | Q100: =O100-N100 -> 0 | R100: =O100/$O$71*100 -> 0.17414917 | S100: 2016.76 | T100: 2016.76 | U100: =T100/S100*100 -> 100 | V100: =T100-S100 -> 0 | W100: =T100/$T$71*100 -> 0.25462488 | X100: 2016.76 | Y100: 2016.76 | Z100: =Y100/X100*100 -> 100 | AA100: =Y100-X100 -> 0 | AB100: =Y100/$Y$71*100 -> 0.28602708
...

Sheet Дальнереч
I1: 1000
A2: тыс. рублей
A3: Код бюджетной классификации Российской Федерации | B3: Наименование доходов | C3: Первоначальный план | D3: План уточненный на 2021 год | E3: Фактическое исполнение за 2021 год | F3: Исполнение к первоначальному плану (%) | G3: Исполнение к уточненному плану (%)
A4: 1 | B4: 2 | C4: 3 | D4: 3 | E4: 4 | F4: 6 | G4: 5
A5: 100 00000 00 0000 000 | B5: НАЛОГОВЫЕ И НЕНАЛОГОВЫЕ ДОХОДЫ | C5: 122755.73 | D5: 123206.71 | E5: 137803.94 | F5: 112.25866 | G5: 111.84776
B6: Налоговые доходы | C6: 111203.53 | D6: 113351.84 | E6: 126700.78 | F6: 113.93594 | G6: 111.77656
A7: 101 00000 00 0000000 | B7: НАЛОГИ НА ПРИБЫЛЬ, ДОХОДЫ | C7: 99862 | D7: 99862 | E7: 112544.42 | F7: 112.69995 | G7: 112.69995
A8: 101 02000 01 0000 110 | B8: Налог на доходы физических лиц | C8: 99862 | D8: 99862 | E8: 112544.42 | F8: 112.69995 | G8: 112.69995
A9: 103 02000 01 0000 110 | B9: Акцизы по подакцизным товарам (продукции), производимым на территории Российской Федерации | C9: 10440.53 | D9: 10891.51 | E9: 11100.889 | F9: 106.32495 | G9: 101.9224
A10: 103 02230 01 0000 110 | B10: Доходы от уплаты акцизов на дизельное топливо, подлежащие распределению между бюджетами субъектов Российской Федерации и местными бюджетами с учетом установленных дифференцированных нормативов отчислений в местные бюджеты | C10: 4768.765 | D10: 5000.99 | E10: 5124.8317 | F10: 107.46664 | G10: 102.47634
A11: 103 02240 01 0000 110 | B11: Доходы от уплаты акцизов на моторные масла для дизельных и (или) карбюраторных (инжекторных) двигателей, подлежащие распределению между бюджетами субъектов Российской Федерации и местными бюджетами с учетом установленных дифференцированных нормативов отчислений в местные бюджеты | C11: 25.775 | D11: 28.5 | E11: 36.0416 | F11: 139.83162 | G11: 126.46175
A12: 103 02250 01 0000 110 | B12: Доходы от уплаты акцизов на автомобильный бензин, подлежащие распределению между бюджетами субъектов Российской Федерации и местными бюджетами с учетом установленных дифференцированных нормативов отчислений в местные бюджеты | C12: 6387.786 | D12: 6578.51 | E12: 6813.9308 | F12: 106.67124 | G12: 103.57863
A13: 103 02260 01 0000 110 | B13: Доходы от уплаты акцизов на прямогонный бензин, подлежащие распределению между бюджетами субъектов Российской Федерации и местными бюджетами с учетом установленных дифференцированных нормативов отчислений в местные бюджеты | C13: -741.796 | D13: -716.49 | E13: -873.91537 | F13: 117.81074 | G13: 121.97175
A14: 105 00000 00 0000 000 | B14: Налоги на совокупный доход | C14: 696 | D14: 2393.3263 | E14: 2792.3728 | F14: 401.20299 | G14: 116.6733
C15: 0 | D15: 0 | E15: 0
A16: 105 02000 02 0000 110 | B16: Единый налог на вмененный доход для отдельных видов деятельности | C16: 377 | D16: 458.82609 | E16: 461.61866 | F16: 122.44527 | G16: 100.60863
A17: 105 01000 00 0000 110 | B17: Налог, взимаемый в связи с применением упрощенной системы налогообложения | C17: 168 | D17: 168 | E17: 209.19958 | F17: 124.52356 | G17: 124.52356
A18: 105 03000 01 0000 110 | B18: Единый сельскохозяйственный налог | C18: 141 | D18: 890.30021 | E18: 890.34695 | F18: 631.45174 | G18: 100.00525
A19: 105 04000 02 0000 110 | B19: Налог, взимаемый в связи с применением патентной системы налогообложения | C19: 10 | D19: 876.2 | E19: 1231.2076 | F19: 12312.076 | G19: 140.51674
A20: 106 00000 00 0000 000 | B20: Налоги на имущество, всего | C20: 5 | D20: 5 | E20: -18.68344 | F20: -373.6688 | G20: -373.6688
A21: 106 01030 05 0000 110 | B21: Налог на имущество физических лиц, взимаемый по ставкам, применяемым к объектам налогообложения, расположенным в границах межселенных территорий | C21: 0 | D21: 0 | E21: -16.14546 | G21: 0
A22: 106 06000 00 0000 110 | B22: Земельный налог | C22: 5 | D22: 5 | E22: -2.53798 | F22: -50.7596 | G22: -50.7596
A23: 108 00000 00 0000 000 | B23: ГОСУДАРСТВЕННАЯ ПОШЛИНА | C23: 200 | D23: 200 | E23: 323.77686 | F23: 161.88843 | G23: 161.88843
A24: 109 00000 00 0000 000 | B24: Задолженность и перерасчеты по отмененным налогам, сборам и иным обязательным платежам | C24: 0 | D24: 0 | E24: -41.99188
B25: Неналоговые доходы всего: | C25: 11552.2 | D25: 9854.8737 | E25: 11103.158 | F25: 96.112932 | G25: 112.66667
A26: 111 00000 00 0000 120 | B26: Доходы от использования имущества, находящегося в государственной и муниципальной собственности | C26: 11252.2 | D26: 8573.818 | E26: 9039.0985 | F26: 80.331833 | G26: 105.42676
A27: 111 05013 05 0000 120 | B27: Доходы, получаемые в виде арендной платы за земельные участки, государственная собственность на которые не разграничена и которые расположены в границах сельских поселений и межселенных территорий муниципальных районов, а также средства от продажи права на заключение договоров аренды указанных земельных участков | C27: 9558 | D27: 6908 | E27: 7272.6153 | F27: 76.0893 | G27: 105.27816
A28: 111 05035 05 0000 120 | B28: Доходы от сдачи в аренду имущества, находящегося в оперативном управлении органов управления муниципальных районов и созданных ими учреждений (за исключением имущества муниципальных бюджетных и автономных учреждений) | C28: 395 | D28: 366.618 | E28: 357.802 | F28: 90.582785 | G28: 97.595317
A29: 111 05075 05 0000 120 | B29: Доходы от сдачи в аренду имущества, составляющего казну муниципальных районов (за исключением земельных участков) | C29: 815.2 | D29: 815.2 | E29: 859.03747 | F29: 105.37751 | G29: 105.37751
A30: 111 09045 05 0000 120 | B30: Прочие поступления от использования имущества, находящегося в собственности муниципальных районов (за исключением имущества муниципальных бюджетных и автономных учреждений, а также имущества муниципальных унитарных предприятий, в том числе казенных) | C30: 484 | D30: 484 | E30: 549.64371 | F30: 113.56275 | G30: 113.56275
A31: 112 00000 00 0000 120 | B31: Платежи при пользовании природными ресурсами | C31: 90 | D31: 53.74686 | E31: 53.74686 | F31: 59.718733 | G31: 100
A32: 112 01000 01 0000 120 | B32: Плата за негативное воздействие на окружающую среду | C32: 90 | D32: 53.74686 | E32: 53.74686 | F32: 59.718733 | G32: 100
C33: 0 | D33: 0 | E33: 0
A34: 113 00000 00 0000 000 | B34: Доходы от оказания платных услуг (работ) и компенсации затрат государства | C34: 90 | D34: 90 | E34: 408.1282 | F34: 453.47578 | G34: 453.47578
A35: 114 00000 00 0000 000 | B35: Доходы от продажи материальных и нематериальных активов | C35: 0 | D35: 453.67493 | E35: 469.13393 | G35: 103.40751
B36: из них: | C36: 0 | D36: 0 | E36: 0 | F36: #DIV/0! | G36: #DIV/0!
A37: 114 02053 05 0000 410 | B37: Доходы от реализации иного имущества, находящегося в собственности муниципальных районов (за исключением имущества муниципальных бюджетных и автономных учреждений, а также имущества муниципальных унитарных предприятий, в том числе казенных), в части реализации основных средств по указанному имуществу | C37: 0 | D37: 0 | E37: 0 | F37: #DIV/0! | G37: #DIV/0!
A38: 114 06013 10 0000 430 | B38: Доходы от продажи земельных участков, государственная собственность на которые не разграничена и которые расположены в границах сельских поселений | C38: 0 | D38: 453.67493 | E38: 469.13393 | G38: 103.40751
A39: 116 00000 00 0000 000 | B39: Штрафы, санкции, возмещение ущерба | C39: 120 | D39: 683.63391 | E39: 1130.6127 | F39: 942.17722 | G39: 165.38276
A40: 117 00000 00 0000 000 | B40: ПРОЧИЕ НЕНАЛОГОВЫЕ ДОХОДЫ | C40: 0 | D40: 0 | E40: 2.43804 | G40: 0
A41: 200 00000 00 0000 000 | B41: БЕЗВОЗМЕЗДНЫЕ ПОСТУПЛЕНИЯ | C41: 348557.57 | D41: 381176.67 | E41: 374777.43 | F41: 107.52239 | G41: 98.321188
A42: 202 00000 00 0000 000 | B42: БЕЗВОЗМЕЗДНЫЕ ПОСТУПЛЕНИЯ ОТ ДРУГИХ БЮДЖЕТОВ БЮДЖЕТНОЙ СИСТЕМЫ РОССИЙСКОЙ ФЕДЕРАЦИИ | C42: 348557.57 | D42: 381176.67 | E42: 375095.98 | F42: 107.61378 | G42: 98.404757
A43: 202 1000 00 0000 150 | B43: Дотации бюджетам субъектов Российской Федерации и муниципальных образований | C43: 141625.72 | D43: 141625.72 | E43: 141625.72 | F43: 100 | G43: 100
A44: 202 15001 00 0000 150 | B44: Дотации на выравнивание бюджетной обеспеченности | C44: 0 | D44: 0 | E44: 0 | F44: #DIV/0! | G44: #DIV/0!
A45: 202 15002 05 0000 150 | B45: Дотации бюджетам муниципальных районов на поддержку мер по обеспечению сбалансированности бюджетов | C45: 0 | D45: 20339.74 | E45: 20339.74 | G45: 100
A46: 1 02 15002 00 000 151 | B46: Дотации бюджетам на поддержку мер по обеспечению сбалансированности бюджетов | C46: 0 | D46: 0 | E46: 0 | F46: #DIV/0! | G46: #DIV/0!
A47: 202 15853 05 0000 150 | B47: Дотации бюджетам муниципальных районов на поддержку мер по обеспечению сбалансированности бюджетов на реализацию мероприятий, связанных с обеспечением санитарно-эпидемиологической безопасности при подготовке к проведению общероссийского голосования по вопросу одобрения изменений в Конституцию Российской Федерации | C47: 0 | D47: 0 | E47: 0 | F47: 0 | G47: #DIV/0!
A48: 202 20000 00 0000 150 | B48: Субсидии бюджетам бюджетной системы Российской Федерации (межбюджетные субсидии) | C48: 12400.288 | D48: 19601.179 | E48: 19599.523 | F48: 158.057 | G48: 99.991551
A49: 202 25255 05 0000 150 | B49: Субсидии бюджетам муниципальных образований на благоустройство зданий общеобразовательных организаций в целях соблюдения требований к воздушно-тепловому режиму, водоснабжению и канализации | C49: 0 | D49: 0 | E49: 0 | F49: 0 | G49: #DIV/0!
A50: 202 29999 00 0000 150 | B50: Прочие субсидии | C50: 0 | D50: 0 | E50: 0 | F50: #DIV/0! | G50: #DIV/0!
A51: 202 29999 05 0000 150 | B51: Прочие субсидии бюджетам муниципальных районов | C51: 12400.288 | D51: 19601.179 | E51: 19599.523 | F51: 158.057 | G51: 99.991551
A52: 202 30000 00 0000 150 | B52: Субвенции бюджетам субъектов Российской Федерации и муниципальных образований | C52: 181193.57 | D52: 185947.16 | E52: 182765.15 | F52: 100.86735 | G52: 98.288757
A53: 202 35930 05 0000 150 | B53: Субвенции бюджетам муниципальных районов на государственную регистрацию актов гражданского состояния | C53: 1020.872 | D53: 1046.394 | E53: 1046.394 | F53: 102.50002 | G53: 100
A54: 202 35118 05 0000 150 | B54: Субвенции бюджетам муниципальных районов на осуществление первичного воинского учета на территориях, где отсутствуют военные комиссариаты | C54: 0 | D54: 0 | E54: 0 | F54: #DIV/0! | G54: 0
A55: 202 35120 05 0000 150 | B55: Субвенции бюджетам муниципальных районов на осуществление полномочий по составлению (изменению) списков кандидатов в присяжные заседатели федеральных судов общей юрисдикции в Российской Федерации | C55: 13.47936 | D55: 13.47936 | E55: 13.47936 | F55: 100 | G55: 100
A56: 202 30024 05 0000 150 | B56: Субвенции бюджетам муниципальных районов на выполнение передаваемых полномочий субъектов Российской Федерации | C56: 172946.9 | D56: 175800.49 | E56: 173737.14 | F56: 100.45693 | G56: 98.82631
A57: 202 30029 05 0000 150 | B57: Субвенции бюджетам муниципальных районов на компенсацию части платы, взимаемой с родителей (законных представителей) за присмотр и уход за детьми, посещающими образовательные организации, реализующие образовательные программы дошкольного образования | C57: 1838.647 | D57: 1655.029 | E57: 1589.4674 | F57: 86.447668 | G57: 96.038646
A58: 202 35260 05 0000 150 | B58: Субвенции бюджетам муниципальных районов на реализацию государственных полномочий при передаче ребеннка на воспитание в семью | C58: 482.7696 | D58: 214.0866 | E58: 116.03657 | F58: 24.0356 | G58: 54.200763
A59: 202 35304 05 0000 150 | B59: Субвенции бюджетам муниципальных районов на осуществление отдельных гос полномочий по обеспечению горячим питанием обучающихся, получающих начальное общее образование, софинанструемые за счет средств федерального бюджета | C59: 4890.9 | D59: 4890.9 | E59: 4011.87 | F59: 82.027234 | G59: 82.027234
A60: 202 35469 05 0000 150 | B60: Субвенции бюджетам на проведение Всероссийской переписи населения 2020 года | C60: 0 | D60: 153.576 | E60: 77.5629 | G60: 50.504571
A61: 202 36900 05 0000 150 | B61: Единая субвенция местным бюджетам из краевого бюджета | C61: 0 | D61: 1969.03 | E61: 1969.03 | G61: 100
A62: 202 39999 05 0000 150 | B62: Прочие субвенции бюджетам муниципальных районов, в т.ч. субвенции бюджетам муниципальных районов на реализацию полномочий РФ на государственную регистрацию актов гражданского состояния за счет средств краевого бюджета | C62: 0 | D62: 204.174 | E62: 204.174 | G62: 100
A63: 202 40000 00 0000 150 | B63: Иные межбюджетные трансферты | C63: 13338 | D63: 13662.868 | E63: 10765.84 | F63: 80.715548 | G63: 78.796337
A64: 202 40014 05 0000 150 | B64: Межбюджетные трансферты, передаваемые бюджетам муниципальных районов из бюджетов поселений на осуществление части полномочий по решению вопросов местного значения в соответствии с заключенными соглашениями | C64: 0 | D64: 324.86827 | E64: 319.87654 | G64: 98.46346
A65: 202 49999 05 0000 150 | B65: Иные межбюджетные трансферты бюджетам муниципальных образований на оказание содействия в подготовке проведения общероссийского голосования, а также в информировании граждан о такой подготовке | C65: 0 | D65: 0 | E65: 0 | G65: 100
A66: 202 45303 05 0000 150 | B66: Иные межбюджетные трансферты на ежемесячное денежное вознаграждение за классное руководство педагогическим работникам муниципальных общеобразовательных организаций | C66: 13338 | D66: 13338 | E66: 10445.963 | F66: 78.317313 | G66: 78.317313
B67: Возврат остатков субсидий, субвенций, имеющих целевое назначение прошлых лет | C67: 0 | D67: 0 | E67: -318.54857 | F67: 0 | G67: 0
A68: 218 05030 05 0000 150 | B68: Доходы бюджетов муниципальных районов от возврата иными организациями остатков субсидий прошлых лет | C68: 0 | D68: 0 | E68: 14.68006
A69: 219 25064 05 0000 150 | B69: Возврат остатков субсидий на государственную поддержку малого и среднего предпринимательства, включая крестьянские (фермерские) хозяйства, из бюджетов муниципальных районов | C69: 0 | D69: 0 | E69: -14.73732
A70: 219 25228 05 0000 150 | B70: Возврат остатков субсидий на оснащение объектов спортивной инфраструктуры спортивно-технологическим оборудованием из бюджетов муниципальных районов | C70: 0 | D70: 0 | E70: -318.49131
B71: Всего доходов | C71: 471313.3 | D71: 504383.38 | E71: 512581.37 | F71: 108.75597 | G71: 101.62535

Sheet Красноармейский
G1: 1000
B2: тыс. рублей
B3: Код бюджетной классификации Российской Федерации | C3: Наименование налога (сбора) | D3: план | E3: факт | F3: %
B4: 1 | C4: 2 | D4: 3 | E4: 4 | F4: 5
A5: 000 1 00 00000 00 0000 000 | B5: 1 00 00000 00 0000 000 | C5: НАЛОГОВЫЕ И НЕНАЛОГОВЫЕ ДОХОДЫ | D5: 111377 | E5: 118138.74 | F5: 106.1
A6: ="000 "&B6 -> 000 1 01 00000 00 0000 000 | B6: 1 01 00000 00 0000 000 | C6: НАЛОГИ НА ПРИБЫЛЬ, ДОХОДЫ | D6: 29685 | E6: 31042.142 | F6: 104.6
A7: ="000 "&B7 -> 000 1 01 02000 01 0000 110 | B7: 1 01 02000 01 0000 110 | C7: Налог на доходы физических лиц | D7: 29685 | E7: 31042.142 | F7: 104.6
A8: ="000 "&B8 -> 000 1 03 00000 00 0000 000 | B8: 1 03 00000 00 0000 000 | C8: НАЛОГИ НА ТОВАРЫ (РАБОТЫ, УСЛУГИ), РЕАЛИЗУЕМЫЕ НА ТЕРРИТОРИИ РОССИЙСКОЙ ФЕДЕРАЦИИ | D8: 46509 | E8: 48893.153 | F8: 105.1
A9: ="000 "&B9 -> 000 1 03 02000 01 0000 110 | B9: 1 03 02000 01 0000 110 | C9: Акцизы по подакцизным товарам (продукции), производимым на территории Российской Федерации | D9: 46509 | E9: 48893.153 | F9: 105.1
A10: ="000 "&B10 -> 000 1 05 00000 00 0000 000 | B10: 1 05 00000 00 0000 000 | C10: НАЛОГИ НА СОВОКУПНЫЙ ДОХОД | D10: 5396 | E10: 6335.8474 | F10: 117.4
A11: ="000 "&B11 -> 000 1 05 01000 01 0000 000 | B11: 1 05 01000 01 0000 000 | C11: Налог, взимаемый в связи с применением упрощенной системы налогообложения, в том числе минимальный налог | D11: 680 | E11: 703.00303 | F11: 103.4
A12: ="000 "&B12 -> 000 1 05 02000 02 0000 110 | B12: 1 05 02000 02 0000 110 | C12: Единый налог на вмененный доход для отдельных видов деятельности | D12: 1718 | E12: 1783.6047 | F12: 103.8
A13: ="000 "&B13 -> 000 1 05 03000 01 0000 110 | B13: 1 05 03000 01 0000 110 | C13: Единый сельскохозяйственный налог | D13: 118 | E13: 118.3194 | F13: 100.3
A14: ="000 "&B14 -> 000 1 05 04020 02 0000 110 | B14: 1 05 04020 02 0000 110 | C14: Налог, взимаемый в связи с применением патентной системы налогообложения, зачисляемый в бюджеты муниципальных районов | D14: 2880 | E14: 3730.9203 | F14: 129.5
A15: ="000 "&B15 -> 000 1 08 00000 00 0000 000 | B15: 1 08 00000 00 0000 000 | C15: ГОСУДАРСТВЕННАЯ ПОШЛИНА | D15: 1600 | E15: 1691.0471 | F15: 105.7
A16: ="000 "&B16 -> 000 1 08 03010 01 0000 110 | B16: 1 08 03010 01 0000 110 | C16: Государственная пошлина по делам, рассматриваемым в судах общей юрисдикции, мировыми судьями (за исключением Верховного Суда Российской Федерации) | D16: 1600 | E16: 1691.0471 | F16: 105.7
A17: ="000 "&B17 -> 000 1 09 07000 00 0000 110 | B17: 1 09 07000 00 0000 110 | C17: ПРОЧИЕ НАЛОГИ И СБОРЫ (по отмененным местным налогам и сборам) | D17: 0 | E17: 0.0732
A18: ="000 "&B18 -> 000 1 11 00000 00 0000 000 | B18: 1 11 00000 00 0000 000 | C18: ДОХОДЫ ОТ ИСПОЛЬЗОВАНИЯ ИМУЩЕСТВА, НАХОДЯЩЕГОСЯ В ГОСУДАРСТВЕННОЙ И МУНИЦИПАЛЬНОЙ СОБСТВЕННОСТИ | D18: 8503 | E18: 8850.6922 | F18: 104.1
A19: ="000 "&B19 -> 000 1 11 05013 05 0000 120 | B19: 1 11 05013 05 0000 120 | C19: Доходы, получаемые в виде арендной платы за земельные участки, государственная собственность на которые не разграничена и которые расположены в границах сельских поселений и межселенных территорий муниципальных районов, а также средства от продажи права на заключение договоров аренды указанных земельных участков | D19: 6926 | E19: 7219.7762 | F19: 104.2
A20: ="000 "&B20 -> 000 1 11 05013 13 0000 120 | B20: 1 11 05013 13 0000 120 | C20: Доходы, получаемые в виде арендной платы за земельные участки, государственная собственность на которые не разграничена и которые расположены в границах городских поселений, а также средства от продажи права на заключение договоров аренды указанных земельных участков | D20: 780 | E20: 784.39431 | F20: 100.6
A21: ="000 "&B21 -> 000 1 11 05075 05 0000 120 | B21: 1 11 05075 05 0000 120 | C21: Доходы от сдачи в аренду имущества, составляющего казну муниципальных районов (за исключением земельных участков) | D21: 797 | E21: 779.03173 | F21: 97.7
A22: ="000 "&B22 -> 000 1 11 09045 05 0000 120 | B22: 1 11 09045 05 0000 120 | C22: Прочие поступления от использования имущества, находящегося в собственности муниципальных районов | D22: 0 | E22: 67.4899
A23: ="000 "&B23 -> 000 1 12 00000 00 0000 000 | B23: 1 12 00000 00 0000 000 | C23: ПЛАТЕЖИ ПРИ ПОЛЬЗОВАНИИ ПРИРОДНЫМИ РЕСУРСАМИ | D23: 770 | E23: 777.01486 | F23: 100.9
A24: ="000 "&B24 -> 000 1 12 01000 01 0000 120 | B24: 1 12 01000 01 0000 120 | C24: Плата за негативное воздействие на окружающую среду | D24: 770 | E24: 777.01486 | F24: 100.9
A25: ="000 "&B25 -> 000 1 13 00000 00 0000 000 | B25: 1 13 00000 00 0000 000 | C25: ДОХОДЫ ОТ ОКАЗАНИЯ ПЛАТНЫХ УСЛУГ И КОМПЕНСАЦИИ ЗАТРАТ ГОСУДАРСТВА | D25: 13204 | E25: 14607.802 | F25: 110.6
A26: ="000 "&B26 -> 000 1 13 01995 05 0000 130 | B26: 1 13 01995 05 0000 130 | C26: Прочие доходы от оказания платных услуг (работ) получателями средств бюджетов муниципальных районов | D26: 12634 | E26: 13988.302 | F26: 110.7
C27: Управление образованием АКМР | D27: 12634 | E27: 13988.302 | F27: 110.7
A28: ="000 "&B28 -> 000 1 13 02065 05 0000 130 | B28: 1 13 02065 05 0000 130 | C28: Доходы, поступающие в порядке возмещения расходов, понесенных в связи с эксплуатацией имущества муниципального района | D28: 230 | E28: 274.02688 | F28: 119.1
A29: ="000 "&B29 -> 000 1 13 02995 05 0000 130 | B29: 1 13 02995 05 0000 130 | C29: Прочие доходы от компенсации затрат бюджетов муниципального района | D29: 340 | E29: 345.47326 | F29: 101.6
A30: ="000 "&B30 -> 000 1 14 00000 00 0000 000 | B30: 1 14 00000 00 0000 000 | C30: ДОХОДЫ ОТ ПРОДАЖИ МАТЕРИАЛЬНЫХ И НЕМАТЕРИАЛЬНЫХ АКТИВОВ | D30: 3010 | E30: 3093.6236 | F30: 102.8
A31: ="000 "&B31 -> 000 1 14 02053 05 0000 440 | B31: 1 14 02053 05 0000 440 | C31: Доходы от реализации иного имущества, находящегося в собственности муниципальных районов, в части реализации материальных запасов по указанному имуществу | D31: 330 | E31: 403.19475 | F31: 122.2
A32: ="000 "&B32 -> 000 1 14 06013 05 0000 430 | B32: 1 14 06013 05 0000 430 | C32: Доходы от продажи земельных участков, государственная собственность на которые не разграничена и которые расположены в границах сельских поселений | D32: 2680 | E32: 2685.1486 | F32: 100.2
A33: ="000 "&B33 -> 000 1 14 06013 13 0000 430 | B33: 1 14 06013 13 0000 430 | C33: Доходы от продажи земельных участков, государственная собственность на которые не разграничена и которые расположены в границах городских поселений | D33: 0 | E33: 5.28019
A34: ="000 "&B34 -> 000 1 16 00000 00 0000 000 | B34: 1 16 00000 00 0000 000 | C34: ШТРАФЫ, САНКЦИИ, ВОЗМЕЩЕНИЕ УЩЕРБА | D34: 2700 | E34: 2847.5714 | F34: 105.5
A35: ="000 "&B35 -> 000 1 17 00000 00 0000 000 | B35: 1 17 00000 00 0000 000 | C35: ПРОЧИЕ НЕНАЛОГОВЫЕ ДОХОДЫ | D35: 0 | E35: -0.22981
A36: ="000 "&B36 -> 000 2 00 00000 00 0000 000 | B36: 2 00 00000 00 0000 000 | C36: БЕЗВОЗМЕЗДНЫЕ ПОСТУПЛЕНИЯ | D36: 1212705.5 | E36: 1130657.1 | F36: 93.2
A37: ="000 "&B37 -> 000 2 02 00000 00 0000 000 | B37: 2 02 00000 00 0000 000 | C37: Безвозмездные поступления от других бюджетов бюджетной системы Российской Федерации | D37: 1210205.5 | E37: 1128176.4 | F37: 93.2
A38: ="000 "&B38 -> 000 2 02 10000 00 0000 150 | B38: 2 02 10000 00 0000 150 | C38: Дотации бюджетам бюджетной системы Российской Федерации | D38: 382462.89 | E38: 382462.89 | F38: 100
A39: ="000 "&B39 -> 000 2 02 15001 05 0000 150 | B39: 2 02 15001 05 0000 150 | C39: Дотации бюджетам муниципальных районов на выравнивание бюджетной обеспеченности из бюджета субъекта Российской Федерации | D39: 349034.13 | E39: 349034.13 | F39: 100
A40: ="000 "&B40 -> 000 2 02 15002 05 0000 150 | B40: 2 02 15002 05 0000 150 | C40: Дотации бюджетам муниципальных образований на поддержку мер по обеспечению сбалансированности местных бюджетов | D40: 23428.76 | E40: 23428.76 | F40: 100
A41: ="000 "&B41 -> 000 2 02 19999 05 0000 150 | B41: 2 02 19999 05 0000 150 | C41: Иные дотации в целях поощрения достижений наилучших показателей социально-экономического развития муниципальных образований Приморского края | D41: 10000 | E41: 10000 | F41: 100
A42: ="000 "&B42 -> 000 2 02 20000 00 0000 150 | B42: 2 02 20000 00 0000 150 | C42: Субсидии бюджетам бюджетной системы Российской Федерации (межбюджетные субсидии) | D42: 456677.29 | E42: 409089.52 | F42: 89.6
A43: ="000 "&B43 -> 000 2 02 25515 05 0000 150 | B43: 2 02 25515 05 0000 150 | C43: Субсидии на поддержку экономического и социального развития коренных малочисленных народов Севера, Сибири и Дальнего Востока | D43: 483.46591 | E43: 483.46591 | F43: 100
A44: ="000 "&B44 -> 000 2 02 29999 05 0000 150 | B44: 2 02 29999 05 0000 150 | C44: Субсидии бюджетам муниципальных образований на строительство, реконструкцию и приобретение зданий муниципальных общеобразовательных организаций | D44: 422281.06 | E44: 378218.37 | F44: 89.6
A45: ="000 "&B45 -> 000 | C45: Субсидии бюджетам муниципальных образований на капитальный ремонт зданий муниципальных общеобразовательных организаций | D45: 5199.9944 | E45: 5199.9944 | F45: 100
A46: ="000 "&B46 -> 000 | C46: Субсидии бюжетам муниципальных образований на капитальный ремонт зданий и благоустройство территорий муниципальных образовательных организаций, оказывающие услуги дошкольного образования | D46: 4690.1823 | E46: 4690.1823 | F46: 100
A47: ="000 "&B47 -> 000 | C47: Субсидии бюджетам муниципальных образований на комплектование книжных фондов и обеспечение информационно-техническим оборудованием библиотек | D47: 226.44289 | E47: 226.4427 | F47: 100
A48: ="000 "&B48 -> 000 | C48: Субсидии бюджетам муниципальных образований на обеспечение граждан твердым топливом | D48: 3445.1882 | E48: 2733.8848 | F48: 79.4
A49: ="000 "&B49 -> 000 | C49: Субсидии бюджетам муниципальных образований в целях софинансирования муниципальных программ (подпрограмм муниципальных программ) в области использования и охраны водных объектов | D49: 6638.5462 | E49: 6638.5462 | F49: 100
A50: ="000 "&B50 -> 000 | C50: Субсидии бюджетам муниципальных образований на капитальный ремонт и ремонт автомобильных дорог общего пользования населенных пунктов за счет дорожного фонда Приморского края | D50: 10000 | E50: 10000 | F50: 100
A51: ="000 "&B51 -> 000 | C51: Резервный фонд Правительства Приморского края по ликвидации чрезвычайных ситуаций природного и техногенного характера | D51: 3712.4124 | E51: 898.62895 | F51: 24.2
A52: ="000 "&B52 -> 000 2 02 30000 00 0000 150 | B52: 2 02 30000 00 0000 150 | C52: Субвенции бюджетам бюджетной системы Российской Федерации | D52: 347324.99 | E52: 317963.96 | F52: 91.5
A53: ="000 "&B53 -> 000 2 02 30024 05 0000 150 | B53: 2 02 30024 05 0000 150 | C53: Субвенции бюджетам муниципальных районов на выполнение передаваемых полномочий субъектов Российской Федерации | D53: 330600.1 | E53: 302897.79 | F53: 91.6
A54: ="000 "&B54 -> 000 | C54: Субвенции бюджетам муниципальных образований на реализацию полномочий Российской Федерации на государственную регистрацию актов гражданского сотояния за счет средств краевого бюджета | D54: 223.079 | E54: 223.079 | F54: 100
A55: ="000 "&B55 -> 000 | C55: Субвенции на обеспечение государственных гарантий реализации прав на получение общедоступного и бесплатного дошкольного, начального общего, основного общего, среднего общего, дополнительного образования в муниципальных общеобразовательных организациях | D55: 196451.98 | E55: 174290.06 | F55: 88.7
A56: ="000 "&B56 -> 000 | C56: Субвенции бюджетам муниципальных районов на обеспечение государственных гарантий реализации прав на получение общедоступного и бесплатного дошкольного образования в муниципальных общеобразовательных организациях | D56: 78997.906 | E56: 74399.894 | F56: 94.2
A57: ="000 "&B57 -> 000 | C57: Субвенции бюджетам муниципальных районов на осуществление выравнивания бюджетной обеспеченности поселений, входящих в состав муниципальных районов Приморского края | D57: 12558.365 | E57: 12558.365 | F57: 100
A58: ="000 "&B58 -> 000 | C58: Субвенции бюджетам муниципальных районов на организацию и обеспечение оздоровления и отдыха детей | D58: 784.85765 | E58: 737.2369 | F58: 93.9
A59: ="000 "&B59 -> 000 | C59: Субвенции бюджетам муниципальных районов на выполнение органами местного самоуправления отдельных государственных полномочий по государственному управлению охраной труда | D59: 801.977 | E59: 801.977 | F59: 100
A60: ="000 "&B60 -> 000 | C60: Субвенции бюджетам муниципальных районов на осуществление государственных полномочий по регистрации и учету граждан, имеющих право на получение жилищных субсидий в связи с переселением из районов Крайнего Севера и приравненных к ним местностей | D60: 541.628 | E60: 541.628 | F60: 100
A61: ="000 "&B61 -> 000 | C61: Субвенции бюджетам муниципальных районов на осуществление государственных полномочий по организации мероприятий при осуществлении деятельности по обращению с животными без владельца | D61: 236.80285 | E61: 0 | F61: 0
A62: ="000 "&B62 -> 000 | C62: Субвенция на обеспечение детей сирот, оставшихся без попечения родителей, жилыми помещениями за счет средств краевого бюджета | D62: 5843.9347 | E62: 5539.3229 | F62: 94.8
A63: ="000 "&B63 -> 000 | C63: Субвенция на реализацию государственных полномочий по социальной поддержке детей, оставшихся без попечения родителей и лиц, принявших на воспитание в семью детей, оставшимся без попечения родителей | D63: 24459.079 | E63: 24415.669 | F63: 99.8
A64: ="000 "&B64 -> 000 | C64: Субвенция на реализацию полномочий по назначению и предоставления выплаты единовременного пособия при передаче ребенка на воспитание в семью | D64: 394.14656 | E64: 270.07442 | F64: 68.5
A65: ="000 "&B65 -> 000 | C65: Субвенции на осуществление государственных полномочий по обеспечению мер социальной поддержки педагогическим работникам муниципальных образовательных учреждений | D65: 1915 | E65: 1888.7583 | F65: 98.6
... A68: ="000 "&B68 -> 000 | C68: Субвенции бюджетам муниципальных образований Приморского края на осуществление отдельных государственных полномочий по обеспечению бесплатным питанием детей, обучающихся в муниципальных образовательных организациях Приморског края | D68: 5505.45 | E68: 5505.45 | F68: 100
A69: ="000 "&B69 -> 000 2 02 30029 05 0000 150 | B69: 2 02 30029 05 0000 150 | C69: Субвенции бюджетам муниципальных районов на компенсацию части платы, взимаемой с родителей (законных представителей) за присмотр и уход за детьми, посещающими образовательные организации, реализующие образовательные программы дошкольного образования | D69: 3801.427 | E69: 3801.427 | F69: 100
A70: ="000 "&B70 -> 000 2 02 35120 05 0000 150 | B70: 2 02 35120 05 0000 150 | C70: Субвенции бюджетам муниципальных районов на осуществление полномочий по составлению (изменению) списков кандидатов в присяжные заседатели федеральных судов общей юрисдикции в Российской Федерации | D70: 23.29328 | E70: 23.29328 | F70: 100
A71: ="000 "&B71 -> 000 2 02 35304 05 0000 150 | B71: 2 02 35304 05 0000 150 | C71: Субвенции бюджетам муниципальных образований Приморского края на осуществление отдельных государственных полномочий по обеспечению горячим питанием детей, обучающихся, получающих начальноеобщее образовпние в муниципальных общеобразовательных организациях Приморского края, софинансируемые за счет средств федерального бюджета | D71: 9531.9 | E71: 7964.8345 | F71: 83.6
A72: ="000 "&B72 -> 000 2 02 35469 05 0000 150 | B72: 2 02 35469 05 0000 150 | C72: Субвенции на проведение Всероссийской переписи населения | D72: 255.96 | E72: 164.3022 | F72: 64.2
A73: ="000 "&B73 -> 000 2 02 35930 05 0000 150 | B73: 2 02 35930 05 0000 150 | C73: Субвенции бюджетам муниципальных районов на государственную регистрацию актов гражданского состояния | D73: 1143.283 | E73: 1143.283 | F73: 100
A74: ="000 "&B74 -> 000 2 02 36900 05 0000 150 | B74: 2 02 36900 05 0000 150 | C74: Единая субвенция местным бюджетам из краевого бюджета | D74: 1969.03 | E74: 1969.03 | F74: 100
A75: ="000 "&B75 -> 000 2 02 40014 05 0000 150 | B75: 2 02 40014 05 0000 150 | C75: Межбюджетные трансферты, передаваемые бюджетам муниципальных районов из бюджетов поселений на осуществление части полномочий по решению вопросов местного значения в соответствии с заключенными соглашениями | D75: 714.69229 | E75: 714.69229 | F75: 100
A76: ="000 "&B76 -> 000 2 02 45303 05 0000 150 | B76: 2 02 45303 05 0000 150 | C76: Ежемесячное денежное вознаграждение за классное руководство педагогическим работникам государственных и муниципальных общеобразовательных организаций | D76: 23025.6 | E76: 17945.366 | F76: 77.9
A77: ="000 "&B77 -> 000 2 18 60010 05 0000 150 | B77: 2 18 60010 05 0000 150 | C77: Доходы бюджетам муниципальных образований от возврата прочих остатков субсидий, субвенций и иных межбюджетных трансфертов, имеющих целевое назначение, прошлых лет из бюджетов поселений | D77: 2500 | E77: 2500 | F77: 100
A78: ="000 "&B78 -> 000 2 19 60010 05 0000 150 | B78: 2 19 60010 05 0000 150 | C78: Доходы бюджетам муниципальных образований от возврата прочих остатков субсидий, субвенций и иных межбюджетных трансфертов, имеющих целевое назначение, прошлых лет из бюджетов муниципальных районов | D78: 0 | E78: -19.29589 | F78: 0
A79: Всего доходов | C79: ВСЕГО ДОХОДОВ | D79: 1324082.5 | E79: 1248795.9 | F79: 94.3

Sheet Спасский
N1: 1000
A2: рублей
A3: Наименование показателя | B3: Код строки | C3: Код дохода по бюджетной классификации | K3: Утвержденные бюджетные назначения | L3: Исполнено | M3: % исполнения
A6: 1 | B6: 2 | C6: 3 | K6: 5 | L6: 7 | M6: 8
A7: Доходы бюджета - всего | B7: 010 | C7: х | K7: 1040424 | L7: 1057621 | M7: 101.65288
A8: в том числе: | K8: 0 | L8: 0
A9: НАЛОГОВЫЕ И НЕНАЛОГОВЫЕ ДОХОДЫ | B9: 010 | C9: 000 | D9: 1 | E9: 00 | F9: 00000 | G9: 00 | H9: 0000 | I9: 000 | J9: =C9&" "&D9&" "&E9&" "&F9&" "&G9&" "&H9&" "&I9 -> 000 1 00 00000 00 0000 000 | K9: 236198.05 | L9: 265569.62 | M9: 112.43514
A10: НАЛОГИ НА ПРИБЫЛЬ, ДОХОДЫ | B10: 010 | C10: 000 | D10: 1 | E10: 01 | F10: 00000 | G10: 00 | H10: 0000 | I10: 000 | J10: =C10&" "&D10&" "&E10&" "&F10&" "&G10&" "&H10&" "&I10 -> 000 1 01 00000 00 0000 000 | K10: 175960.31 | L10: 200499.97 | M10: 113.94614
A11: Налог на доходы физических лиц | B11: 010 | C11: 000 | D11: 1 | E11: 01 | F11: 02000 | G11: 01 | H11: 0000 | I11: 110 | J11: =C11&" "&D11&" "&E11&" "&F11&" "&G11&" "&H11&" "&I11 -> 000 1 01 02000 01 0000 110 | K11: 175960.31 | L11: 200499.97 | M11: 113.94614
A12: Налог на доходы физических лиц с доходов, источником которых является налоговый агент, за исключением доходов, в отношении которых исчисление и уплата налога осуществляются в соответствии со статьями 227, 227.1 и 228 Налогового кодекса Российской Федерации | B12: 010 | C12: 000 | D12: 1 | E12: 01 | F12: 02010 | G12: 01 | H12: 0000 | I12: 110 | J12: =C12&" "&D12&" "&E12&" "&F12&" "&G12&" "&H12&" "&I12 -> 000 1 01 02010 01 0000 110 | K12: 174950 | L12: 198339.84 | M12: 113.36944
A13: Налог на доходы физических лиц с доходов, полученных от осуществления деятельности физическими лицами, зарегистрированными в качестве индивидуальных предпринимателей, нотариусов, занимающихся частной практикой, адвокатов, учредивших адвокатские кабинеты, и других лиц, занимающихся частной практикой в соответствии со статьей 227 Налогового кодекса Российской Федерации | B13: 010 | C13: 000 | D13: 1 | E13: 01 | F13: 02020 | G13: 01 | H13: 0000 | I13: 110 | J13: =C13&" "&D13&" "&E13&" "&F13&" "&G13&" "&H13&" "&I13 -> 000 1 01 02020 01 0000 110 | K13: 330 | L13: 327.69909 | M13: 99.302755
A14: Налог на доходы физических лиц с доходов, полученных физическими лицами в соответствии со статьей 228 Налогового кодекса Российской Федерации | B14: 010 | C14: 000 | D14: 1 | E14: 01 | F14: 02030 | G14: 01 | H14: 0000 | I14: 110 | J14: =C14&" "&D14&" "&E14&" "&F14&" "&G14&" "&H14&" "&I14 -> 000 1 01 02030 01 0000 110 | K14: 680.309 | L14: 1422.1086 | M14: 209.03864
A15: Налог на доходы физических лиц в виде фиксированных авансовых платежей с доходов, полученных физическими лицами, являющимися иностранными гражданами, осуществляющими трудовую деятельность по найму на основании патента в соответствии со статьей 227.1 Налогового кодекса Российской Федерации | B15: 010 | C15: 000 | D15: 1 | E15: 01 | F15: 02040 | G15: 01 | H15: 0000 | I15: 110 | J15: =C15&" "&D15&" "&E15&" "&F15&" "&G15&" "&H15&" "&I15 -> 000 1 01 02040 01 0000 110 | K15: - | L15: 80.62184 | M15: -
A16: Налог на доходы физических лиц в части суммы налога, превышающей 650 000 рублей, относящейся к части налоговой базы, превышающей 5 000 000 рублей (за исключением налога на доходы физических лиц с сумм прибыли контролируемой иностранной компании, в том числе фиксированной прибыли контролируемой иностранной компании) | B16: 010 | C16: 000 | D16: 1 | E16: 01 | F16: 02080 | G16: 01 | H16: 0000 | I16: 110 | J16: =C16&" "&D16&" "&E16&" "&F16&" "&G16&" "&H16&" "&I16 -> 000 1 01 02080 01 0000 110 | K16: - | L16: 329.70009 | M16: -
A17: НАЛОГИ НА ТОВАРЫ (РАБОТЫ, УСЛУГИ), РЕАЛИЗУЕМЫЕ НА ТЕРРИТОРИИ РОССИЙСКОЙ ФЕДЕРАЦИИ | B17: 010 | C17: 000 | D17: 1 | E17: 03 | F17: 00000 | G17: 00 | H17: 0000 | I17: 000 | J17: =C17&" "&D17&" "&E17&" "&F17&" "&G17&" "&H17&" "&I17 -> 000 1 03 00000 00 0000 000 | K17: 22000 | L17: 24730.615 | M17: 112.41189
A18: Акцизы по подакцизным товарам (продукции), производимым на территории Российской Федерации | B18: 010 | C18: 000 | D18: 1 | E18: 03 | F18: 02000 | G18: 01 | H18: 0000 | I18: 110 | J18: =C18&" "&D18&" "&E18&" "&F18&" "&G18&" "&H18&" "&I18 -> 000 1 03 02000 01 0000 110 | K18: 22000 | L18: 24730.615 | M18: 112.41189
A19: Доходы от уплаты акцизов на дизельное топливо, подлежащие распределению между бюджетами субъектов Российской Федерации и местными бюджетами с учетом установленных дифференцированных нормативов отчислений в местные бюджеты | B19: 010 | C19: 000 | D19: 1 | E19: 03 | F19: 02230 | G19: 01 | H19: 0000 | I19: 110 | J19: =C19&" "&D19&" "&E19&" "&F19&" "&G19&" "&H19&" "&I19 -> 000 1 03 02230 01 0000 110 | K19: 10000 | L19: 11417.126 | M19: 114.17126
A20: Доходы от уплаты акцизов на дизельное топливо, подлежащие распределению между бюджетами субъектов Российской Федерации и местными бюджетами с учетом установленных дифференцированных нормативов отчислений в местные бюджеты (по нормативам, установленным федеральным законом о федеральном бюджете в целях формирования дорожных фондов субъектов Российской Федерации) | B20: 010 | C20: 000 | D20: 1 | E20: 03 | F20: 02231 | G20: 01 | H20: 0000 | I20: 110 | J20: =C20&" "&D20&" "&E20&" "&F20&" "&G20&" "&H20&" "&I20 -> 000 1 03 02231 01 0000 110 | K20: 10000 | L20: 11417.126 | M20: 114.17126
A21: Доходы от уплаты акцизов на моторные масла для дизельных и (или) карбюраторных (инжекторных) двигателей, подлежащие распределению между бюджетами субъектов Российской Федерации и местными бюджетами с учетом установленных дифференцированных нормативов отчислений в местные бюджеты | B21: 010 | C21: 000 | D21: 1 | E21: 03 | F21: 02240 | G21: 01 | H21: 0000 | I21: 110 | J21: =C21&" "&D21&" "&E21&" "&F21&" "&G21&" "&H21&" "&I21 -> 000 1 03 02240 01 0000 110 | K21: 50 | L21: 80.29358 | M21: 160.58716
A22: Доходы от уплаты акцизов на моторные масла для дизельных и (или) карбюраторных (инжекторных) двигателей, подлежащие распределению между бюджетами субъектов Российской Федерации и местными бюджетами с учетом установленных дифференцированных нормативов отчислений в местные бюджеты (по нормативам, установленным федеральным законом о федеральном бюджете в целях формирования дорожных фондов субъектов Российской Федерации) | B22: 010 | C22: 000 | D22: 1 | E22: 03 | F22: 02241 | G22: 01 | H22: 0000 | I22: 110 | J22: =C22&" "&D22&" "&E22&" "&F22&" "&G22&" "&H22&" "&I22 -> 000 1 03 02241 01 0000 110 | K22: 50 | L22: 80.29358 | M22: 160.58716
A23: Доходы от уплаты акцизов на автомобильный бензин, подлежащие распределению между бюджетами субъектов Российской Федерации и местными бюджетами с учетом установленных дифференцированных нормативов отчислений в местные бюджеты | B23: 010 | C23: 000 | D23: 1 | E23: 03 | F23: 02250 | G23: 01 | H23: 0000 | I23: 110 | J23: =C23&" "&D23&" "&E23&" "&F23&" "&G23&" "&H23&" "&I23 -> 000 1 03 02250 01 0000 110 | K23: 11950 | L23: 15180.109 | M23: 127.0302
A24: Доходы от уплаты акцизов на автомобильный бензин, подлежащие распределению между бюджетами субъектов Российской Федерации и местными бюджетами с учетом установленных дифференцированных нормативов отчислений в местные бюджеты (по нормативам, установленным федеральным законом о федеральном бюджете в целях формирования дорожных фондов субъектов Российской Федерации) | B24: 010 | C24: 000 | D24: 1 | E24: 03 | F24: 02251 | G24: 01 | H24: 0000 | I24: 110 | J24: =C24&" "&D24&" "&E24&" "&F24&" "&G24&" "&H24&" "&I24 -> 000 1 03 02251 01 0000 110 | K24: 11950 | L24: 15180.109 | M24: 127.0302
A25: Доходы от уплаты акцизов на прямогонный бензин, подлежащие распределению между бюджетами субъектов Российской Федерации и местными бюджетами с учетом установленных дифференцированных нормативов отчислений в местные бюджеты | B25: 010 | C25: 000 | D25: 1 | E25: 03 | F25: 02260 | G25: 01 | H25: 0000 | I25: 110 | J25: =C25&" "&D25&" "&E25&" "&F25&" "&G25&" "&H25&" "&I25 -> 000 1 03 02260 01 0000 110 | K25: - | L25: -1946.913 | M25: -
A26: Доходы от уплаты акцизов на прямогонный бензин, подлежащие распределению между бюджетами субъектов Российской Федерации и местными бюджетами с учетом установленных дифференцированных нормативов отчислений в местные бюджеты (по нормативам, установленным федеральным законом о федеральном бюджете в целях формирования дорожных фондов субъектов Российской Федерации) | B26: 010 | C26: 000 | D26: 1 | E26: 03 | F26: 02261 | G26: 01 | H26: 0000 | I26: 110 | J26: =C26&" "&D26&" "&E26&" "&F26&" "&G26&" "&H26&" "&I26 -> 000 1 03 02261 01 0000 110 | K26: - | L26: -1946.913 | M26: -
A27: НАЛОГИ НА СОВОКУПНЫЙ ДОХОД | B27: 010 | C27: 000 | D27: 1 | E27: 05 | F27: 00000 | G27: 00 | H27: 0000 | I27: 000 | J27: =C27&" "&D27&" "&E27&" "&F27&" "&G27&" "&H27&" "&I27 -> 000 1 05 00000 00 0000 000 | K27: 7550 | L27: 8330.3695 | M27: 110.33602
A28: Налог, взимаемый в связи с применением упрощенной системы налогообложения | B28: 010 | C28: 000 | D28: 1 | E28: 05 | F28: 01000 | G28: 00 | H28: 0000 | I28: 110 | J28: =C28&" "&D28&" "&E28&" "&F28&" "&G28&" "&H28&" "&I28 -> 000 1 05 01000 00 0000 110 | K28: 450 | L28: 462.09669 | M28: 102.68815
A29: Налог, взимаемый с налогоплательщиков, выбравших в качестве объекта налогообложения доходы | B29: 010 | C29: 000 | D29: 1 | E29: 05 | F29: 01010 | G29: 01 | H29: 0000 | I29: 110 | J29: =C29&" "&D29&" "&E29&" "&F29&" "&G29&" "&H29&" "&I29 -> 000 1 05 01010 01 0000 110 | K29: 360 | L29: 365.19374 | M29: 101.44271
A30: Налог, взимаемый с налогоплательщиков, выбравших в качестве объекта налогообложения доходы | B30: 010 | C30: 000 | D30: 1 | E30: 05 | F30: 01011 | G30: 01 | H30: 0000 | I30: 110 | J30: =C30&" "&D30&" "&E30&" "&F30&" "&G30&" "&H30&" "&I30 -> 000 1 05 01011 01 0000 110 | K30: 360 | L30: 365.19374 | M30: 101.44271
A31: Налог, взимаемый с налогоплательщиков, выбравших в качестве объекта налогообложения доходы, уменьшенные на величину расходов | B31: 010 | C31: 000 | D31: 1 | E31: 05 | F31: 01020 | G31: 01 | H31: 0000 | I31: 110 | J31: =C31&" "&D31&" "&E31&" "&F31&" "&G31&" "&H31&" "&I31 -> 000 1 05 01020 01 0000 110 | K31: 90 | L31: 96.90295 | M31: 107.66994
A32: Налог, взимаемый с налогоплательщиков, выбравших в качестве объекта налогообложения доходы, уменьшенные на величину расходов (в том числе минимальный налог, зачисляемый в бюджеты субъектов Российской Федерации) | B32: 010 | C32: 000 | D32: 1 | E32: 05 | F32: 01021 | G32: 01 | H32: 0000 | I32: 110 | J32: =C32&" "&D32&" "&E32&" "&F32&" "&G32&" "&H32&" "&I32 -> 000 1 05 01021 01 0000 110 | K32: 90 | L32: 96.90295 | M32: 107.66994
A33: Единый налог на вмененный доход для отдельных видов деятельности | B33: 010 | C33: 000 | D33: 1 | E33: 05 | F33: 02000 | G33: 02 | H33: 0000 | I33: 110 | J33: =C33&" "&D33&" "&E33&" "&F33&" "&G33&" "&H33&" "&I33 -> 000 1 05 02000 02 0000 110 | K33: 1350 | L33: 1337.0671 | M33: 99.042009
A34: Единый налог на вмененный доход для отдельных видов деятельности | B34: 010 | C34: 000 | D34: 1 | E34: 05 | F34: 02010 | G34: 02 | H34: 0000 | I34: 110 | J34: =C34&" "&D34&" "&E34&" "&F34&" "&G34&" "&H34&" "&I34 -> 000 1 05 02010 02 0000 110 | K34: 1350 | L34: 1341.5182 | M34: 99.371718
A35: Единый налог на вмененный доход для отдельных видов деятельности (за налоговые периоды, истекшие до 1 января 2011 года) | B35: 010 | C35: 000 | D35: 1 | E35: 05 | F35: 02020 | G35: 02 | H35: 0000 | I35: 110 | J35: =C35&" "&D35&" "&E35&" "&F35&" "&G35&" "&H35&" "&I35 -> 000 1 05 02020 02 0000 110 | K35: - | L35: -4.45107 | M35: -
A36: Единый сельскохозяйственный налог | B36: 010 | C36: 000 | D36: 1 | E36: 05 | F36: 03000 | G36: 01 | H36: 0000 | I36: 110 | J36: =C36&" "&D36&" "&E36&" "&F36&" "&G36&" "&H36&" "&I36 -> 000 1 05 03000 01 0000 110 | K36: 1150 | L36: 1167.8358 | M36: 101.55094
A37: Единый сельскохозяйственный налог | B37: 010 | C37: 000 | D37: 1 | E37: 05 | F37: 03010 | G37: 01 | H37: 0000 | I37: 110 | J37: =C37&" "&D37&" "&E37&" "&F37&" "&G37&" "&H37&" "&I37 -> 000 1 05 03010 01 0000 110 | K37: 1150 | L37: 1167.8358 | M37: 101.55094
A38: Налог, взимаемый в связи с применением патентной системы налогообложения | B38: 010 | C38: 000 | D38: 1 | E38: 05 | F38: 04000 | G38: 02 | H38: 0000 | I38: 110 | J38: =C38&" "&D38&" "&E38&" "&F38&" "&G38&" "&H38&" "&I38 -> 000 1 05 04000 02 0000 110 | K38: 4600 | L38: 5363.3698 | M38: 116.595
A39: Налог, взимаемый в связи с применением патентной системы налогообложения, зачисляемый в бюджеты муниципальных районов5 | B39: 010 | C39: 000 | D39: 1 | E39: 05 | F39: 04020 | G39: 02 | H39: 0000 | I39: 110 | J39: =C39&" "&D39&" "&E39&" "&F39&" "&G39&" "&H39&" "&I39 -> 000 1 05 04020 02 0000 110 | K39: 4600 | L39: 5363.3698 | M39: 116.595
A40: ГОСУДАРСТВЕННАЯ ПОШЛИНА | B40: 010 | C40: 000 | D40: 1 | E40: 08 | F40: 00000 | G40: 00 | H40: 0000 | I40: 000 | J40: =C40&" "&D40&" "&E40&" "&F40&" "&G40&" "&H40&" "&I40 -> 000 1 08 00000 00 0000 000 | K40: 4500 | L40: 4386.6345 | M40: 97.480766
A41: Государственная пошлина по делам, рассматриваемым в судах общей юрисдикции, мировыми судьями | B41: 010 | C41: 000 | D41: 1 | E41: 08 | F41: 03000 | G41: 01 | H41: 0000 | I41: 110 | J41: =C41&" "&D41&" "&E41&" "&F41&" "&G41&" "&H41&" "&I41 -> 000 1 08 03000 01 0000 110 | K41: 4500 | L41: 4386.6345 | M41: 97.480766
A42: Государственная пошлина по делам, рассматриваемым в судах общей юрисдикции, мировыми судьями (за исключением Верховного Суда Российской Федерации) | B42: 010 | C42: 000 | D42: 1 | E42: 08 | F42: 03010 | G42: 01 | H42: 0000 | I42: 110 | J42: =C42&" "&D42&" "&E42&" "&F42&" "&G42&" "&H42&" "&I42 -> 000 1 08 03010 01 0000 110 | K42: 4500 | L42: 4386.6345 | M42: 97.480766
A43: ДОХОДЫ ОТ ИСПОЛЬЗОВАНИЯ ИМУЩЕСТВА, НАХОДЯЩЕГОСЯ В ГОСУДАРСТВЕННОЙ И МУНИЦИПАЛЬНОЙ СОБСТВЕННОСТИ | B43: 010 | C43: 000 | D43: 1 | E43: 11 | F43: 00000 | G43: 00 | H43: 0000 | I43: 000 | J43: =C43&" "&D43&" "&E43&" "&F43&" "&G43&" "&H43&" "&I43 -> 000 1 11 00000 00 0000 000 | K43: 16601.24 | L43: 14492.948 | M43: 87.300393
A44: Доходы, получаемые в виде арендной либо иной платы за передачу в возмездное пользование государственного и муниципального имущества (за исключением имущества бюджетных и автономных учреждений, а также имущества государственных и муниципальных унитарных предприятий, в том числе казенных) | B44: 010 | C44: 000 | D44: 1 | E44: 11 | F44: 05000 | G44: 00 | H44: 0000 | I44: 120 | J44: =C44&" "&D44&" "&E44&" "&F44&" "&G44&" "&H44&" "&I44 -> 000 1 11 05000 00 0000 120 | K44: 14601.24 | L44: 12907.433 | M44: 88.399565
A45: Доходы, получаемые в виде арендной платы за земельные участки, государственная собственность на которые не разграничена, а также средства от продажи права на заключение договоров аренды указанных земельных участков | B45: 010 | C45: 000 | D45: 1 | E45: 11 | F45: 05010 | G45: 00 | H45: 0000 | I45: 120 | J45: =C45&" "&D45&" "&E45&" "&F45&" "&G45&" "&H45&" "&I45 -> 000 1 11 05010 00 0000 120 | K45: 13379.16 | L45: 11841.211 | M45: 88.504894
A46: Доходы, получаемые в виде арендной платы за земельные участки, государственная собственность на которые не разграничена и которые расположены в границах сельских поселений и межселенных территорий муниципальных районов, а также средства от продажи права на заключение договоров аренды указанных земельных участков | B46: 010 | C46: 000 | D46: 1 | E46: 11 | F46: 05013 | G46: 05 | H46: 0000 | I46: 120 | J46: =C46&" "&D46&" "&E46&" "&F46&" "&G46&" "&H46&" "&I46 -> 000 1 11 05013 05 0000 120 | K46: 13379.16 | L46: 11841.211 | M46: 88.504894
A47: Доходы от сдачи в аренду имущества, находящегося в оперативном управлении органов государственной власти, органов местного самоуправления, органов управления государственными внебюджетными фондами и созданных ими учреждений (за исключением имущества бюджетных и автономных учреждений) | B47: 010 | C47: 000 | D47: 1 | E47: 11 | F47: 05030 | G47: 00 | H47: 0000 | I47: 120 | J47: =C47&" "&D47&" "&E47&" "&F47&" "&G47&" "&H47&" "&I47 -> 000 1 11 05030 00 0000 120 | K47: 657.93 | L47: 565.19235 | M47: 85.904633
... A50: Доходы от сдачи в аренду имущества, составляющего казну муниципальных районов (за исключением земельных участков) | B50: 010 | C50: 000 | D50: 1 | E50: 11 | F50: 05075 | G50: 05 | H50: 0000 | I50: 120 | J50: =C50&" "&D50&" "&E50&" "&F50&" "&G50&" "&H50&" "&I50 -> 000 1 11 05075 05 0000 120 | K50: 564.15 | L50: 501.0289 | M50: 88.811291
A51: Плата по соглашениям об установлении сервитута в отношении земельных участков, находящихся в государственной или муниципальной собственности | B51: 010 | C51: 000 | D51: 1 | E51: 11 | F51: 05300 | G51: 00 | H51: 0000 | I51: 120 | J51: =C51&" "&D51&" "&E51&" "&F51&" "&G51&" "&H51&" "&I51 -> 000 1 11 05300 00 0000 120 | K51: - | L51: 0.00612 | M51: -
A52: Плата по соглашениям об установлении сервитута в отношении земельных участков после разграничения государственной собственности на землю | B52: 010 | C52: 000 | D52: 1 | E52: 11 | F52: 05320 | G52: 00 | H52: 0000 | I52: 120 | J52: =C52&" "&D52&" "&E52&" "&F52&" "&G52&" "&H52&" "&I52 -> 000 1 11 05320 00 0000 120 | K52: - | L52: 0.00612 | M52: -
A53: Плата по соглашениям об установлении сервитута, заключенным органами местного самоуправления муниципальных районов, государственными или муниципальными предприятиями либо государственными или муниципальными учреждениями в отношении земельных участков, находящихся в собственности муниципальных районов | B53: 010 | C53: 000 | D53: 1 | E53: 11 | F53: 05325 | G53: 05 | H53: 0000 | I53: 120 | J53: =C53&" "&D53&" "&E53&" "&F53&" "&G53&" "&H53&" "&I53 -> 000 1 11 05325 05 0000 120 | K53: - | L53: 0.00612 | M53: -
A54: Прочие доходы от использования имущества и прав, находящихся в государственной и муниципальной собственности (за исключением имущества бюджетных и автономных учреждений, а также имущества государственных и муниципальных унитарных предприятий, в том числе казенных) | B54: 010 | C54: 000 | D54: 1 | E54: 11 | F54: 09000 | G54: 00 | H54: 0000 | I54: 120 | J54: =C54&" "&D54&" "&E54&" "&F54&" "&G54&" "&H54&" "&I54 -> 000 1 11 09000 00 0000 120 | K54: 2000 | L54: 1585.5091 | M54: 79.275454
A55: Прочие поступления от использования имущества, находящегося в государственной и муниципальной собственности (за исключением имущества бюджетных и автономных учреждений, а также имущества государственных и муниципальных унитарных предприятий, в том числе казенных) | B55: 010 | C55: 000 | D55: 1 | E55: 11 | F55: 09040 | G55: 00 | H55: 0000 | I55: 120 | J55: =C55&" "&D55&" "&E55&" "&F55&" "&G55&" "&H55&" "&I55 -> 000 1 11 09040 00 0000 120 | K55: 2000 | L55: 1585.5091 | M55: 79.275454
A56: Прочие поступления от использования имущества, находящегося в собственности муниципальных районов (за исключением имущества муниципальных бюджетных и автономных учреждений, а также имущества муниципальных унитарных предприятий, в том числе казенных) | B56: 010 | C56: 000 | D56: 1 | E56: 11 | F56: 09045 | G56: 05 | H56: 0000 | I56: 120 | J56: =C56&" "&D56&" "&E56&" "&F56&" "&G56&" "&H56&" "&I56 -> 000 1 11 09045 05 0000 120 | K56: 2000 | L56: 1585.5091 | M56: 79.275454
A57: ПЛАТЕЖИ ПРИ ПОЛЬЗОВАНИИ ПРИРОДНЫМИ РЕСУРСАМИ | B57: 010 | C57: 000 | D57: 1 | E57: 12 | F57: 00000 | G57: 00 | H57: 0000 | I57: 000 | J57: =C57&" "&D57&" "&E57&" "&F57&" "&G57&" "&H57&" "&I57 -> 000 1 12 00000 00 0000 000 | K57: 5400 | L57: 8257.3119 | M57: 152.91318
A58: Плата за негативное воздействие на окружающую среду | B58: 010 | C58: 000 | D58: 1 | E58: 12 | F58: 01000 | G58: 01 | H58: 0000 | I58: 120 | J58: =C58&" "&D58&" "&E58&" "&F58&" "&G58&" "&H58&" "&I58 -> 000 1 12 01000 01 0000 120 | K58: 5400 | L58: 8257.3119 | M58: 152.91318
A59: Плата за выбросы загрязняющих веществ в атмосферный воздух стационарными объектами7 | B59: 010 | C59: 000 | D59: 1 | E59: 12 | F59: 01010 | G59: 01 | H59: 0000 | I59: 120 | J59: =C59&" "&D59&" "&E59&" "&F59&" "&G59&" "&H59&" "&I59 -> 000 1 12 01010 01 0000 120 | K59: 90 | L59: 183.24075 | M59: 203.60083
A60: Плата за сбросы загрязняющих веществ в водные объекты | B60: 010 | C60: 000 | D60: 1 | E60: 12 | F60: 01030 | G60: 01 | H60: 0000 | I60: 120 | J60: =C60&" "&D60&" "&E60&" "&F60&" "&G60&" "&H60&" "&I60 -> 000 1 12 01030 01 0000 120 | K60: 3490 | L60: 5405.3313 | M60: 154.88055
A61: Плата за размещение отходов производства и потребления | B61: 010 | C61: 000 | D61: 1 | E61: 12 | F61: 01040 | G61: 01 | H61: 0000 | I61: 120 | J61: =C61&" "&D61&" "&E61&" "&F61&" "&G61&" "&H61&" "&I61 -> 000 1 12 01040 01 0000 120 | K61: 1820 | L61: 2668.7399 | M61: 146.63406
A62: Плата за размещение отходов производства | B62: 010 | C62: 000 | D62: 1 | E62: 12 | F62: 01041 | G62: 01 | H62: 0000 | I62: 120 | J62: =C62&" "&D62&" "&E62&" "&F62&" "&G62&" "&H62&" "&I62 -> 000 1 12 01041 01 0000 120 | K62: 1175 | L62: 2020.3134 | M62: 171.94157
A63: Плата за размещение твердых коммунальных отходов | B63: 010 | C63: 000 | D63: 1 | E63: 12 | F63: 01042 | G63: 01 | H63: 0000 | I63: 120 | J63: =C63&" "&D63&" "&E63&" "&F63&" "&G63&" "&H63&" "&I63 -> 000 1 12 01042 01 0000 120 | K63: 645 | L63: 648.42643 | M63: 100.53123
A64: ДОХОДЫ ОТ ОКАЗАНИЯ ПЛАТНЫХ УСЛУГ И КОМПЕНСАЦИИ ЗАТРАТ ГОСУДАРСТВА | B64: 010 | C64: 000 | D64: 1 | E64: 13 | F64: 00000 | G64: 00 | H64: 0000 | I64: 000 | J64: =C64&" "&D64&" "&E64&" "&F64&" "&G64&" "&H64&" "&I64 -> 000 1 13 00000 00 0000 000 | K64: 2320 | L64: 2032.423 | M64: 87.604438
A65: Доходы от компенсации затрат государства | B65: 010 | C65: 000 | D65: 1 | E65: 13 | F65: 02000 | G65: 00 | H65: 0000 | I65: 130 | J65: =C65&" "&D65&" "&E65&" "&F65&" "&G65&" "&H65&" "&I65 -> 000 1 13 02000 00 0000 130 | K65: 2320 | L65: 2032.423 | M65: 87.604438
... A83: Административные штрафы, установленные главой 6 Кодекса Российской Федерации об административных правонарушениях, за административные правонарушения, посягающие на здоровье, санитарно-эпидемиологическое благополучие населения и общественную нравственность, налагаемые мировыми судьями, комиссиями по делам несовершеннолетних и защите их прав | B83: 010 | C83: 000 | D83: 1 | E83: 16 | F83: 01063 | G83: 01 | H83: 0000 | I83: 140 | J83: =C83&" "&D83&" "&E83&" "&F83&" "&G83&" "&H83&" "&I83 -> 000 1 16 01063 01 0000 140 | K83: 10 | L83: 14.01504 | M83: 140.1504
A84: Административные штрафы, установленные главой 7 Кодекса Российской Федерации об административных правонарушениях, за административные правонарушения в области охраны собственности | B84: 010 | C84: 000 | D84: 1 | E84: 16 | F84: 01070 | G84: 01 | H84: 0000 | I84: 140 | J84: =C84&" "&D84&" "&E84&" "&F84&" "&G84&" "&H84&" "&I84 -> 000 1 16 01070 01 0000 140 | K84: - | L84: 0.5 | M84: -
A85: Административные штрафы, установленные главой 7 Кодекса Российской Федерации об административных правонарушениях, за административные правонарушения в области охраны собственности, налагаемые мировыми судьями, комиссиями по делам несовершеннолетних и защите их прав | B85: 010 | C85: 000 | D85: 1 | E85: 16 | F85: 01073 | G85: 01 | H85: 0000 | I85: 140 | J85: =C85&" "&D85&" "&E85&" "&F85&" "&G85&" "&H85&" "&I85 -> 000 1 16 01073 01 0000 140 | K85: - | L85: 0.5 | M85: -
A86: Административные штрафы, установленные главой 8 Кодекса Российской Федерации об административных правонарушениях, за административные правонарушения в области охраны окружающей среды и природопользования | B86: 010 | C86: 000 | D86: 1 | E86: 16 | F86: 01080 | G86: 01 | H86: 0000 | I86: 140 | J86: =C86&" "&D86&" "&E86&" "&F86&" "&G86&" "&H86&" "&I86 -> 000 1 16 01080 01 0000 140 | K86: 22 | L86: 22.61024 | M86: 102.77382
A87: Административные штрафы, установленные главой 8 Кодекса Российской Федерации об административных правонарушениях, за административные правонарушения в области охраны окружающей среды и природопользования, налагаемые мировыми судьями, комиссиями по делам несовершеннолетних и защите их прав | B87: 010 | C87: 000 | D87: 1 | E87: 16 | F87: 01083 | G87: 01 | H87: 0000 | I87: 140 | J87: =C87&" "&D87&" "&E87&" "&F87&" "&G87&" "&H87&" "&I87 -> 000 1 16 01083 01 0000 140 | K87: 2 | L87: 2.61024 | M87: 130.512
A88: Административные штрафы, установленные главой 8 Кодекса Российской Федерации об административных правонарушениях, за административные правонарушения в области охраны окружающей среды и природопользования, выявленные должностными лицами органов муниципального контроля | B88: 010 | C88: 000 | D88: 1 | E88: 16 | F88: 01084 | G88: 01 | H88: 0000 | I88: 140 | J88: =C88&" "&D88&" "&E88&" "&F88&" "&G88&" "&H88&" "&I88 -> 000 1 16 01084 01 0000 140 | K88: 20 | L88: 20 | M88: 100
A89: Административные штрафы, установленные главой 14 Кодекса Российской Федерации об административных правонарушениях, за административные правонарушения в области предпринимательской деятельности и деятельности саморегулируемых организаций | B89: 010 | C89: 000 | D89: 1 | E89: 16 | F89: 01140 | G89: 01 | H89: 0000 | I89: 140 | J89: =C89&" "&D89&" "&E89&" "&F89&" "&G89&" "&H89&" "&I89 -> 000 1 16 01140 01 0000 140 | K89: - | L89: 0.5 | M89: -
A90: Административные штрафы, установленные главой 14 Кодекса Российской Федерации об административных правонарушениях, за административные правонарушения в области предпринимательской деятельности и деятельности саморегулируемых организаций, налагаемые мировыми судьями, комиссиями по делам несовершеннолетних и защите их прав | B90: 010 | C90: 000 | D90: 1 | E90: 16 | F90: 01143 | G90: 01 | H90: 0000 | I90: 140 | J90: =C90&" "&D90&" "&E90&" "&F90&" "&G90&" "&H90&" "&I90 -> 000 1 16 01143 01 0000 140 | K90: - | L90: 0.5 | M90: -
A91: Административные штрафы, установленные главой 15 Кодекса Российской Федерации об административных правонарушениях, за административные правонарушения в области финансов, налогов и сборов, страхования, рынка ценных бумаг | B91: 010 | C91: 000 | D91: 1 | E91: 16 | F91: 01150 | G91: 01 | H91: 0000 | I91: 140 | J91: =C91&" "&D91&" "&E91&" "&F91&" "&G91&" "&H91&" "&I91 -> 000 1 16 01150 01 0000 140 | K91: 2 | L91: 2.38343 | M91: 119.1715
A92: Административные штрафы, установленные главой 15 Кодекса Российской Федерации об административных правонарушениях, за административные правонарушения в области финансов, налогов и сборов, страхования, рынка ценных бумаг (за исключением штрафов, указанных в пункте 6 статьи 46 Бюджетного кодекса Российской Федерации), налагаемые мировыми судьями, комиссиями по делам несовершеннолетних и защите их прав | B92: 010 | C92: 000 | D92: 1 | E92: 16 | F92: 01153 | G92: 01 | H92: 0000 | I92: 140 | J92: =C92&" "&D92&" "&E92&" "&F92&" "&G92&" "&H92&" "&I92 -> 000 1 16 01153 01 0000 140 | K92: 2 | L92: 2.38343 | M92: 119.1715
A93: Административные штрафы, установленные главой 17 Кодекса Российской Федерации об административных правонарушениях, за административные правонарушения, посягающие на институты государственной власти | B93: 010 | C93: 000 | D93: 1 | E93: 16 | F93: 01170 | G93: 01 | H93: 0000 | I93: 140 | J93: =C93&" "&D93&" "&E93&" "&F93&" "&G93&" "&H93&" "&I93 -> 000 1 16 01170 01 0000 140 | K93: 1 | L93: 0.5 | M93: 50
A94: Административные штрафы, установленные главой 17 Кодекса Российской Федерации об административных правонарушениях, за административные правонарушения, посягающие на институты государственной власти, налагаемые мировыми судьями, комиссиями по делам несовершеннолетних и защите их прав | B94: 010 | C94: 000 | D94: 1 | E94: 16 | F94: 01173 | G94: 01 | H94: 0000 | I94: 140 | J94: =C94&" "&D94&" "&E94&" "&F94&" "&G94&" "&H94&" "&I94 -> 000 1 16 01173 01 0000 140 | K94: 1 | L94: 0.5 | M94: 50
A95: Административные штрафы, установленные главой 19 Кодекса Российской Федерации об административных правонарушениях, за административные правонарушения против порядка управления | B95: 010 | C95: 000 | D95: 1 | E95: 16 | F95: 01190 | G95: 01 | H95: 0000 | I95: 140 | J95: =C95&" "&D95&" "&E95&" "&F95&" "&G95&" "&H95&" "&I95 -> 000 1 16 01190 01 0000 140 | K95: 50 | L95: 51.25535 | M95: 102.5107
A96: Административные штрафы, установленные главой 19 Кодекса Российской Федерации об административных правонарушениях, за административные правонарушения против порядка управления, налагаемые мировыми судьями, комиссиями по делам несовершеннолетних и защите их прав | B96: 010 | C96: 000 | D96: 1 | E96: 16 | F96: 01193 | G96: 01 | H96: 0000 | I96: 140 | J96: =C96&" "&D96&" "&E96&" "&F96&" "&G96&" "&H96&" "&I96 -> 000 1 16 01193 01 0000 140 | K96: 50 | L96: 51.25535 | M96: 102.5107
A97: Административные штрафы, установленные главой 20 Кодекса Российской Федерации об административных правонарушениях, за административные правонарушения, посягающие на общественный порядок и общественную безопасность | B97: 010 | C97: 000 | D97: 1 | E97: 16 | F97: 01200 | G97: 01 | H97: 0000 | I97: 140 | J97: =C97&" "&D97&" "&E97&" "&F97&" "&G97&" "&H97&" "&I97 -> 000 1 16 01200 01 0000 140 | K97: 24 | L97: 24.95408 | M97: 103.97533
A98: Административные штрафы, установленные главой 20 Кодекса Российской Федерации об административных правонарушениях, за административные правонарушения, посягающие на общественный порядок и общественную безопасность, налагаемые мировыми судьями, комиссиями по делам несовершеннолетних и защите их прав | B98: 010 | C98: 000 | D98: 1 | E98: 16 | F98: 01203 | G98: 01 | H98: 0000 | I98: 140 | J98: =C98&" "&D98&" "&E98&" "&F98&" "&G98&" "&H98&" "&I98 -> 000 1 16 01203 01 0000 140 | K98: 24 | L98: 24.95408 | M98: 103.97533
A99: Административные штрафы, установленные законами субъектов Российской Федерации об административных правонарушениях | B99: 010 | C99: 000 | D99: 1 | E99: 16 | F99: 02000 | G99: 02 | H99: 0000 | I99: 140 | J99: =C99&" "&D99&" "&E99&" "&F99&" "&G99&" "&H99&" "&I99 -> 000 1 16 02000 02 0000 140 | K99: - | L99: -1.72373 | M99: -
A100: Административные штрафы, установленные законами субъектов Российской Федерации об административных правонарушениях, за нарушение муниципальных правовых актов | B100: 010 | C100: 000 | D100: 1 | E100: 16 | F100: 02020 | G100: 02 | H100: 0000 | I100: 140 | J100: =C100&" "&D100&" "&E100&" "&F100&" "&G100&" "&H100&" "&I100 -> 000 1 16 02020 02 0000 140 | K100: - | L100: -1.72373 | M100: -
A101: Штрафы, неустойки, пени, уплаченные в соответствии с законом или договором в случае неисполнения или ненадлежащего исполнения обязательств перед государственным (муниципальным) органом, органом управления государственным внебюджетным фондом, казенным учреждением, Центральным банком Российской Федерации, иной организацией, действующей от имени Российской Федерации | B101: 010 | C101: 000 | D101: 1 | E101: 16 | F101: 07000 | G101: 00 | H101: 0000 | I101: 140 | J101: =C101&" "&D101&" "&E101&" "&F101&" "&G101&" "&H101&" "&I101 -> 000 1 16 07000 00 0000 140 | K101: 34 | L101: 38.11781 | M101: 112.11121
A102: Штрафы, неустойки, пени, уплаченные в случае просрочки исполнения поставщиком (подрядчиком, исполнителем) обязательств, предусмотренных государственным (муниципальным) контрактом | B102: 010 | C102: 000 | D102: 1 | E102: 16 | F102: 07010 | G102: 00 | H102: 0000 | I102: 140 | J102: =C102&" "&D102&" "&E102&" "&F102&" "&G102&" "&H102&" "&I102 -> 000 1 16 07010 00 0000 140 | K102: 15 | L102: 17.66514 | M102: 117.7676
A103: Штрафы, неустойки, пени, уплаченные в случае просрочки исполнения поставщиком (подрядчиком, исполнителем) обязательств, предусмотренных муниципальным контрактом, заключенным муниципальным органом, казенным учреждением муниципального района | B103: 010 | C103: 000 | D103: 1 | E103: 16 | F103: 07010 | G103: 05 | H103: 0000 | I103: 140 | J103: =C103&" "&D103&" "&E103&" "&F103&" "&G103&" "&H103&" "&I103 -> 000 1 16 07010 05 0000 140 | K103: 15 | L103: 17.66514 | M103: 117.7676
A104: Иные штрафы, неустойки, пени, уплаченные в соответствии с законом или договором в случае неисполнения или ненадлежащего исполнения обязательств перед государственным (муниципальным) органом, казенным учреждением, Центральным банком Российской Федерации, государственной корпорацией | B104: 010 | C104: 000 | D104: 1 | E104: 16 | F104: 07090 | G104: 00 | H104: 0000 | I104: 140 | J104: =C104&" "&D104&" "&E104&" "&F104&" "&G104&" "&H104&" "&I104 -> 000 1 16 07090 00 0000 140 | K104: 19 | L104: 20.45267 | M104: 107.64563
A105: Иные штрафы, неустойки, пени, уплаченные в соответствии с законом или договором в случае неисполнения или ненадлежащего исполнения обязательств перед муниципальным органом, (муниципальным казенным учреждением) муниципального района | B105: 010 | C105: 000 | D105: 1 | E105: 16 | F105: 07090 | G105: 05 | H105: 0000 | I105: 140 | J105: =C105&" "&D105&" "&E105&" "&F105&" "&G105&" "&H105&" "&I105 -> 000 1 16 07090 05 0000 140 | K105: 19 | L105: 20.45267 | M105: 107.64563
A106: Платежи в целях возмещения причиненного ущерба (убытков) | B106: 010 | C106: 000 | D106: 1 | E106: 16 | F106: 10000 | G106: 00 | H106: 0000 | I106: 140 | J106: =C106&" "&D106&" "&E106&" "&F106&" "&G106&" "&H106&" "&I106 -> 000 1 16 10000 00 0000 140 | K106: 132.5 | L106: 138.3734 | M106: 104.43275
A107: Платежи по искам о возмещении ущерба, а также платежи, уплачиваемые при добровольном возмещении ущерба, причиненного муниципальному имуществу муниципального района (за исключением имущества, закрепленного за муниципальными бюджетными (автономными) учреждениями, унитарными предприятиями) | B107: 010 | C107: 000 | D107: 1 | E107: 16 | F107: 10030 | G107: 05 | H107: 0000 | I107: 140 | J107: =C107&" "&D107&" "&E107&" "&F107&" "&G107&" "&H107&" "&I107 -> 000 1 16 10030 05 0000 140 | K107: 6 | L107: 6.10261 | M107: 101.71017
A108: Прочее возмещение ущерба, причиненного муниципальному имуществу муниципального района (за исключением имущества, закрепленного за муниципальными бюджетными (автономными) учреждениями, унитарными предприятиями) | B108: 010 | C108: 000 | D108: 1 | E108: 16 | F108: 10032 | G108: 05 | H108: 0000 | I108: 140 | J108: =C108&" "&D108&" "&E108&" "&F108&" "&G108&" "&H108&" "&I108 -> 000 1 16 10032 05 0000 140 | K108: 6 | L108: 6.10261 | M108: 101.71017
A109: Доходы от денежных взысканий (штрафов), поступающие в счет погашения задолженности, образовавшейся до 1 января 2020 года, подлежащие зачислению в бюджеты бюджетной системы Российской Федерации по нормативам, действовавшим в 2019 году | B109: 010 | C109: 000 | D109: 1 | E109: 16 | F109: 10120 | G109: 00 | H109: 0000 | I109: 140 | J109: =C109&" "&D109&" "&E109&" "&F109&" "&G109&" "&H109&" "&I109 -> 000 1 16 10120 00 0000 140 | K109: 126.5 | L109: 132.27079 | M109: 104.56189
A110: Доходы от денежных взысканий (штрафов), поступающие в счет погашения задолженности, образовавшейся до 1 января 2020 года, подлежащие зачислению в бюджет муниципального образования по нормативам, действовавшим в 2019 году | B110: 010 | C110: 000 | D110: 1 | E110: 16 | F110: 10123 | G110: 01 | H110: 0000 | I110: 140 | J110: =C110&" "&D110&" "&E110&" "&F110&" "&G110&" "&H110&" "&I110 -> 000 1 16 10123 01 0000 140 | K110: 70.5 | L110: 70.86361 | M110: 100.51576
A111: Доходы от денежных взысканий (штрафов), поступающие в счет погашения задолженности, образовавшейся до 1 января 2020 года, подлежащие зачислению в федеральный бюджет и бюджет муниципального образования по нормативам, действовавшим в 2019 году | B111: 010 | C111: 000 | D111: 1 | E111: 16 | F111: 10129 | G111: 01 | H111: 0000 | I111: 140 | J111: =C111&" "&D111&" "&E111&" "&F111&" "&G111&" "&H111&" "&I111 -> 000 1 16 10129 01 0000 140 | K111: 56 | L111: 61.40718 | M111: 109.65568
A112: Платежи, уплачиваемые в целях возмещения вреда | B112: 010 | C112: 000 | D112: 1 | E112: 16 | F112: 11000 | G112: 01 | H112: 0000 | I112: 140 | J112: =C112&" "&D112&" "&E112&" "&F112&" "&G112&" "&H112&" "&I112 -> 000 1 16 11000 01 0000 140 | K112: 36 | L112: 39.6113 | M112: 110.03139
A113: Платежи по искам о возмещении вреда, причиненного окружающей среде, а также платежи, уплачиваемые при добровольном возмещении вреда, причиненного окружающей среде (за исключением вреда, причиненного окружающей среде на особо охраняемых природных территориях, а также вреда, причиненного водным объектам), подлежащие зачислению в бюджет муниципального образования | B113: 010 | C113: 000 | D113: 1 | E113: 16 | F113: 11050 | G113: 01 | H113: 0000 | I113: 140 | J113: =C113&" "&D113&" "&E113&" "&F113&" "&G113&" "&H113&" "&I113 -> 000 1 16 11050 01 0000 140 | K113: 36 | L113: 39.6113 | M113: 110.03139
A114: ПРОЧИЕ НЕНАЛОГОВЫЕ ДОХОДЫ | B114: 010 | C114: 000 | D114: 1 | E114: 17 | F114: 00000 | G114: 00 | H114: 0000 | I114: 000 | J114: =C114&" "&D114&" "&E114&" "&F114&" "&G114&" "&H114&" "&I114 -> 000 1 17 00000 00 0000 000 | K114: - | L114: 17.71384 | M114: -
A115: Невыясненные поступления | B115: 010 | C115: 000 | D115: 1 | E115: 17 | F115: 01000 | G115: 00 | H115: 0000 | I115: 180 | J115: =C115&" "&D115&" "&E115&" "&F115&" "&G115&" "&H115&" "&I115 -> 000 1 17 01000 00 0000 180 | K115: - | L115: 15.91084 | M115: -
A116: Невыясненные поступления, зачисляемые в бюджеты муниципальных районов | B116: 010 | C116: 000 | D116: 1 | E116: 17 | F116: 01050 | G116: 05 | H116: 0000 | I116: 180 | J116: =C116&" "&D116&" "&E116&" "&F116&" "&G116&" "&H116&" "&I116 -> 000 1 17 01050 05 0000 180 | K116: - | L116: 15.91084 | M116: -
A117: Невыясненные поступления, зачисляемые в бюджеты сельских поселений | B117: 010 | C117: 000 | D117: 1 | E117: 17 | F117: 01050 | G117: 10 | H117: 0000 | I117: 180 | J117: =C117&" "&D117&" "&E117&" "&F117&" "&G117&" "&H117&" "&I117 -> 000 1 17 01050 10 0000 180 | K117: - | L117: - | M117: -
A118: Прочие неналоговые доходы | B118: 010 | C118: 000 | D118: 1 | E118: 17 | F118: 05000 | G118: 00 | H118: 0000 | I118: 180 | J118: =C118&" "&D118&" "&E118&" "&F118&" "&G118&" "&H118&" "&I118 -> 000 1 17 05000 00 0000 180 | K118: - | L118: 1.803 | M118: -
A119: Прочие неналоговые доходы бюджетов муниципальных районов | B119: 010 | C119: 000 | D119: 1 | E119: 17 | F119: 05050 | G119: 05 | H119: 0000 | I119: 180 | J119: =C119&" "&D119&" "&E119&" "&F119&" "&G119&" "&H119&" "&I119 -> 000 1 17 05050 05 0000 180 | K119: - | L119: 1.803 | M119: -
A120: БЕЗВОЗМЕЗДНЫЕ ПОСТУПЛЕНИЯ | B120: 010 | C120: 000 | D120: 2 | E120: 00 | F120: 00000 | G120: 00 | H120: 0000 | I120: 000 | J120: =C120&" "&D120&" "&E120&" "&F120&" "&G120&" "&H120&" "&I120 -> 000 2 00 00000 00 0000 000 | K120: 804225.99 | L120: 792051.43 | M120: 98.486177
A121: БЕЗВОЗМЕЗДНЫЕ ПОСТУПЛЕНИЯ ОТ ДРУГИХ БЮДЖЕТОВ БЮДЖЕТНОЙ СИСТЕМЫ РОССИЙСКОЙ ФЕДЕРАЦИИ | B121: 010 | C121: 000 | D121: 2 | E121: 02 | F121: 00000 | G121: 00 | H121: 0000 | I121: 000 | J121: =C121&" "&D121&" "&E121&" "&F121&" "&G121&" "&H121&" "&I121 -> 000 2 02 00000 00 0000 000 | K121: 804225.99 | L121: 791866.51 | M121: 98.463183
...

Sheet Черниговский
A2: тыс. рублей
A3: Наименование | C3: Код дохода по бюджетной классификации | D3: Утвержденные бюджетные назначения | E3: Исполнено | F3: Процент исполнения
A4: 1 | C4: 2 | D4: 3 | E4: 4 | F4: 5
A5: Доходы бюджета - всего | C5: x | D5: 1131000.6 | E5: 1110493.2 | F5: 98.19
A6: в том числе:
A7: НАЛОГОВЫЕ И НЕНАЛОГОВЫЕ ДОХОДЫ | B7: =LEFT(C7,3) -> 000 | C7: 000 1 00 00000 00 0000 000 | D7: 402812.56 | E7: 405399.13 | F7: 100.64
A8: НАЛОГИ НА ПРИБЫЛЬ, ДОХОДЫ | B8: =LEFT(C8,3) -> 000 | C8: 000 1 01 00000 00 0000 000 | D8: 355686 | E8: 354250.45 | F8: 99.6
A9: Налог на доходы физических лиц | B9: =LEFT(C9,3) -> 000 | C9: 000 1 01 02000 01 0000 110 | D9: 355686 | E9: 354250.45 | F9: 99.6
A10: НАЛОГИ НА ТОВАРЫ (РАБОТЫ, УСЛУГИ), РЕАЛИЗУЕМЫЕ НА ТЕРРИТОРИИ РОССИЙСКОЙ ФЕДЕРАЦИИ | B10: =LEFT(C10,3) -> 000 | C10: 000 1 03 00000 00 0000 000 | D10: 13122 | E10: 14446.08 | F10: 110.09
A11: Акцизы по подакцизным товарам (продукции), производимым на территории Российской Федерации | B11: =LEFT(C11,3) -> 000 | C11: 000 1 03 02000 01 0000 110 | D11: 13122 | E11: 14446.08 | F11: 110.09
A12: Доходы от уплаты акцизов на дизельное топливо, подлежащие распределению между бюджетами субъектов Российской Федерации и местными бюджетами с учетом установленных дифференцированных нормативов отчислений в местные бюджеты | B12: =LEFT(C12,3) -> 000 | C12: 000 1 03 02230 01 0000 110 | D12: 6049 | E12: 6669.17 | F12: 110.25
A13: Доходы от уплаты акцизов на моторные масла для дизельных и (или) карбюраторных (инжекторных) двигателей, подлежащие распределению между бюджетами субъектов Российской Федерации и местными бюджетами с учетом установленных дифференцированных нормативов отчислений в местные бюджеты | B13: =LEFT(C13,3) -> 000 | C13: 000 1 03 02240 01 0000 110 | D13: 30 | E13: 46.9 | F13: 156.34
A14: Доходы от уплаты акцизов на автомобильный бензин, подлежащие распределению между бюджетами субъектов Российской Федерации и местными бюджетами с учетом установленных дифференцированных нормативов отчислений в местные бюджеты | B14: =LEFT(C14,3) -> 000 | C14: 000 1 03 02250 01 0000 110 | D14: 7879 | E14: 8867.27 | F14: 112.54
A15: Доходы от уплаты акцизов на прямогонный бензин, подлежащие распределению между бюджетами субъектов Российской Федерации и местными бюджетами с учетом установленных дифференцированных нормативов отчислений в местные бюджеты | B15: =LEFT(C15,3) -> 000 | C15: 000 1 03 02260 01 0000 110 | D15: -836 | E15: -1137.26 | F15: 136.04
A16: НАЛОГИ НА СОВОКУПНЫЙ ДОХОД | B16: =LEFT(C16,3) -> 000 | C16: 000 1 05 00000 00 0000 000 | D16: 14626.7 | E16: 15905.48 | F16: 108.74
A17: Налог, взимаемый в связи с применением упрощенной системы налогообложения | B17: =LEFT(C17,3) -> 000 | C17: 000 1 05 01000 00 0000 110 | D17: 870 | E17: 910.58 | F17: 104.66
A18: Налог, взимаемый с налогоплательщиков, выбравших в качестве объекта налогообложения доходы | B18: =LEFT(C18,3) -> 000 | C18: 000 1 05 01010 01 0000 110 | D18: 505 | E18: 552.73 | F18: 109.45
... A22: Налог, взимаемый в связи с применением патентной системы налогообложения | B22: =LEFT(C22,3) -> 000 | C22: 000 1 05 04000 02 0000 110 | D22: 8456.7 | E22: 9708.07 | F22: 114.8
A23: НАЛОГИ НА ИМУЩЕСТВО | B23: =LEFT(C23,3) -> 000 | C23: 000 1 06 00000 00 0000 000 | D23: - | E23: -3.9 | F23: -
A24: Налог на имущество физических лиц | B24: =LEFT(C24,3) -> 000 | C24: 000 1 06 01000 00 0000 110 | D24: - | E24: -0.33 | F24: -
A25: Земельный налог | B25: =LEFT(C25,3) -> 000 | C25: 000 1 06 06000 00 0000 110 | D25: - | E25: -3.57 | F25: -
A26: Земельный налог с организаций | B26: =LEFT(C26,3) -> 000 | C26: 000 1 06 06030 00 0000 110 | D26: - | E26: -3.98 | F26: -
A27: Земельный налог с физических лиц | B27: =LEFT(C27,3) -> 000 | C27: 000 1 06 06040 00 0000 110 | D27: - | E27: 0.41 | F27: -
A28: ГОСУДАРСТВЕННАЯ ПОШЛИНА | B28: =LEFT(C28,3) -> 000 | C28: 000 1 08 00000 00 0000 000 | D28: 3970 | E28: 3956.87 | F28: 99.67
A29: Государственная пошлина по делам, рассматриваемым в судах общей юрисдикции, мировыми судьями | B29: =LEFT(C29,3) -> 000 | C29: 000 1 08 03000 01 0000 110 | D29: 3955 | E29: 3941.87 | F29: 99.67
A30: Государственная пошлина за государственную регистрацию, а также за совершение прочих юридически значимых действий | B30: =LEFT(C30,3) -> 000 | C30: 000 1 08 07000 01 0000 110 | D30: 15 | E30: 15 | F30: 100
A31: ДОХОДЫ ОТ ИСПОЛЬЗОВАНИЯ ИМУЩЕСТВА, НАХОДЯЩЕГОСЯ В ГОСУДАРСТВЕННОЙ И МУНИЦИПАЛЬНОЙ СОБСТВЕННОСТИ | B31: =LEFT(C31,3) -> 000 | C31: 000 1 11 00000 00 0000 000 | D31: 9915 | E31: 11141.48 | F31: 112.37
A32: Доходы, получаемые в виде арендной либо иной платы за передачу в возмездное пользование государственного и муниципального имущества (за исключением имущества бюджетных и автономных учреждений, а также имущества государственных и муниципальных унитарных предприятий, в том числе казенных) | B32: =LEFT(C32,3) -> 000 | C32: 000 1 11 05000 00 0000 120 | D32: 8814.72 | E32: 9999.1 | F32: 113.44
A33: Доходы, получаемые в виде арендной платы за земельные участки, государственная собственность на которые не разграничена, а также средства от продажи права на заключение договоров аренды указанных земельных участков | B33: =LEFT(C33,3) -> 000 | C33: 000 1 11 05010 00 0000 120 | D33: 6199.72 | E33: 6906.33 | F33: 111.4
A34: Доходы от сдачи в аренду имущества, составляющего государственную (муниципальную) казну (за исключением земельных участков) | B34: =LEFT(C34,3) -> 000 | C34: 000 1 11 05070 00 0000 120 | D34: 2615 | E34: 3092.77 | F34: 118.27
A35: Плата по соглашениям об установлении сервитута в отношении земельных участков, находящихся в государственной или муниципальной собственности | B35: =LEFT(C35,3) -> 000 | C35: 000 1 11 05300 00 0000 120 | D35: 0.28 | E35: 0.28 | F35: 99.02
A36: Плата по соглашениям об установлении сервитута в отношении земельных участков, государственная собственность на которые не разграничена | B36: =LEFT(C36,3) -> 000 | C36: 000 1 11 05310 00 0000 120 | D36: 0.28 | E36: 0.28 | F36: 99.02
A37: Прочие доходы от использования имущества и прав, находящихся в государственной и муниципальной собственности (за исключением имущества бюджетных и автономных учреждений, а также имущества государственных и муниципальных унитарных предприятий, в том числе казенных) | B37: =LEFT(C37,3) -> 000 | C37: 000 1 11 09000 00 0000 120 | D37: 1100 | E37: 1142.1 | F37: 103.83
A38: Прочие поступления от использования имущества, находящегося в государственной и муниципальной собственности (за исключением имущества бюджетных и автономных учреждений, а также имущества государственных и муниципальных унитарных предприятий, в том числе казенных) | B38: =LEFT(C38,3) -> 000 | C38: 000 1 11 09040 00 0000 120 | D38: 1100 | E38: 1142.1 | F38: 103.83
A39: ПЛАТЕЖИ ПРИ ПОЛЬЗОВАНИИ ПРИРОДНЫМИ РЕСУРСАМИ | B39: =LEFT(C39,3) -> 000 | C39: 000 1 12 00000 00 0000 000 | D39: 1098.36 | E39: 1110.74 | F39: 101.13
... A73: Платежи, уплачиваемые в целях возмещения вреда | B73: =LEFT(C73,3) -> 000 | C73: 000 1 16 11000 01 0000 140 | D73: 88 | E73: 86.79 | F73: 98.62
A74: ПРОЧИЕ НЕНАЛОГОВЫЕ ДОХОДЫ | B74: =LEFT(C74,3) -> 000 | C74: 000 1 17 00000 00 0000 000 | D74: - | E74: -0.99 | F74: -
A75: Невыясненные поступления | B75: =LEFT(C75,3) -> 000 | C75: 000 1 17 01000 00 0000 180 | D75: - | E75: -0.99 | F75: -
A76: БЕЗВОЗМЕЗДНЫЕ ПОСТУПЛЕНИЯ | B76: =LEFT(C76,3) -> 000 | C76: 000 2 00 00000 00 0000 000 | D76: 728188.06 | E76: 705094.07 | F76: 96.83
A77: БЕЗВОЗМЕЗДНЫЕ ПОСТУПЛЕНИЯ ОТ ДРУГИХ БЮДЖЕТОВ БЮДЖЕТНОЙ СИСТЕМЫ РОССИЙСКОЙ ФЕДЕРАЦИИ | B77: =LEFT(C77,3) -> 000 | C77: 000 2 02 00000 00 0000 000 | D77: 728188.06 | E77: 705094.07 | F77: 96.83
A78: Дотации бюджетам бюджетной системы Российской Федерации | B78: =LEFT(C78,3) -> 000 | C78: 000 2 02 10000 00 0000 150 | D78: 40941.47 | E78: 40941.47 | F78: 100
A79: Дотации бюджетам на поддержку мер по обеспечению сбалансированности бюджетов | B79: =LEFT(C79,3) -> 000 | C79: 000 2 02 15002 00 0000 150 | D79: 40941.47 | E79: 40941.47 | F79: 100
A80: Субсидии бюджетам бюджетной системы Российской Федерации (межбюджетные субсидии) | B80: =LEFT(C80,3) -> 000 | C80: 000 2 02 20000 00 0000 150 | D80: 77423.68 | E80: 77285.08 | F80: 99.82
A81: Субсидии бюджетам на создание в общеобразовательных организациях, расположенных в сельской местности и малых городах, условий для занятий физической культурой и спортом | B81: =LEFT(C81,3) -> 000 | C81: 000 2 02 25097 00 0000 150 | D81: 1215.79 | E81: 1215.79 | F81: 100
A82: Субсидии бюджетам на реализацию мероприятий по обеспечению жильем молодых семей | B82: =LEFT(C82,3) -> 000 | C82: 000 2 02 25497 00 0000 150 | D82: 812.75 | E82: 812.75 | F82: 100
A83: Субсидии бюджетам на поддержку отрасли культуры | B83: =LEFT(C83,3) -> 000 | C83: 000 2 02 25519 00 0000 150 | D83: 33436.76 | E83: 33436.76 | F83: 100
A84: Прочие субсидии | B84: =LEFT(C84,3) -> 000 | C84: 000 2 02 29999 00 0000 150 | D84: 41958.38 | E84: 41819.78 | F84: 99.67
A85: Субвенции бюджетам бюджетной системы Российской Федерации | B85: =LEFT(C85,3) -> 000 | C85: 000 2 02 30000 00 0000 150 | D85: 581274.91 | E85: 561877.08 | F85: 96.66
A86: Субвенции местным бюджетам на выполнение передаваемых полномочий субъектов Российской Федерации | B86: =LEFT(C86,3) -> 000 | C86: 000 2 02 30024 00 0000 150 | D86: 536942.4 | E86: 520811.21 | F86: 97
A87: Субвенции бюджетам на компенсацию части платы, взимаемой с родителей (законных представителей) за присмотр и уход за детьми, посещающими образовательные организации, реализующие образовательные программы дошкольного образования | B87: =LEFT(C87,3) -> 000 | C87: 000 2 02 30029 00 0000 150 | D87: 7061.74 | E87: 6818.04 | F87: 96.55
A88: Субвенции бюджетам муниципальных образований на предоставление жилых помещений детям-сиротам и детям, оставшимся без попечения родителей, лицам из их числа по договорам найма специализированных жилых помещений | B88: =LEFT(C88,3) -> 000 | C88: 000 2 02 35082 00 0000 150 | D88: 12720.14 | E88: 11001.88 | F88: 86.49
A89: Субвенции бюджетам на осуществление полномочий по составлению (изменению) списков кандидатов в присяжные заседатели федеральных судов общей юрисдикции в Российской Федерации | B89: =LEFT(C89,3) -> 000 | C89: 000 2 02 35120 00 0000 150 | D89: 49.31 | E89: - | F89: -
A90: Субвенции бюджетам на выплату единовременного пособия при всех формах устройства детей, лишенных родительского попечения, в семью | B90: =LEFT(C90,3) -> 000 | C90: 000 2 02 35260 00 0000 150 | D90: 637.39 | E90: 543.93 | F90: 85.34
A91: Субвенции бюджетам муниципальных образований на организацию бесплатного горячего питания обучающихся, получающих начальное общее образование в государственных и муниципальных образовательных организациях | B91: =LEFT(C91,3) -> 000 | C91: 000 2 02 35304 00 0000 150 | D91: 18885.3 | E91: 17951.42 | F91: 95.06
A92: Субвенции бюджетам на проведение Всероссийской переписи населения 2020 года | B92: =LEFT(C92,3) -> 000 | C92: 000 2 02 35469 00 0000 150 | D92: 460.73 | E92: 232.69 | F92: 50.5
A93: Субвенции бюджетам на государственную регистрацию актов гражданского состояния | B93: =LEFT(C93,3) -> 000 | C93: 000 2 02 35930 00 0000 150 | D93: 2092.79 | E93: 2092.79 | F93: 100
A94: Единая субвенция местным бюджетам из бюджета субъекта Российской Федерации | B94: =LEFT(C94,3) -> 000 | C94: 000 2 02 36900 00 0000 150 | D94: 2016.76 | E94: 2016.76 | F94: 100
A95: Прочие субвенции | B95: =LEFT(C95,3) -> 000 | C95: 000 2 02 39999 00 0000 150 | D95: 408.35 | E95: 408.35 | F95: 100
A96: Иные межбюджетные трансферты | B96: =LEFT(C96,3) -> 000 | C96: 000 2 02 40000 00 0000 150 | D96: 28548 | E96: 24990.44 | F96: 87.54
A97: Межбюджетные трансферты, передаваемые бюджетам на ежемесячное денежное вознаграждение за классное руководство педагогическим работникам государственных и муниципальных общеобразовательных организаций | B97: =LEFT(C97,3) -> 000 | C97: 000 2 02 45303 00 0000 150 | D97: 28548 | E97: 24990.44 | F97: 87.54
